Workbook
Name Employee_Class_List: 'Named Ranges'!$D$2:$G$11
Name EmployeeClass: 'Named Ranges'!$D$3:$G$11
Name GE_FeesInsTuition: 'R&R Generic Detailed Budget'!$T$5:$AA$13
Name OPE_Rates: 'Eclass OPE Rates'!$A$24:$F$33
Name Personnel_Data: 'Personnel Data'!$A$1:$AR$43
Name SALARIES_WAGES: 'R&R Generic Detailed Budget'!$B$11:$Q$90

Sheet R&R Generic Detailed Budget
A1: 5 | B1: YEAR R&R DETAILED BUDGET (Always change cell A1 to equal the number of project years for this budget)
C3: EPCS# | R3: Template revised
L5: YEAR 1 | M5: YEAR 2 | N5: YEAR 3 | O5: YEAR 4 | P5: YEAR 5 | Q5: TOTAL | R5: 46279 | V5: ="AY "&IF(MONTH(L6)>3, MOD(YEAR(L6),100), MOD(YEAR(L6)-1,100))&"-"&IF(MONTH(L6)>3, MOD(YEAR(L6)+1,100), MOD(YEAR(L6),100)) -> AY 26-27 | W5: ="AY "&IF(MONTH(L6)>3, MOD(YEAR(L6)+1,100), MOD(YEAR(L6),100))&"-"&IF(MONTH(L6)>3, MOD(YEAR(L6)+2,100), MOD(YEAR(L6)+1,100)) -> AY 27-28 | X5: ="AY "&IF(MONTH(L6)>3, MOD(YEAR(L6)+2,100), MOD(YEAR(L6)+1,100))&"-"&IF(MONTH(L6)>3, MOD(YEAR(L6)+3,100), MOD(YEAR(L6)+2,100)) -> AY 28-29 | Y5: ="AY "&IF(MONTH(L6)>3, MOD(YEAR(L6)+3,100), MOD(YEAR(L6)+2,100))&"-"&IF(MONTH(L6)>3, MOD(YEAR(L6)+4,100), MOD(YEAR(L6)+3,100)) -> AY 29-30 | Z5: ="AY "&IF(MONTH(L6)>3, MOD(YEAR(L6)+4,100), MOD(YEAR(L6)+3,100))&"-"&IF(MONTH(L6)>3, MOD(YEAR(L6)+5,100), MOD(YEAR(L6)+4,100)) -> AY 30-31 | AA5: ="AY "&IF(MONTH(M6)>3, MOD(YEAR(M6)+4,100), MOD(YEAR(M6)+3,100))&"-"&IF(MONTH(M6)>3, MOD(YEAR(M6)+5,100), MOD(YEAR(M6)+4,100)) -> AY 31-32 | AD5: QRC | AE5: Reference Year | AG5: Increase/Yr
K6: Start | L6: 46204 | M6: =L7+1 -> 46569 | N6: =M7+1 -> 46935 | O6: =N7+1 -> 47300 | P6: =O7+1 -> 47665 | R6: Include COLAs | AE6: AY | AF6: 26-27 | AG6: Increase/Yr | AH6: Select Project Type | AI6: 0 | AK6: Select Employee Class
B7: PI Name: | K7: End | L7: 46568 | M7: =DATE(YEAR(L7)+1,MONTH(L7),DAY(L7)) -> 46934 | N7: =DATE(YEAR(M7)+1,MONTH(M7),DAY(M7)) -> 47299 | O7: =DATE(YEAR(N7)+1,MONTH(N7),DAY(N7)) -> 47664 | P7: =DATE(YEAR(O7)+1,MONTH(O7),DAY(O7)) -> 48029 | R7: in this budget? | T7: AY/term | U7: GE Fees | V7: =ROUND(AF7*POWER(AG7,RIGHT($V$5,2)-RIGHT($AF$6,2)),0) -> 945 | W7: =IF($R$8="N",V7,ROUND(V7*AG7,0)) -> 973 | X7: =IF($R$8="N",W7,ROUND(W7*AG7,0)) -> 1002 | Y7: =IF($R$8="N",X7,ROUND(X7*AG7,0)) -> 1031 | Z7: =IF($R$8="N",Y7,ROUND(Y7*AG7,0)) -> 1061 | AA7: =IF($R$8="N",Z7,ROUND(Z7*AG7,0)) -> 1092 | AE7: AY Fees | AF7: 945 | AG7: 1.0294 | AH7: Research: on campus | AI7: 3 | AK7: 12 Month Faculty, w/ appt. .5+ FTE & Hrly | AL7: Faculty/Staff A
B8: PI DEPT: | R8: Enter Y or N | T8: SU/Term | U8: GE Fees | V8: =ROUND(AF8*POWER(AG8,RIGHT($V$5,2)-RIGHT($AF$6,2)),0) -> 799 | W8: =IF($R$8="N",V8,ROUND(V8*AG8,0)) -> 823 | X8: =IF($R$8="N",W8,ROUND(W8*AG8,0)) -> 848 | Y8: =IF($R$8="N",X8,ROUND(X8*AG8,0)) -> 873 | Z8: =IF($R$8="N",Y8,ROUND(Y8*AG8,0)) -> 899 | AA8: =IF($R$8="N",Z8,ROUND(Z8*AG8,0)) -> 926 | AE8: SU Fees | AF8: 799.38 | AG8: 1.0298 | AH8: Research: off campus | AI8: 4 | AK8: 9 Month Faculty (AY) .5+ FTE, Postdocs, Executives | AL8: Faculty/Staff B
B9: University of Oregon | R9: Payroll COLA | S9: Y | T9: AY/term | U9: GE Ins | V9: =ROUND(AF9*POWER(AG9,RIGHT($V$5,2)-RIGHT($AF$6,2)),0) -> 2775 | W9: =IF($R$8="N",V9,ROUND(V9*AG9,0)) -> 2919 | X9: =IF($R$8="N",W9,ROUND(W9*AG9,0)) -> 3071 | Y9: =IF($R$8="N",X9,ROUND(X9*AG9,0)) -> 3231 | Z9: =IF($R$8="N",Y9,ROUND(Y9*AG9,0)) -> 3399 | AA9: =IF($R$8="N",Z9,ROUND(Z9*AG9,0)) -> 3576 | AE9: AY Ins | AF9: 2775 | AG9: 1.052 | AH9: Instruction: on campus | AI9: 5 | AK9: 9 or 12 Month Faculty, w/ appt. <.5 FTE | AL9: Faculty/Staff C
B10: UO PERSONNEL | R10: Non-Payroll COLA | S10: Y | T10: SU/term | U10: GE Ins | V10: =ROUND(AF10*POWER(AG10,RIGHT($V$5,2)-RIGHT($AF$6,2)),0) -> 2355 | W10: =IF($R$8="N",V10,ROUND(V10*AG10,0)) -> 2532 | X10: =IF($R$8="N",W10,ROUND(W10*AG10,0)) -> 2722 | Y10: =IF($R$8="N",X10,ROUND(X10*AG10,0)) -> 2926 | Z10: =IF($R$8="N",Y10,ROUND(Y10*AG10,0)) -> 3145 | AA10: =IF($R$8="N",Z10,ROUND(Z10*AG10,0)) -> 3381 | AE10: SU Ins | AF10: 2355 | AG10: 1.075 | AH10: Instruction: off campus | AI10: 6 | AK10: Classified - Service | AL10: Classified Service
B11: SALARIES/WAGES | E11: SALARY | F11: Yr 1 | G11: Yr 2 | H11: Yr 3 | I11: Yr 4 | J11: Yr 5 | T11: In-state | U11: Tuition | V11: =ROUND(AF11*POWER(AG11,RIGHT($V$5,2)-RIGHT($AF$6,2)),0) -> 5841 | W11: =IF($R$8="N",V11,ROUND(V11*AG11,0)) -> 5999 | X11: =IF($R$8="N",W11,ROUND(W11*AG11,0)) -> 6161 | Y11: =IF($R$8="N",X11,ROUND(X11*AG11,0)) -> 6327 | Z11: =IF($R$8="N",Y11,ROUND(Y11*AG11,0)) -> 6498 | AA11: =IF($R$8="N",Z11,ROUND(Z11*AG11,0)) -> 6673 | AE11: In-state Tuition | AF11: 5841 | AG11: 1.027 | AH11: Other Sponsored Activity: on campus | AI11: 7 | AK11: Classified - Clerical/Skilled | AL11: Classified Skilled/Clerical | AN11: Select Personnel Type
B12: for AY 9-mo. and 12-mo. appts. | C12: Personnel Type | D12: Eclass | E12: BASE | F12: % FTE | G12: % FTE | H12: % FTE | I12: % FTE | J12: % FTE | T12: Out-of-state | U12: Tuition | V12: =ROUND(AF12*POWER(AG12,RIGHT($V$5,2)-RIGHT($AF$6,2)),0) -> 10863 | W12: =IF($R$8="N",V12,ROUND(V12*AG12,0)) -> 11156 | X12: =IF($R$8="N",W12,ROUND(W12*AG12,0)) -> 11457 | Y12: =IF($R$8="N",X12,ROUND(X12*AG12,0)) -> 11766 | Z12: =IF($R$8="N",Y12,ROUND(Y12*AG12,0)) -> 12084 | AA12: =IF($R$8="N",Z12,ROUND(Z12*AG12,0)) -> 12410 | AE12: Out-of-state Tuition | AF12: 10863 | AG12: 1.027 | AH12: Other Sponsored Activity: off campus | AI12: 8 | AK12: Classified - Technical | AL12: Classified Technical | AN12: Senior/Key Personnel
C13: Select Personnel Type | D13: 12 Month Faculty, w/ appt. .5+ FTE & Hrly | L13: =ROUND(E13*F13,0) -> 0 | M13: =IF($A$1>1,ROUND(E13*G13*$V$15,0),0) -> 0 | N13: =IF($A$1>2,ROUND(E13*H13*$V$15^2,0),0) -> 0 | O13: =IF($A$1>3,ROUND(E13*I13*$V$15^3,0),0) -> 0 | P13: =IF($A$1>4,ROUND(E13*J13*$V$15^4,0),0) -> 0 | Q13: =SUM(L13:P13) -> 0 | T13: Other UO | U13: Tuition | V13: 0 | W13: =ROUND(V13*AG13,0) -> 0 | X13: =ROUND(W13*AG13,0) -> 0 | Y13: =ROUND(X13*AG13,0) -> 0 | Z13: =ROUND(Y13*AG13,0) -> 0 | AA13: =ROUND(Z13*AG13,0) -> 0 | AE13: Tuition | AF13: 0 | AG13: 1.027 | AH13: Training Grant 8% | AI13: 9 | AK13: Temps | AL13: Temps | AN13: Other Personnel
D14: Select Employee Class | L14: =ROUND(E14*F14,0) -> 0 | M14: =IF($A$1>1,ROUND(E14*G14*$V$15,0),0) -> 0 | N14: =IF($A$1>2,ROUND(E14*H14*$V$15^2,0),0) -> 0 | O14: =IF($A$1>3,ROUND(E14*I14*$V$15^3,0),0) -> 0 | P14: =IF($A$1>4,ROUND(E14*J14*$V$15^4,0),0) -> 0 | Q14: =SUM(L14:P14) -> 0 | T14: GE COLA | V14: =IF($S$9="Y",1.04,1) -> 1.04 | AK14: Students | AL14: Students
D15: Select Employee Class | L15: =ROUND(E15*F15,0) -> 0 | M15: =IF($A$1>1,ROUND(E15*G15*$V$15,0),0) -> 0 | N15: =IF($A$1>2,ROUND(E15*H15*$V$15^2,0),0) -> 0 | O15: =IF($A$1>3,ROUND(E15*I15*$V$15^3,0),0) -> 0 | P15: =IF($A$1>4,ROUND(E15*J15*$V$15^4,0),0) -> 0 | Q15: =SUM(L15:P15) -> 0 | T15: Personnel COLA | V15: =IF($S$9="Y",1.03,1) -> 1.03 | AK15: 9 Month Faculty/Staff (SU) | AL15: Faculty/Staff C
D16: Select Employee Class | L16: =ROUND(E16*F16,0) -> 0 | M16: =IF($A$1>1,ROUND(E16*G16*$V$15,0),0) -> 0 | N16: =IF($A$1>2,ROUND(E16*H16*$V$15^2,0),0) -> 0 | O16: =IF($A$1>3,ROUND(E16*I16*$V$15^3,0),0) -> 0 | P16: =IF($A$1>4,ROUND(E16*J16*$V$15^4,0),0) -> 0 | Q16: =SUM(L16:P16) -> 0 | T16: Non-Personnel COLA | V16: =IF($S$10="Y",1.037,1) -> 1.037
D17: Select Employee Class | L17: =ROUND(E17*F17,0) -> 0 | M17: =IF($A$1>1,ROUND(E17*G17*$V$15,0),0) -> 0 | N17: =IF($A$1>2,ROUND(E17*H17*$V$15^2,0),0) -> 0 | O17: =IF($A$1>3,ROUND(E17*I17*$V$15^3,0),0) -> 0 | P17: =IF($A$1>4,ROUND(E17*J17*$V$15^4,0),0) -> 0 | Q17: =SUM(L17:P17) -> 0
D18: Select Employee Class | L18: =ROUND(E18*F18,0) -> 0 | M18: =IF($A$1>1,ROUND(E18*G18*$V$15,0),0) -> 0 | N18: =IF($A$1>2,ROUND(E18*H18*$V$15^2,0),0) -> 0 | O18: =IF($A$1>3,ROUND(E18*I18*$V$15^3,0),0) -> 0 | P18: =IF($A$1>4,ROUND(E18*J18*$V$15^4,0),0) -> 0 | Q18: =SUM(L18:P18) -> 0 | U18: Maximum Award:
D19: Select Employee Class | L19: =ROUND(E19*F19,0) -> 0 | M19: =IF($A$1>1,ROUND(E19*G19*$V$15,0),0) -> 0 | N19: =IF($A$1>2,ROUND(E19*H19*$V$15^2,0),0) -> 0 | O19: =IF($A$1>3,ROUND(E19*I19*$V$15^3,0),0) -> 0 | P19: =IF($A$1>4,ROUND(E19*J19*$V$15^4,0),0) -> 0 | Q19: =SUM(L19:P19) -> 0 | U19: Proposed Total: | V19: =Q194 -> 0
D20: Select Employee Class | L20: =ROUND(E20*F20,0) -> 0 | M20: =IF($A$1>1,ROUND(E20*G20*$V$15,0),0) -> 0 | N20: =IF($A$1>2,ROUND(E20*H20*$V$15^2,0),0) -> 0 | O20: =IF($A$1>3,ROUND(E20*I20*$V$15^3,0),0) -> 0 | P20: =IF($A$1>4,ROUND(E20*J20*$V$15^4,0),0) -> 0 | Q20: =SUM(L20:P20) -> 0 | U20: Difference: | V20: =V18-Q194 -> 0
D21: Select Employee Class | L21: =ROUND(E21*F21,0) -> 0 | M21: =IF($A$1>1,ROUND(E21*G21*$V$15,0),0) -> 0 | N21: =IF($A$1>2,ROUND(E21*H21*$V$15^2,0),0) -> 0 | O21: =IF($A$1>3,ROUND(E21*I21*$V$15^3,0),0) -> 0 | P21: =IF($A$1>4,ROUND(E21*J21*$V$15^4,0),0) -> 0 | Q21: =SUM(L21:P21) -> 0
D22: Select Employee Class | L22: =ROUND(E22*F22,0) -> 0 | M22: =IF($A$1>1,ROUND(E22*G22*$V$15,0),0) -> 0 | N22: =IF($A$1>2,ROUND(E22*H22*$V$15^2,0),0) -> 0 | O22: =IF($A$1>3,ROUND(E22*I22*$V$15^3,0),0) -> 0 | P22: =IF($A$1>4,ROUND(E22*J22*$V$15^4,0),0) -> 0 | Q22: =SUM(L22:P22) -> 0
D23: Select Employee Class | L23: =ROUND(E23*F23,0) -> 0 | M23: =IF($A$1>1,ROUND(E23*G23*$V$15,0),0) -> 0 | N23: =IF($A$1>2,ROUND(E23*H23*$V$15^2,0),0) -> 0 | O23: =IF($A$1>3,ROUND(E23*I23*$V$15^3,0),0) -> 0 | P23: =IF($A$1>4,ROUND(E23*J23*$V$15^4,0),0) -> 0 | Q23: =SUM(L23:P23) -> 0
D24: Select Employee Class | L24: =ROUND(E24*F24,0) -> 0 | M24: =IF($A$1>1,ROUND(E24*G24*$V$15,0),0) -> 0 | N24: =IF($A$1>2,ROUND(E24*H24*$V$15^2,0),0) -> 0 | O24: =IF($A$1>3,ROUND(E24*I24*$V$15^3,0),0) -> 0 | P24: =IF($A$1>4,ROUND(E24*J24*$V$15^4,0),0) -> 0 | Q24: =SUM(L24:P24) -> 0
D25: Select Employee Class | L25: =ROUND(E25*F25,0) -> 0 | M25: =IF($A$1>1,ROUND(E25*G25*$V$15,0),0) -> 0 | N25: =IF($A$1>2,ROUND(E25*H25*$V$15^2,0),0) -> 0 | O25: =IF($A$1>3,ROUND(E25*I25*$V$15^3,0),0) -> 0 | P25: =IF($A$1>4,ROUND(E25*J25*$V$15^4,0),0) -> 0 | Q25: =SUM(L25:P25) -> 0
D26: Select Employee Class | L26: =ROUND(E26*F26,0) -> 0 | M26: =IF($A$1>1,ROUND(E26*G26*$V$15,0),0) -> 0 | N26: =IF($A$1>2,ROUND(E26*H26*$V$15^2,0),0) -> 0 | O26: =IF($A$1>3,ROUND(E26*I26*$V$15^3,0),0) -> 0 | P26: =IF($A$1>4,ROUND(E26*J26*$V$15^4,0),0) -> 0 | Q26: =SUM(L26:P26) -> 0
D27: Select Employee Class | L27: =ROUND(E27*F27,0) -> 0 | M27: =IF($A$1>1,ROUND(E27*G27*$V$15,0),0) -> 0 | N27: =IF($A$1>2,ROUND(E27*H27*$V$15^2,0),0) -> 0 | O27: =IF($A$1>3,ROUND(E27*I27*$V$15^3,0),0) -> 0 | P27: =IF($A$1>4,ROUND(E27*J27*$V$15^4,0),0) -> 0 | Q27: =SUM(L27:P27) -> 0
B28: UO PERSONNEL | E28: SALARY | F28: Yr 1 | G28: Yr 2 | H28: Yr 3 | I28: Yr 4 | J28: Yr 5
B29: Summer salaries for 9-mo. appts. | C29: Personnel Type | D29: Eclass | E29: BASE | F29: % FTE | G29: % FTE | H29: % FTE | I29: % FTE | J29: % FTE
C30: =_xlfn.IFNA(VLOOKUP(B30,$B$13:$C$27,2,FALSE)," ") | D30: =IF(B30="","","9 Month Faculty/Staff (SU)") | L30: =ROUND(E30*F30,0) -> 0 | M30: =IF($A$1>1,ROUND(E30*G30*$V$15,0),0) -> 0 | N30: =IF($A$1>2,ROUND(E30*H30*$V$15^2,0),0) -> 0 | O30: =IF($A$1>3,ROUND(E30*I30*$V$15^3,0),0) -> 0 | P30: =IF($A$1>4,ROUND(E30*J30*$V$15^4,0),0) -> 0 | Q30: =SUM(L30:P30) -> 0
C31: =_xlfn.IFNA(VLOOKUP(B31,$B$13:$C$27,2,FALSE)," ") | D31: =IF(B31="","","9 Month Faculty/Staff (SU)") | L31: =ROUND(E31*F31,0) -> 0 | M31: =IF($A$1>1,ROUND(E31*G31*$V$15,0),0) -> 0 | N31: =IF($A$1>2,ROUND(E31*H31*$V$15^2,0),0) -> 0 | O31: =IF($A$1>3,ROUND(E31*I31*$V$15^3,0),0) -> 0 | P31: =IF($A$1>4,ROUND(E31*J31*$V$15^4,0),0) -> 0 | Q31: =SUM(L31:P31) -> 0
C32: =_xlfn.IFNA(VLOOKUP(B32,$B$13:$C$27,2,FALSE)," ") | D32: =IF(B32="","","9 Month Faculty/Staff (SU)") | L32: =ROUND(E32*F32,0) -> 0 | M32: =IF($A$1>1,ROUND(E32*G32*$V$15,0),0) -> 0 | N32: =IF($A$1>2,ROUND(E32*H32*$V$15^2,0),0) -> 0 | O32: =IF($A$1>3,ROUND(E32*I32*$V$15^3,0),0) -> 0 | P32: =IF($A$1>4,ROUND(E32*J32*$V$15^4,0),0) -> 0 | Q32: =SUM(L32:P32) -> 0
C33: =_xlfn.IFNA(VLOOKUP(B33,$B$13:$C$27,2,FALSE)," ") | D33: =IF(B33="","","9 Month Faculty/Staff (SU)") | L33: =ROUND(E33*F33,0) -> 0 | M33: =IF($A$1>1,ROUND(E33*G33*$V$15,0),0) -> 0 | N33: =IF($A$1>2,ROUND(E33*H33*$V$15^2,0),0) -> 0 | O33: =IF($A$1>3,ROUND(E33*I33*$V$15^3,0),0) -> 0 | P33: =IF($A$1>4,ROUND(E33*J33*$V$15^4,0),0) -> 0 | Q33: =SUM(L33:P33) -> 0
C34: =_xlfn.IFNA(VLOOKUP(B34,$B$13:$C$27,2,FALSE)," ") | D34: =IF(B34="","","9 Month Faculty/Staff (SU)") | L34: =ROUND(E34*F34,0) -> 0 | M34: =IF($A$1>1,ROUND(E34*G34*$V$15,0),0) -> 0 | N34: =IF($A$1>2,ROUND(E34*H34*$V$15^2,0),0) -> 0 | O34: =IF($A$1>3,ROUND(E34*I34*$V$15^3,0),0) -> 0 | P34: =IF($A$1>4,ROUND(E34*J34*$V$15^4,0),0) -> 0 | Q34: =SUM(L34:P34) -> 0
C35: =_xlfn.IFNA(VLOOKUP(B35,$B$13:$C$27,2,FALSE)," ") | D35: =IF(B35="","","9 Month Faculty/Staff (SU)") | L35: =ROUND(E35*F35,0) -> 0 | M35: =IF($A$1>1,ROUND(E35*G35*$V$15,0),0) -> 0 | N35: =IF($A$1>2,ROUND(E35*H35*$V$15^2,0),0) -> 0 | O35: =IF($A$1>3,ROUND(E35*I35*$V$15^3,0),0) -> 0 | P35: =IF($A$1>4,ROUND(E35*J35*$V$15^4,0),0) -> 0 | Q35: =SUM(L35:P35) -> 0
B37: Regular Students | C37: Other Personnel | E37: =15*12*173.33 -> 31199.4 | L37: =E37*F37 -> 0 | M37: =IF($A$1>1,ROUND(E37*G37*$V$15,0),0) -> 0 | N37: =IF($A$1>2,ROUND(E37*H37*$V$15^2,0),0) -> 0 | O37: =IF($A$1>3,ROUND(E37*I37*$V$15^3,0),0) -> 0 | P37: =IF($A$1>3,ROUND(F37*J37*$V$15^3,0),0) -> 0 | Q37: =SUM(L37:P37) -> 0
B38: Work Study Students | C38: Other Personnel | L38: 0 | M38: =IF($A$1>1,ROUND(L38*$V$15,0),0) -> 0 | N38: =IF($A$1>2,ROUND(M38*$V$15,0),0) -> 0 | O38: =IF($A$1>3,ROUND(N38*$V$15,0),0) -> 0 | P38: =IF($A$1>4,ROUND(O38*$V$15,0),0) -> 0 | Q38: =SUM(L38:P38) -> 0
B40: GE I and GE II (Full Time Tuition) | E40: SALARY | F40: Yr 1 | G40: Yr 2 | H40: Yr 3 | I40: Yr 4 | J40: Yr 5
B41: GE Salaries | C41: Personnel Type | E41: AY BASE | F41: % | G41: % | H41: % | I41: % | J41: %
B42: GE I or II AY effort | C42: Other Personnel | L42: =ROUND($E$42*F42*F44/3,0) -> 0 | M42: =IF($A$1>1,ROUND($V$14*$E$42*G42*G44/3,0),0) -> 0 | N42: =IF($A$1>2,ROUND($V$14^2*$E$42*H42*H44/3,0),0) -> 0 | O42: =IF($A$1>3,ROUND($V$14^3*$E$42*I42*I44/3,0),0) -> 0 | P42: =IF($A$1>4,ROUND($V$14^4*$E$42*J42*J44/3,0),0) -> 0 | Q42: =SUM(L42:P42) -> 0
B43: GE I or II summer effort | C43: Other Personnel | E43: -leave blank- | L43: =ROUND($E$42*F45*F43/3,0) -> 0 | M43: =IF($A$1>1,ROUND($V$14*$E$42*G45*G43/3,0),0) -> 0 | N43: =IF($A$1>2,ROUND($V$14^2*$E$42*H45*H43/3,0),0) -> 0 | O43: =IF($A$1>3,ROUND($V$14^3*$E$42*I45*I43/3,0),0) -> 0 | P43: =IF($A$1>4,ROUND($V$14^4*$E$42*J45*J43/3,0),0) -> 0 | Q43: =SUM(L43:P43) -> 0
E44: Total Academic Terms
E45: Total Summer Terms
B47: GE III (3 Credit Hours per Term) | E47: SALARY | F47: Yr 1 | G47: Yr 2 | H47: Yr 3 | I47: Yr 4 | J47: Yr 5
B48: GE Salaries | C48: Personnel Type | E48: AY BASE | F48: % | G48: % | H48: % | I48: % | J48: %
B49: GE III AY effort | C49: Other Personnel | E49: =41960*V14*V14 -> 45383.936 | L49: =ROUND($E$49*F49*F51/3,0) -> 0 | M49: =IF($A$1>1,ROUND($V$14*$E$49*G49*G51/3,0),0) -> 0 | N49: =IF($A$1>2,ROUND($V$14^2*$E$49*H49*H51/3,0),0) -> 0 | O49: =IF($A$1>3,ROUND($V$14^3*$E$49*I49*I51/3,0),0) -> 0 | P49: =IF($A$1>4,ROUND($V$14^4*$E$49*J49*J51/3,0),0) -> 0 | Q49: =SUM(L49:P49) -> 0
B50: GE III summer effort | C50: Other Personnel | E50: -leave blank- | L50: =ROUND($E$49*F52*F50/3,0) -> 0 | M50: =IF($A$1>1,ROUND($V$14*$E$49*G52*G50/3,0),0) -> 0 | N50: =IF($A$1>2,ROUND($V$14^2*$E$49*H52*H50/3,0),0) -> 0 | O50: =IF($A$1>3,ROUND($V$14^3*$E$49*I52*I50/3,0),0) -> 0 | P50: =IF($A$1>4,ROUND($V$14^4*$E$49*J52*J50/3,0),0) -> 0 | Q50: =SUM(L50:P50) -> 0
E51: Total Academic Terms
E52: Total Summer Terms
K53: Total Salaries & Wages | L53: =SUM(L13:L52) -> 0 | M53: =IF($A$1>1,SUM(M13:M52),0) -> 0 | N53: =IF($A$1>2,SUM(N13:N52),0) -> 0 | O53: =IF($A$1>3,SUM(O13:O52),0) -> 0 | P53: =IF($A$1>4,SUM(P13:P52),0) -> 0 | Q53: =SUM(L53:P53) -> 0
B54: UO PERSONNEL
B55: FRINGE BENEFITS (OPE)
B56: Benefits for AY 9-mo. and 12-mo. appts. | C56: Personnel Type | D56: Eclass
B57: =IF(B13="","",B13) | C57: =IF(C13="","",C13) -> Select Personnel Type | D57: =IF(D13="Select Employee Class","",D13) -> 12 Month Faculty, w/ appt. .5+ FTE & Hrly | K57: =IF(B57="","",VLOOKUP(VLOOKUP(D57,$AK$7:$AL$14,2,FALSE),'Eclass OPE Rates'!$A$26:$F$33,2,FALSE)) | L57: =IF($D57="",0,ROUND(L13*VLOOKUP(VLOOKUP($D57,'R&R Generic Detailed Budget'!$AK$7:$AL$14,2,FALSE),'Eclass OPE Rates'!$A$26:$F$33,2,FALSE),0)) -> 0 | M57: =IF($D57="",0,ROUND(M13*VLOOKUP(VLOOKUP($D57,'R&R Generic Detailed Budget'!$AK$7:$AL$14,2,FALSE),'Eclass OPE Rates'!$A$26:$F$33,3,FALSE),0)) -> 0 | N57: =IF($D57="",0,ROUND(N13*VLOOKUP(VLOOKUP($D57,'R&R Generic Detailed Budget'!$AK$7:$AL$14,2,FALSE),'Eclass OPE Rates'!$A$26:$F$33,4,FALSE),0)) -> 0 | O57: =IF($D57="",0,ROUND(O13*VLOOKUP(VLOOKUP($D57,'R&R Generic Detailed Budget'!$AK$7:$AL$14,2,FALSE),'Eclass OPE Rates'!$A$26:$F$33,5,FALSE),0)) -> 0 | P57: =IF($D57="",0,ROUND(P13*VLOOKUP(VLOOKUP($D57,'R&R Generic Detailed Budget'!$AK$7:$AL$14,2,FALSE),'Eclass OPE Rates'!$A$26:$F$33,6,FALSE),0)) -> 0 | Q57: =SUM(L57:P57) -> 0
B58: =IF(B14="","",B14) | C58: =IF(C14="","",C14) | D58: =IF(D14="Select Employee Class","",D14) | K58: =IF(B58="","",VLOOKUP(VLOOKUP(D58,$AK$7:$AL$14,2,FALSE),'Eclass OPE Rates'!$A$26:$F$33,2,FALSE)) | L58: =IF($D58="",0,ROUND(L14*VLOOKUP(VLOOKUP($D58,'R&R Generic Detailed Budget'!$AK$7:$AL$14,2,FALSE),'Eclass OPE Rates'!$A$26:$F$33,2,FALSE),0)) -> 0 | M58: =IF($D58="",0,ROUND(M14*VLOOKUP(VLOOKUP($D58,'R&R Generic Detailed Budget'!$AK$7:$AL$14,2,FALSE),'Eclass OPE Rates'!$A$26:$F$33,3,FALSE),0)) -> 0 | N58: =IF($D58="",0,ROUND(N14*VLOOKUP(VLOOKUP($D58,'R&R Generic Detailed Budget'!$AK$7:$AL$14,2,FALSE),'Eclass OPE Rates'!$A$26:$F$33,4,FALSE),0)) -> 0 | O58: =IF($D58="",0,ROUND(O14*VLOOKUP(VLOOKUP($D58,'R&R Generic Detailed Budget'!$AK$7:$AL$14,2,FALSE),'Eclass OPE Rates'!$A$26:$F$33,5,FALSE),0)) -> 0 | P58: =IF($D58="",0,ROUND(P14*VLOOKUP(VLOOKUP($D58,'R&R Generic Detailed Budget'!$AK$7:$AL$14,2,FALSE),'Eclass OPE Rates'!$A$26:$F$33,6,FALSE),0)) -> 0 | Q58: =SUM(L58:P58) -> 0
B59: =IF(B15="","",B15) | C59: =IF(C15="","",C15) | D59: =IF(D15="Select Employee Class","",D15) | K59: =IF(B59="","",VLOOKUP(VLOOKUP(D59,$AK$7:$AL$14,2,FALSE),'Eclass OPE Rates'!$A$26:$F$33,2,FALSE)) | L59: =IF($D59="",0,ROUND(L15*VLOOKUP(VLOOKUP($D59,'R&R Generic Detailed Budget'!$AK$7:$AL$14,2,FALSE),'Eclass OPE Rates'!$A$26:$F$33,2,FALSE),0)) -> 0 | M59: =IF($D59="",0,ROUND(M15*VLOOKUP(VLOOKUP($D59,'R&R Generic Detailed Budget'!$AK$7:$AL$14,2,FALSE),'Eclass OPE Rates'!$A$26:$F$33,3,FALSE),0)) -> 0 | N59: =IF($D59="",0,ROUND(N15*VLOOKUP(VLOOKUP($D59,'R&R Generic Detailed Budget'!$AK$7:$AL$14,2,FALSE),'Eclass OPE Rates'!$A$26:$F$33,4,FALSE),0)) -> 0 | O59: =IF($D59="",0,ROUND(O15*VLOOKUP(VLOOKUP($D59,'R&R Generic Detailed Budget'!$AK$7:$AL$14,2,FALSE),'Eclass OPE Rates'!$A$26:$F$33,5,FALSE),0)) -> 0 | P59: =IF($D59="",0,ROUND(P15*VLOOKUP(VLOOKUP($D59,'R&R Generic Detailed Budget'!$AK$7:$AL$14,2,FALSE),'Eclass OPE Rates'!$A$26:$F$33,6,FALSE),0)) -> 0 | Q59: =SUM(L59:P59) -> 0
B60: =IF(B16="","",B16) | C60: =IF(C16="","",C16) | D60: =IF(D16="Select Employee Class","",D16) | K60: =IF(B60="","",VLOOKUP(VLOOKUP(D60,$AK$7:$AL$14,2,FALSE),'Eclass OPE Rates'!$A$26:$F$33,2,FALSE)) | L60: =IF($D60="",0,ROUND(L16*VLOOKUP(VLOOKUP($D60,'R&R Generic Detailed Budget'!$AK$7:$AL$14,2,FALSE),'Eclass OPE Rates'!$A$26:$F$33,2,FALSE),0)) -> 0 | M60: =IF($D60="",0,ROUND(M16*VLOOKUP(VLOOKUP($D60,'R&R Generic Detailed Budget'!$AK$7:$AL$14,2,FALSE),'Eclass OPE Rates'!$A$26:$F$33,3,FALSE),0)) -> 0 | N60: =IF($D60="",0,ROUND(N16*VLOOKUP(VLOOKUP($D60,'R&R Generic Detailed Budget'!$AK$7:$AL$14,2,FALSE),'Eclass OPE Rates'!$A$26:$F$33,4,FALSE),0)) -> 0 | O60: =IF($D60="",0,ROUND(O16*VLOOKUP(VLOOKUP($D60,'R&R Generic Detailed Budget'!$AK$7:$AL$14,2,FALSE),'Eclass OPE Rates'!$A$26:$F$33,5,FALSE),0)) -> 0 | P60: =IF($D60="",0,ROUND(P16*VLOOKUP(VLOOKUP($D60,'R&R Generic Detailed Budget'!$AK$7:$AL$14,2,FALSE),'Eclass OPE Rates'!$A$26:$F$33,6,FALSE),0)) -> 0 | Q60: =SUM(L60:P60) -> 0
B61: =IF(B17="","",B17) | C61: =IF(C17="","",C17) | D61: =IF(D17="Select Employee Class","",D17) | K61: =IF(B61="","",VLOOKUP(VLOOKUP(D61,$AK$7:$AL$14,2,FALSE),'Eclass OPE Rates'!$A$26:$F$33,2,FALSE)) | L61: =IF($D61="",0,ROUND(L17*VLOOKUP(VLOOKUP($D61,'R&R Generic Detailed Budget'!$AK$7:$AL$14,2,FALSE),'Eclass OPE Rates'!$A$26:$F$33,2,FALSE),0)) -> 0 | M61: =IF($D61="",0,ROUND(M17*VLOOKUP(VLOOKUP($D61,'R&R Generic Detailed Budget'!$AK$7:$AL$14,2,FALSE),'Eclass OPE Rates'!$A$26:$F$33,3,FALSE),0)) -> 0 | N61: =IF($D61="",0,ROUND(N17*VLOOKUP(VLOOKUP($D61,'R&R Generic Detailed Budget'!$AK$7:$AL$14,2,FALSE),'Eclass OPE Rates'!$A$26:$F$33,4,FALSE),0)) -> 0 | O61: =IF($D61="",0,ROUND(O17*VLOOKUP(VLOOKUP($D61,'R&R Generic Detailed Budget'!$AK$7:$AL$14,2,FALSE),'Eclass OPE Rates'!$A$26:$F$33,5,FALSE),0)) -> 0 | P61: =IF($D61="",0,ROUND(P17*VLOOKUP(VLOOKUP($D61,'R&R Generic Detailed Budget'!$AK$7:$AL$14,2,FALSE),'Eclass OPE Rates'!$A$26:$F$33,6,FALSE),0)) -> 0 | Q61: =SUM(L61:P61) -> 0
B62: =IF(B18="","",B18) | C62: =IF(C18="","",C18) | D62: =IF(D18="Select Employee Class","",D18) | K62: =IF(B62="","",VLOOKUP(VLOOKUP(D62,$AK$7:$AL$14,2,FALSE),'Eclass OPE Rates'!$A$26:$F$33,2,FALSE)) | L62: =IF($D62="",0,ROUND(L18*VLOOKUP(VLOOKUP($D62,'R&R Generic Detailed Budget'!$AK$7:$AL$14,2,FALSE),'Eclass OPE Rates'!$A$26:$F$33,2,FALSE),0)) -> 0 | M62: =IF($D62="",0,ROUND(M18*VLOOKUP(VLOOKUP($D62,'R&R Generic Detailed Budget'!$AK$7:$AL$14,2,FALSE),'Eclass OPE Rates'!$A$26:$F$33,3,FALSE),0)) -> 0 | N62: =IF($D62="",0,ROUND(N18*VLOOKUP(VLOOKUP($D62,'R&R Generic Detailed Budget'!$AK$7:$AL$14,2,FALSE),'Eclass OPE Rates'!$A$26:$F$33,4,FALSE),0)) -> 0 | O62: =IF($D62="",0,ROUND(O18*VLOOKUP(VLOOKUP($D62,'R&R Generic Detailed Budget'!$AK$7:$AL$14,2,FALSE),'Eclass OPE Rates'!$A$26:$F$33,5,FALSE),0)) -> 0 | P62: =IF($D62="",0,ROUND(P18*VLOOKUP(VLOOKUP($D62,'R&R Generic Detailed Budget'!$AK$7:$AL$14,2,FALSE),'Eclass OPE Rates'!$A$26:$F$33,6,FALSE),0)) -> 0 | Q62: =SUM(L62:P62) -> 0
B63: =IF(B19="","",B19) | C63: =IF(C19="","",C19) | D63: =IF(D19="Select Employee Class","",D19) | K63: =IF(B63="","",VLOOKUP(VLOOKUP(D63,$AK$7:$AL$14,2,FALSE),'Eclass OPE Rates'!$A$26:$F$33,2,FALSE)) | L63: =IF($D63="",0,ROUND(L19*VLOOKUP(VLOOKUP($D63,'R&R Generic Detailed Budget'!$AK$7:$AL$14,2,FALSE),'Eclass OPE Rates'!$A$26:$F$33,2,FALSE),0)) -> 0 | M63: =IF($D63="",0,ROUND(M19*VLOOKUP(VLOOKUP($D63,'R&R Generic Detailed Budget'!$AK$7:$AL$14,2,FALSE),'Eclass OPE Rates'!$A$26:$F$33,3,FALSE),0)) -> 0 | N63: =IF($D63="",0,ROUND(N19*VLOOKUP(VLOOKUP($D63,'R&R Generic Detailed Budget'!$AK$7:$AL$14,2,FALSE),'Eclass OPE Rates'!$A$26:$F$33,4,FALSE),0)) -> 0 | O63: =IF($D63="",0,ROUND(O19*VLOOKUP(VLOOKUP($D63,'R&R Generic Detailed Budget'!$AK$7:$AL$14,2,FALSE),'Eclass OPE Rates'!$A$26:$F$33,5,FALSE),0)) -> 0 | P63: =IF($D63="",0,ROUND(P19*VLOOKUP(VLOOKUP($D63,'R&R Generic Detailed Budget'!$AK$7:$AL$14,2,FALSE),'Eclass OPE Rates'!$A$26:$F$33,6,FALSE),0)) -> 0 | Q63: =SUM(L63:P63) -> 0
B64: =IF(B20="","",B20) | C64: =IF(C20="","",C20) | D64: =IF(D20="Select Employee Class","",D20) | K64: =IF(B64="","",VLOOKUP(VLOOKUP(D64,$AK$7:$AL$14,2,FALSE),'Eclass OPE Rates'!$A$26:$F$33,2,FALSE)) | L64: =IF($D64="",0,ROUND(L20*VLOOKUP(VLOOKUP($D64,'R&R Generic Detailed Budget'!$AK$7:$AL$14,2,FALSE),'Eclass OPE Rates'!$A$26:$F$33,2,FALSE),0)) -> 0 | M64: =IF($D64="",0,ROUND(M20*VLOOKUP(VLOOKUP($D64,'R&R Generic Detailed Budget'!$AK$7:$AL$14,2,FALSE),'Eclass OPE Rates'!$A$26:$F$33,3,FALSE),0)) -> 0 | N64: =IF($D64="",0,ROUND(N20*VLOOKUP(VLOOKUP($D64,'R&R Generic Detailed Budget'!$AK$7:$AL$14,2,FALSE),'Eclass OPE Rates'!$A$26:$F$33,4,FALSE),0)) -> 0 | O64: =IF($D64="",0,ROUND(O20*VLOOKUP(VLOOKUP($D64,'R&R Generic Detailed Budget'!$AK$7:$AL$14,2,FALSE),'Eclass OPE Rates'!$A$26:$F$33,5,FALSE),0)) -> 0 | P64: =IF($D64="",0,ROUND(P20*VLOOKUP(VLOOKUP($D64,'R&R Generic Detailed Budget'!$AK$7:$AL$14,2,FALSE),'Eclass OPE Rates'!$A$26:$F$33,6,FALSE),0)) -> 0 | Q64: =SUM(L64:P64) -> 0
B65: =IF(B21="","",B21) | C65: =IF(C21="","",C21) | D65: =IF(D21="Select Employee Class","",D21) | K65: =IF(B65="","",VLOOKUP(VLOOKUP(D65,$AK$7:$AL$14,2,FALSE),'Eclass OPE Rates'!$A$26:$F$33,2,FALSE)) | L65: =IF($D65="",0,ROUND(L21*VLOOKUP(VLOOKUP($D65,'R&R Generic Detailed Budget'!$AK$7:$AL$14,2,FALSE),'Eclass OPE Rates'!$A$26:$F$33,2,FALSE),0)) -> 0 | M65: =IF($D65="",0,ROUND(M21*VLOOKUP(VLOOKUP($D65,'R&R Generic Detailed Budget'!$AK$7:$AL$14,2,FALSE),'Eclass OPE Rates'!$A$26:$F$33,3,FALSE),0)) -> 0 | N65: =IF($D65="",0,ROUND(N21*VLOOKUP(VLOOKUP($D65,'R&R Generic Detailed Budget'!$AK$7:$AL$14,2,FALSE),'Eclass OPE Rates'!$A$26:$F$33,4,FALSE),0)) -> 0 | O65: =IF($D65="",0,ROUND(O21*VLOOKUP(VLOOKUP($D65,'R&R Generic Detailed Budget'!$AK$7:$AL$14,2,FALSE),'Eclass OPE Rates'!$A$26:$F$33,5,FALSE),0)) -> 0 | P65: =IF($D65="",0,ROUND(P21*VLOOKUP(VLOOKUP($D65,'R&R Generic Detailed Budget'!$AK$7:$AL$14,2,FALSE),'Eclass OPE Rates'!$A$26:$F$33,6,FALSE),0)) -> 0 | Q65: =SUM(L65:P65) -> 0
B66: =IF(B22="","",B22) | C66: =IF(C22="","",C22) | D66: =IF(D22="Select Employee Class","",D22) | K66: =IF(B66="","",VLOOKUP(VLOOKUP(D66,$AK$7:$AL$14,2,FALSE),'Eclass OPE Rates'!$A$26:$F$33,2,FALSE)) | L66: =IF($D66="",0,ROUND(L22*VLOOKUP(VLOOKUP($D66,'R&R Generic Detailed Budget'!$AK$7:$AL$14,2,FALSE),'Eclass OPE Rates'!$A$26:$F$33,2,FALSE),0)) -> 0 | M66: =IF($D66="",0,ROUND(M22*VLOOKUP(VLOOKUP($D66,'R&R Generic Detailed Budget'!$AK$7:$AL$14,2,FALSE),'Eclass OPE Rates'!$A$26:$F$33,3,FALSE),0)) -> 0 | N66: =IF($D66="",0,ROUND(N22*VLOOKUP(VLOOKUP($D66,'R&R Generic Detailed Budget'!$AK$7:$AL$14,2,FALSE),'Eclass OPE Rates'!$A$26:$F$33,4,FALSE),0)) -> 0 | O66: =IF($D66="",0,ROUND(O22*VLOOKUP(VLOOKUP($D66,'R&R Generic Detailed Budget'!$AK$7:$AL$14,2,FALSE),'Eclass OPE Rates'!$A$26:$F$33,5,FALSE),0)) -> 0 | P66: =IF($D66="",0,ROUND(P22*VLOOKUP(VLOOKUP($D66,'R&R Generic Detailed Budget'!$AK$7:$AL$14,2,FALSE),'Eclass OPE Rates'!$A$26:$F$33,6,FALSE),0)) -> 0 | Q66: =SUM(L66:P66) -> 0
B67: =IF(B23="","",B23) | C67: =IF(C23="","",C23) | D67: =IF(D23="Select Employee Class","",D23) | K67: =IF(B67="","",VLOOKUP(VLOOKUP(D67,$AK$7:$AL$14,2,FALSE),'Eclass OPE Rates'!$A$26:$F$33,2,FALSE)) | L67: =IF($D67="",0,ROUND(L23*VLOOKUP(VLOOKUP($D67,'R&R Generic Detailed Budget'!$AK$7:$AL$14,2,FALSE),'Eclass OPE Rates'!$A$26:$F$33,2,FALSE),0)) -> 0 | M67: =IF($D67="",0,ROUND(M23*VLOOKUP(VLOOKUP($D67,'R&R Generic Detailed Budget'!$AK$7:$AL$14,2,FALSE),'Eclass OPE Rates'!$A$26:$F$33,3,FALSE),0)) -> 0 | N67: =IF($D67="",0,ROUND(N23*VLOOKUP(VLOOKUP($D67,'R&R Generic Detailed Budget'!$AK$7:$AL$14,2,FALSE),'Eclass OPE Rates'!$A$26:$F$33,4,FALSE),0)) -> 0 | O67: =IF($D67="",0,ROUND(O23*VLOOKUP(VLOOKUP($D67,'R&R Generic Detailed Budget'!$AK$7:$AL$14,2,FALSE),'Eclass OPE Rates'!$A$26:$F$33,5,FALSE),0)) -> 0 | P67: =IF($D67="",0,ROUND(P23*VLOOKUP(VLOOKUP($D67,'R&R Generic Detailed Budget'!$AK$7:$AL$14,2,FALSE),'Eclass OPE Rates'!$A$26:$F$33,6,FALSE),0)) -> 0 | Q67: =SUM(L67:P67) -> 0
B68: =IF(B24="","",B24) | C68: =IF(C24="","",C24) | D68: =IF(D24="Select Employee Class","",D24) | K68: =IF(B68="","",VLOOKUP(VLOOKUP(D68,$AK$7:$AL$14,2,FALSE),'Eclass OPE Rates'!$A$26:$F$33,2,FALSE)) | L68: =IF($D68="",0,ROUND(L24*VLOOKUP(VLOOKUP($D68,'R&R Generic Detailed Budget'!$AK$7:$AL$14,2,FALSE),'Eclass OPE Rates'!$A$26:$F$33,2,FALSE),0)) -> 0 | M68: =IF($D68="",0,ROUND(M24*VLOOKUP(VLOOKUP($D68,'R&R Generic Detailed Budget'!$AK$7:$AL$14,2,FALSE),'Eclass OPE Rates'!$A$26:$F$33,3,FALSE),0)) -> 0 | N68: =IF($D68="",0,ROUND(N24*VLOOKUP(VLOOKUP($D68,'R&R Generic Detailed Budget'!$AK$7:$AL$14,2,FALSE),'Eclass OPE Rates'!$A$26:$F$33,4,FALSE),0)) -> 0 | O68: =IF($D68="",0,ROUND(O24*VLOOKUP(VLOOKUP($D68,'R&R Generic Detailed Budget'!$AK$7:$AL$14,2,FALSE),'Eclass OPE Rates'!$A$26:$F$33,5,FALSE),0)) -> 0 | P68: =IF($D68="",0,ROUND(P24*VLOOKUP(VLOOKUP($D68,'R&R Generic Detailed Budget'!$AK$7:$AL$14,2,FALSE),'Eclass OPE Rates'!$A$26:$F$33,6,FALSE),0)) -> 0 | Q68: =SUM(L68:P68) -> 0
B69: =IF(B25="","",B25) | C69: =IF(C26="","",C26) | D69: =IF(D25="Select Employee Class","",D25) | K69: =IF(B69="","",VLOOKUP(VLOOKUP(D69,$AK$7:$AL$14,2,FALSE),'Eclass OPE Rates'!$A$26:$F$33,2,FALSE)) | L69: =IF($D69="",0,ROUND(L25*VLOOKUP(VLOOKUP($D69,'R&R Generic Detailed Budget'!$AK$7:$AL$14,2,FALSE),'Eclass OPE Rates'!$A$26:$F$33,2,FALSE),0)) -> 0 | M69: =IF($D69="",0,ROUND(M25*VLOOKUP(VLOOKUP($D69,'R&R Generic Detailed Budget'!$AK$7:$AL$14,2,FALSE),'Eclass OPE Rates'!$A$26:$F$33,3,FALSE),0)) -> 0 | N69: =IF($D69="",0,ROUND(N25*VLOOKUP(VLOOKUP($D69,'R&R Generic Detailed Budget'!$AK$7:$AL$14,2,FALSE),'Eclass OPE Rates'!$A$26:$F$33,4,FALSE),0)) -> 0 | O69: =IF($D69="",0,ROUND(O25*VLOOKUP(VLOOKUP($D69,'R&R Generic Detailed Budget'!$AK$7:$AL$14,2,FALSE),'Eclass OPE Rates'!$A$26:$F$33,5,FALSE),0)) -> 0 | P69: =IF($D69="",0,ROUND(P25*VLOOKUP(VLOOKUP($D69,'R&R Generic Detailed Budget'!$AK$7:$AL$14,2,FALSE),'Eclass OPE Rates'!$A$26:$F$33,6,FALSE),0)) -> 0 | Q69: =SUM(L69:P69) -> 0
B70: =IF(B26="","",B26) | C70: =IF(C27="","",C27) | D70: =IF(D26="Select Employee Class","",D26) | K70: =IF(B70="","",VLOOKUP(VLOOKUP(D70,$AK$7:$AL$14,2,FALSE),'Eclass OPE Rates'!$A$26:$F$33,2,FALSE)) | L70: =IF($D70="",0,ROUND(L26*VLOOKUP(VLOOKUP($D70,'R&R Generic Detailed Budget'!$AK$7:$AL$14,2,FALSE),'Eclass OPE Rates'!$A$26:$F$33,2,FALSE),0)) -> 0 | M70: =IF($D70="",0,ROUND(M26*VLOOKUP(VLOOKUP($D70,'R&R Generic Detailed Budget'!$AK$7:$AL$14,2,FALSE),'Eclass OPE Rates'!$A$26:$F$33,3,FALSE),0)) -> 0 | N70: =IF($D70="",0,ROUND(N26*VLOOKUP(VLOOKUP($D70,'R&R Generic Detailed Budget'!$AK$7:$AL$14,2,FALSE),'Eclass OPE Rates'!$A$26:$F$33,4,FALSE),0)) -> 0 | O70: =IF($D70="",0,ROUND(O26*VLOOKUP(VLOOKUP($D70,'R&R Generic Detailed Budget'!$AK$7:$AL$14,2,FALSE),'Eclass OPE Rates'!$A$26:$F$33,5,FALSE),0)) -> 0 | P70: =IF($D70="",0,ROUND(P26*VLOOKUP(VLOOKUP($D70,'R&R Generic Detailed Budget'!$AK$7:$AL$14,2,FALSE),'Eclass OPE Rates'!$A$26:$F$33,6,FALSE),0)) -> 0 | Q70: =SUM(L70:P70) -> 0
B71: =IF(B27="","",B27) | C71: =IF(C27="","",C27) | D71: =IF(D27="Select Employee Class","",D27) | K71: =IF(B71="","",VLOOKUP(VLOOKUP(D71,$AK$7:$AL$14,2,FALSE),'Eclass OPE Rates'!$A$26:$F$33,2,FALSE)) | L71: =IF($D71="",0,ROUND(L27*VLOOKUP(VLOOKUP($D71,'R&R Generic Detailed Budget'!$AK$7:$AL$14,2,FALSE),'Eclass OPE Rates'!$A$26:$F$33,2,FALSE),0)) -> 0 | M71: =IF($D71="",0,ROUND(M27*VLOOKUP(VLOOKUP($D71,'R&R Generic Detailed Budget'!$AK$7:$AL$14,2,FALSE),'Eclass OPE Rates'!$A$26:$F$33,3,FALSE),0)) -> 0 | N71: =IF($D71="",0,ROUND(N27*VLOOKUP(VLOOKUP($D71,'R&R Generic Detailed Budget'!$AK$7:$AL$14,2,FALSE),'Eclass OPE Rates'!$A$26:$F$33,4,FALSE),0)) -> 0 | O71: =IF($D71="",0,ROUND(O27*VLOOKUP(VLOOKUP($D71,'R&R Generic Detailed Budget'!$AK$7:$AL$14,2,FALSE),'Eclass OPE Rates'!$A$26:$F$33,5,FALSE),0)) -> 0 | P71: =IF($D71="",0,ROUND(P27*VLOOKUP(VLOOKUP($D71,'R&R Generic Detailed Budget'!$AK$7:$AL$14,2,FALSE),'Eclass OPE Rates'!$A$26:$F$33,6,FALSE),0)) -> 0 | Q71: =SUM(L71:P71) -> 0
B72: UO PERSONNEL
B73: FRINGE BENEFITS (OPE)
B74: Summer benefits for 9-mo. faculty | D74: Eclass
B75: =IF(B30="","",B30) | C75: =IF(C30="","",C30) | D75: =IF(D30="","",D30) | K75: =IF(B75="","",VLOOKUP(VLOOKUP(D75,$AK$7:$AL$15,2,FALSE),'Eclass OPE Rates'!$A$26:$F$33,2,FALSE)) | L75: =IF($D75="",0,ROUND(L30*VLOOKUP(VLOOKUP($D75,'R&R Generic Detailed Budget'!$AK$7:$AL$15,2,FALSE),'Eclass OPE Rates'!$A$26:$F$33,2,FALSE),0)) -> 0 | M75: =IF($D75="",0,ROUND(M30*VLOOKUP(VLOOKUP($D75,'R&R Generic Detailed Budget'!$AK$7:$AL$15,2,FALSE),'Eclass OPE Rates'!$A$26:$F$33,3,FALSE),0)) -> 0 | N75: =IF($D75="",0,ROUND(N30*VLOOKUP(VLOOKUP($D75,'R&R Generic Detailed Budget'!$AK$7:$AL$15,2,FALSE),'Eclass OPE Rates'!$A$26:$F$33,4,FALSE),0)) -> 0 | O75: =IF($D75="",0,ROUND(O30*VLOOKUP(VLOOKUP($D75,'R&R Generic Detailed Budget'!$AK$7:$AL$15,2,FALSE),'Eclass OPE Rates'!$A$26:$F$33,5,FALSE),0)) -> 0 | P75: =IF($D75="",0,ROUND(P30*VLOOKUP(VLOOKUP($D75,'R&R Generic Detailed Budget'!$AK$7:$AL$15,2,FALSE),'Eclass OPE Rates'!$A$26:$F$33,6,FALSE),0)) -> 0 | Q75: =SUM(L75:P75) -> 0
B76: =IF(B31="","",B31) | C76: =IF(C31="","",C31) | D76: =IF(D31="","",D31) | K76: =IF(B76="","",VLOOKUP(VLOOKUP(D76,$AK$7:$AL$15,2,FALSE),'Eclass OPE Rates'!$A$26:$F$33,2,FALSE)) | L76: =IF($D76="",0,ROUND(L31*VLOOKUP(VLOOKUP($D76,'R&R Generic Detailed Budget'!$AK$7:$AL$15,2,FALSE),'Eclass OPE Rates'!$A$26:$F$33,2,FALSE),0)) -> 0 | M76: =IF($D76="",0,ROUND(M31*VLOOKUP(VLOOKUP($D76,'R&R Generic Detailed Budget'!$AK$7:$AL$15,2,FALSE),'Eclass OPE Rates'!$A$26:$F$33,3,FALSE),0)) -> 0 | N76: =IF($D76="",0,ROUND(N31*VLOOKUP(VLOOKUP($D76,'R&R Generic Detailed Budget'!$AK$7:$AL$15,2,FALSE),'Eclass OPE Rates'!$A$26:$F$33,4,FALSE),0)) -> 0 | O76: =IF($D76="",0,ROUND(O31*VLOOKUP(VLOOKUP($D76,'R&R Generic Detailed Budget'!$AK$7:$AL$15,2,FALSE),'Eclass OPE Rates'!$A$26:$F$33,5,FALSE),0)) -> 0 | P76: =IF($D76="",0,ROUND(P31*VLOOKUP(VLOOKUP($D76,'R&R Generic Detailed Budget'!$AK$7:$AL$15,2,FALSE),'Eclass OPE Rates'!$A$26:$F$33,6,FALSE),0)) -> 0 | Q76: =SUM(L76:P76) -> 0
B77: =IF(B32="","",B32) | C77: =IF(C32="","",C32) | D77: =IF(D32="","",D32) | K77: =IF(B77="","",VLOOKUP(VLOOKUP(D77,$AK$7:$AL$15,2,FALSE),'Eclass OPE Rates'!$A$26:$F$33,2,FALSE)) | L77: =IF($D77="",0,ROUND(L32*VLOOKUP(VLOOKUP($D77,'R&R Generic Detailed Budget'!$AK$7:$AL$15,2,FALSE),'Eclass OPE Rates'!$A$26:$F$33,2,FALSE),0)) -> 0 | M77: =IF($D77="",0,ROUND(M32*VLOOKUP(VLOOKUP($D77,'R&R Generic Detailed Budget'!$AK$7:$AL$15,2,FALSE),'Eclass OPE Rates'!$A$26:$F$33,3,FALSE),0)) -> 0 | N77: =IF($D77="",0,ROUND(N32*VLOOKUP(VLOOKUP($D77,'R&R Generic Detailed Budget'!$AK$7:$AL$15,2,FALSE),'Eclass OPE Rates'!$A$26:$F$33,4,FALSE),0)) -> 0 | O77: =IF($D77="",0,ROUND(O32*VLOOKUP(VLOOKUP($D77,'R&R Generic Detailed Budget'!$AK$7:$AL$15,2,FALSE),'Eclass OPE Rates'!$A$26:$F$33,5,FALSE),0)) -> 0 | P77: =IF($D77="",0,ROUND(P32*VLOOKUP(VLOOKUP($D77,'R&R Generic Detailed Budget'!$AK$7:$AL$15,2,FALSE),'Eclass OPE Rates'!$A$26:$F$33,6,FALSE),0)) -> 0 | Q77: =SUM(L77:P77) -> 0
B78: =IF(B33="","",B33) | C78: =IF(C33="","",C33) | D78: =IF(D33="","",D33) | K78: =IF(B78="","",VLOOKUP(VLOOKUP(D78,$AK$7:$AL$15,2,FALSE),'Eclass OPE Rates'!$A$26:$F$33,2,FALSE)) | L78: =IF($D78="",0,ROUND(L33*VLOOKUP(VLOOKUP($D78,'R&R Generic Detailed Budget'!$AK$7:$AL$15,2,FALSE),'Eclass OPE Rates'!$A$26:$F$33,2,FALSE),0)) -> 0 | M78: =IF($D78="",0,ROUND(M33*VLOOKUP(VLOOKUP($D78,'R&R Generic Detailed Budget'!$AK$7:$AL$15,2,FALSE),'Eclass OPE Rates'!$A$26:$F$33,3,FALSE),0)) -> 0 | N78: =IF($D78="",0,ROUND(N33*VLOOKUP(VLOOKUP($D78,'R&R Generic Detailed Budget'!$AK$7:$AL$15,2,FALSE),'Eclass OPE Rates'!$A$26:$F$33,4,FALSE),0)) -> 0 | O78: =IF($D78="",0,ROUND(O33*VLOOKUP(VLOOKUP($D78,'R&R Generic Detailed Budget'!$AK$7:$AL$15,2,FALSE),'Eclass OPE Rates'!$A$26:$F$33,5,FALSE),0)) -> 0 | P78: =IF($D78="",0,ROUND(P33*VLOOKUP(VLOOKUP($D78,'R&R Generic Detailed Budget'!$AK$7:$AL$15,2,FALSE),'Eclass OPE Rates'!$A$26:$F$33,6,FALSE),0)) -> 0 | Q78: =SUM(L78:P78) -> 0
B79: =IF(B34="","",B34) | C79: =IF(C34="","",C34) | D79: =IF(D34="","",D34) | K79: =IF(B79="","",VLOOKUP(VLOOKUP(D79,$AK$7:$AL$15,2,FALSE),'Eclass OPE Rates'!$A$26:$F$33,2,FALSE)) | L79: =IF($D79="",0,ROUND(L34*VLOOKUP(VLOOKUP($D79,'R&R Generic Detailed Budget'!$AK$7:$AL$15,2,FALSE),'Eclass OPE Rates'!$A$26:$F$33,2,FALSE),0)) -> 0 | M79: =IF($D79="",0,ROUND(M34*VLOOKUP(VLOOKUP($D79,'R&R Generic Detailed Budget'!$AK$7:$AL$15,2,FALSE),'Eclass OPE Rates'!$A$26:$F$33,3,FALSE),0)) -> 0 | N79: =IF($D79="",0,ROUND(N34*VLOOKUP(VLOOKUP($D79,'R&R Generic Detailed Budget'!$AK$7:$AL$15,2,FALSE),'Eclass OPE Rates'!$A$26:$F$33,4,FALSE),0)) -> 0 | O79: =IF($D79="",0,ROUND(O34*VLOOKUP(VLOOKUP($D79,'R&R Generic Detailed Budget'!$AK$7:$AL$15,2,FALSE),'Eclass OPE Rates'!$A$26:$F$33,5,FALSE),0)) -> 0 | P79: =IF($D79="",0,ROUND(P34*VLOOKUP(VLOOKUP($D79,'R&R Generic Detailed Budget'!$AK$7:$AL$15,2,FALSE),'Eclass OPE Rates'!$A$26:$F$33,6,FALSE),0)) -> 0 | Q79: =SUM(L79:P79) -> 0
B80: =IF(B35="","",B35) | C80: =IF(C35="","",C35) | D80: =IF(D35="","",D35) | K80: =IF(B80="","",VLOOKUP(VLOOKUP(D80,$AK$7:$AL$15,2,FALSE),'Eclass OPE Rates'!$A$26:$F$33,2,FALSE)) | L80: =IF($D80="",0,ROUND(L35*VLOOKUP(VLOOKUP($D80,'R&R Generic Detailed Budget'!$AK$7:$AL$15,2,FALSE),'Eclass OPE Rates'!$A$26:$F$33,2,FALSE),0)) -> 0 | M80: =IF($D80="",0,ROUND(M35*VLOOKUP(VLOOKUP($D80,'R&R Generic Detailed Budget'!$AK$7:$AL$15,2,FALSE),'Eclass OPE Rates'!$A$26:$F$33,3,FALSE),0)) -> 0 | N80: =IF($D80="",0,ROUND(N35*VLOOKUP(VLOOKUP($D80,'R&R Generic Detailed Budget'!$AK$7:$AL$15,2,FALSE),'Eclass OPE Rates'!$A$26:$F$33,4,FALSE),0)) -> 0 | O80: =IF($D80="",0,ROUND(O35*VLOOKUP(VLOOKUP($D80,'R&R Generic Detailed Budget'!$AK$7:$AL$15,2,FALSE),'Eclass OPE Rates'!$A$26:$F$33,5,FALSE),0)) -> 0 | P80: =IF($D80="",0,ROUND(P35*VLOOKUP(VLOOKUP($D80,'R&R Generic Detailed Budget'!$AK$7:$AL$15,2,FALSE),'Eclass OPE Rates'!$A$26:$F$33,6,FALSE),0)) -> 0 | Q80: =SUM(L80:P80) -> 0
B82: Regular Students | C82: Other Personnel | D82: Students | K82: =IF(B82="","",VLOOKUP(VLOOKUP(D82,$AK$7:$AL$14,2,FALSE),'Eclass OPE Rates'!$A$26:$F$33,2,FALSE)) -> 0.033 | L82: =IF($D82="",0,ROUND(L37*VLOOKUP(VLOOKUP($D82,'R&R Generic Detailed Budget'!$AK$7:$AL$14,2,FALSE),'Eclass OPE Rates'!$A$26:$F$33,2,FALSE),0)) -> 0 | M82: =IF($D82="",0,ROUND(M37*VLOOKUP(VLOOKUP($D82,'R&R Generic Detailed Budget'!$AK$7:$AL$14,2,FALSE),'Eclass OPE Rates'!$A$26:$F$33,3,FALSE),0)) -> 0 | N82: =IF($D82="",0,ROUND(N37*VLOOKUP(VLOOKUP($D82,'R&R Generic Detailed Budget'!$AK$7:$AL$14,2,FALSE),'Eclass OPE Rates'!$A$26:$F$33,4,FALSE),0)) -> 0 | O82: =IF($D82="",0,ROUND(O37*VLOOKUP(VLOOKUP($D82,'R&R Generic Detailed Budget'!$AK$7:$AL$14,2,FALSE),'Eclass OPE Rates'!$A$26:$F$33,5,FALSE),0)) -> 0 | P82: =IF($D82="",0,ROUND(P37*VLOOKUP(VLOOKUP($D82,'R&R Generic Detailed Budget'!$AK$7:$AL$14,2,FALSE),'Eclass OPE Rates'!$A$26:$F$33,6,FALSE),0)) -> 0 | Q82: =SUM(L82:P82) -> 0
B83: Work Study Students | C83: Other Personnel | D83: Students | K83: =IF(B83="","",VLOOKUP(VLOOKUP(D83,$AK$7:$AL$14,2,FALSE),'Eclass OPE Rates'!$A$26:$F$33,2,FALSE)) -> 0.033 | L83: =IF($D83="",0,ROUND(L38*VLOOKUP(VLOOKUP($D83,'R&R Generic Detailed Budget'!$AK$7:$AL$14,2,FALSE),'Eclass OPE Rates'!$A$26:$F$33,2,FALSE),0)) -> 0 | M83: =IF($D83="",0,ROUND(M38*VLOOKUP(VLOOKUP($D83,'R&R Generic Detailed Budget'!$AK$7:$AL$14,2,FALSE),'Eclass OPE Rates'!$A$26:$F$33,3,FALSE),0)) -> 0 | N83: =IF($D83="",0,ROUND(N38*VLOOKUP(VLOOKUP($D83,'R&R Generic Detailed Budget'!$AK$7:$AL$14,2,FALSE),'Eclass OPE Rates'!$A$26:$F$33,4,FALSE),0)) -> 0 | O83: =IF($D83="",0,ROUND(O38*VLOOKUP(VLOOKUP($D83,'R&R Generic Detailed Budget'!$AK$7:$AL$14,2,FALSE),'Eclass OPE Rates'!$A$26:$F$33,5,FALSE),0)) -> 0 | P83: =IF($D83="",0,ROUND(P38*VLOOKUP(VLOOKUP($D83,'R&R Generic Detailed Budget'!$AK$7:$AL$14,2,FALSE),'Eclass OPE Rates'!$A$26:$F$33,6,FALSE),0)) -> 0 | Q83: =SUM(L83:P83) -> 0
B85: GE, OPE + insurance/fees | C85: Other Personnel | D85: Students | K85: =IF(B85="","",VLOOKUP(VLOOKUP(D85,$AK$7:$AL$14,2,FALSE),'Eclass OPE Rates'!$A$26:$F$33,2,FALSE)) -> 0.033 | L85: =ROUND(VLOOKUP(VLOOKUP($D85,$AK$7:$AL$14,2,FALSE),'Eclass OPE Rates'!$A$26:$F$33,2,FALSE)*SUM(L42:L50),0)+SUMIF($E$44:$E$52,"Total Academic Terms",F44:F52)*(V7+V9)+SUMIF($E$44:$E$52,"Total Summer Terms",F44:F52)*(V8+V10) -> 0 | M85: =IF($A$1>1,ROUND(VLOOKUP(VLOOKUP($D85,$AK$7:$AL$14,2,FALSE),'Eclass OPE Rates'!$A$26:$F$33,3,FALSE)*SUM(M42:M50),0)+SUMIF($E$44:$E$52,"Total Academic Terms",G44:G52)*(W7+W9)+SUMIF($E$44:$E$52,"Total Summer Terms",G44:G52)*(W8+W10),0) -> 0 | N85: =IF($A$1>2,ROUND(VLOOKUP(VLOOKUP($D85,$AK$7:$AL$14,2,FALSE),'Eclass OPE Rates'!$A$26:$F$33,4,FALSE)*SUM(N42:N50),0)+SUMIF($E$44:$E$52,"Total Academic Terms",H44:H52)*(X7+X9)+SUMIF($E$44:$E$52,"Total Summer Terms",H44:H52)*(X8+X10),0) -> 0 | O85: =IF($A$1>3,ROUND(VLOOKUP(VLOOKUP($D85,$AK$7:$AL$14,2,FALSE),'Eclass OPE Rates'!$A$26:$F$33,5,FALSE)*SUM(O42:O50),0)+SUMIF($E$44:$E$52,"Total Academic Terms",I44:I52)*(Y7+Y9)+SUMIF($E$44:$E$52,"Total Summer Terms",I44:I52)*(Y8+Y10),0) -> 0 | P85: =IF($A$1>4,ROUND(VLOOKUP(VLOOKUP($D85,$AK$7:$AL$14,2,FALSE),'Eclass OPE Rates'!$A$26:$F$33,6,FALSE)*SUM(P42:P50),0)+SUMIF($E$44:$E$52,"Total Academic Terms",J44:J52)*(Z7+Z9)+SUMIF($E$44:$E$52,"Total Summer Terms",J44:J52)*(Z8+Z10),0) -> 0 | Q85: =SUM(L85:P85) -> 0
K86: Total Fringe Benefits | L86: =SUM(L57:L85) -> 0 | M86: =IF($A$1>1,SUM(M57:M85),0) -> 0 | N86: =IF($A$1>2,SUM(N57:N85),0) -> 0 | O86: =IF($A$1>3,SUM(O57:O85),0) -> 0 | P86: =IF($A$1>4,SUM(P57:P85),0) -> 0 | Q86: =SUM(L86:P86) -> 0
A88: A. | B88: Senior Key Personnel | K88: Senior Key Personnel | L88: =SUMIF($C:$C,"Senior/Key Personnel",L:L) -> 0 | M88: =SUMIF($C:$C,"Senior/Key Personnel",M:M) -> 0 | N88: =SUMIF($C:$C,"Senior/Key Personnel",N:N) -> 0 | O88: =SUMIF($C:$C,"Senior/Key Personnel",O:O) -> 0 | P88: =SUMIF($C:$C,"Senior/Key Personnel",P:P) -> 0 | Q88: =SUMIF($C:$C,"Senior/Key Personnel",Q:Q) -> 0
A89: B. | B89: Other Personnel | K89: Other Personnel | L89: =SUMIF($C:$C,"Other Personnel",L:L) -> 0 | M89: =SUMIF($C:$C,"Other Personnel",M:M) -> 0 | N89: =SUMIF($C:$C,"Other Personnel",N:N) -> 0 | O89: =SUMIF($C:$C,"Other Personnel",O:O) -> 0 | P89: =SUMIF($C:$C,"Other Personnel",P:P) -> 0 | Q89: =SUMIF($C:$C,"Other Personnel",Q:Q) -> 0
B90: TOTAL PERSONNEL | K90: TOTAL PERSONNEL | L90: =SUM(L53,L86) -> 0 | M90: =IF($A$1>1,SUM(M53,M86),0) -> 0 | N90: =IF($A$1>2,SUM(N53,N86),0) -> 0 | O90: =IF($A$1>3,SUM(O53,O86),0) -> 0 | P90: =IF($A$1>4,SUM(P53,P86),0) -> 0 | Q90: =SUM(L90:P90) -> 0
A93: C. | B93: EQUIPMENT ($5000 or more/unit)
Q94: =SUM(L94:P94) -> 0
Q95: =SUM(L95:P95) -> 0
K96: Total Equipment | L96: =SUM(L94:L95) -> 0 | M96: =IF($A$1>1,SUM(M94:M95),0) -> 0 | N96: =IF($A$1>2,SUM(N94:N95),0) -> 0 | O96: =IF($A$1>3,SUM(O94:O95),0) -> 0 | P96: =IF($A$1>4,SUM(P94:P95),0) -> 0 | Q96: =SUM(L96:P96) -> 0
A97: D. | B97: TRAVEL
B98: Domestic | M98: =IF($A$1>1,ROUND($L98*$V$16,0),0) -> 0 | N98: =IF($A$1>2,ROUND($L98*$V$16^2,0),0) -> 0 | O98: =IF($A$1>3,ROUND($L98*$V$16^3,0),0) -> 0 | P98: =IF($A$1>4,ROUND($L98*$V$16^4,0),0) -> 0 | Q98: =SUM(L98:P98) -> 0
M99: =IF($A$1>1,ROUND($L99*$V$16,0),0) -> 0 | N99: =IF($A$1>2,ROUND($L99*$V$16^2,0),0) -> 0 | O99: =IF($A$1>3,ROUND($L99*$V$16^3,0),0) -> 0 | P99: =IF($A$1>4,ROUND($L99*$V$16^4,0),0) -> 0 | Q99: =SUM(L99:P99) -> 0
B100: Foreign | M100: =IF($A$1>1,ROUND($L100*$V$16,0),0) -> 0 | N100: =IF($A$1>2,ROUND($L100*$V$16^2,0),0) -> 0 | O100: =IF($A$1>3,ROUND($L100*$V$16^3,0),0) -> 0 | P100: =IF($A$1>4,ROUND($L100*$V$16^4,0),0) -> 0 | Q100: =SUM(L100:P100) -> 0
M101: =IF($A$1>1,ROUND($L101*$V$16,0),0) -> 0 | N101: =IF($A$1>2,ROUND($L101*$V$16^2,0),0) -> 0 | O101: =IF($A$1>3,ROUND($L101*$V$16^3,0),0) -> 0 | P101: =IF($A$1>4,ROUND($L101*$V$16^4,0),0) -> 0 | Q101: =SUM(L101:P101) -> 0
K102: Total Travel | L102: =SUM(L98:L101) -> 0 | M102: =IF($A$1>1,SUM(M98:M101),0) -> 0 | N102: =IF($A$1>2,SUM(N98:N101),0) -> 0 | O102: =IF($A$1>3,SUM(O98:O101),0) -> 0 | P102: =IF($A$1>4,SUM(P98:P101),0) -> 0 | Q102: =SUM(L102:P102) -> 0
S103: 2 CFR §200.75 Participant support costs:
A104: E. | B104: PARTICIPANT/TRAINEE SUPPORT COSTS | S104: Participant support costs means direct costs for items such as stipends or subsistence allowances, travel allowances,
B105: Stipend | M105: =IF($A$1>1,ROUND(L105*$V$16,0),0) -> 0 | N105: =IF($A$1>2,ROUND(L105*$V$16^2,0),0) -> 0 | O105: =IF($A$1>3,ROUND(L105*$V$16^3,0),0) -> 0 | P105: =IF($A$1>4,ROUND(L105*$V$16^4,0),0) -> 0 | Q105: =SUM(L105:P105) -> 0 | S105: and registration fees paid to or on behalf of participants or trainees (but not employees) in connection with conferences, or
B106: Travel | L106: 0 | M106: =IF($A$1>1,ROUND(L106*$V$16,0),0) -> 0 | N106: =IF($A$1>2,ROUND(L106*$V$16^2,0),0) -> 0 | O106: =IF($A$1>3,ROUND(L106*$V$16^3,0),0) -> 0 | P106: =IF($A$1>4,ROUND(L106*$V$16^4,0),0) -> 0 | Q106: =SUM(L106:P106) -> 0 | S106: training projects.
B107: Subsistence | L107: 0 | M107: =IF($A$1>1,ROUND(L107*$V$16,0),0) -> 0 | N107: =IF($A$1>2,ROUND(L107*$V$16^2,0),0) -> 0 | O107: =IF($A$1>3,ROUND(L107*$V$16^3,0),0) -> 0 | P107: =IF($A$1>4,ROUND(L107*$V$16^4,0),0) -> 0 | Q107: =SUM(L107:P107) -> 0 | S107: 2 CFR §200.456 Participant Support costs:
B108: Other | L108: 0 | M108: =IF($A$1>1,ROUND(L108*$V$16,0),0) -> 0 | N108: =IF($A$1>2,ROUND(L108*$V$16^2,0),0) -> 0 | O108: =IF($A$1>3,ROUND(L108*$V$16^3,0),0) -> 0 | P108: =IF($A$1>4,ROUND(L108*$V$16^4,0),0) -> 0 | Q108: =SUM(L108:P108) -> 0 | S108: Participant support costs as defined in §200.75 Participant support costs are allowable with the prior approval of the Federal awarding agency.
K109: Total Participant Support | L109: =SUM(L105:L108) -> 0 | M109: =IF($A$1>1,SUM(M105:M108),0) -> 0 | N109: =IF($A$1>2,SUM(N105:N108),0) -> 0 | O109: =IF($A$1>3,SUM(O105:O108),0) -> 0 | P109: =IF($A$1>4,SUM(P105:P108),0) -> 0 | Q109: =SUM(L109:P109) -> 0
A111: F. | B111: OTHER DIRECT COSTS | K111: Totat Other Direct Costs | L111: =L118+L124+L131+L137+L154+L158+L163+L169+L176+L182 -> 0 | M111: =M118+M124+M131+M137+M154+M158+M163+M169+M176+M182 -> 0 | N111: =N118+N124+N131+N137+N154+N158+N163+N169+N176+N182 -> 0 | O111: =O118+O124+O131+O137+O154+O158+O163+O169+O176+O182 -> 0 | P111: =P118+P124+P131+P137+P154+P158+P163+P169+P176+P182 -> 0 | Q111: =Q118+Q124+Q131+Q137+Q154+Q158+Q163+Q169+Q176+Q182 -> 0
...

Sheet SF424 Form Summary
B2: SF 424 Form Details
B3: EPCS Number | C3: ='R&R Generic Detailed Budget'!D3 -> 0
B4: Project Period | C4: =CONCATENATE(TEXT('R&R Generic Detailed Budget'!L6,"mm/dd/yyyy")," - ",TEXT('R&R Generic Detailed Budget'!$P$7,"mm/dd/yyyy")) -> 07/01/2026 - 06/30/2031
A6: Prefix | B6: SF424 Budget Categories | C6: YEAR 1 | D6: YEAR 2 | E6: YEAR 3 | F6: YEAR 4 | G6: YEAR 5 | H6: TOTAL | K6: DGA Instructions:
C7: =CONCATENATE(TEXT('R&R Generic Detailed Budget'!$L$6,"mm/dd/yyyy")," - ",TEXT('R&R Generic Detailed Budget'!$L$7,"mm/dd/yyyy")) -> 07/01/2026 - 06/30/2027 | D7: =CONCATENATE(TEXT('R&R Generic Detailed Budget'!$M$6,"mm/dd/yyyy")," - ",TEXT('R&R Generic Detailed Budget'!$M$7,"mm/dd/yyyy")) -> 07/01/2027 - 06/30/2028 | E7: =CONCATENATE(TEXT('R&R Generic Detailed Budget'!$N$6,"mm/dd/yyyy")," - ",TEXT('R&R Generic Detailed Budget'!$N$7,"mm/dd/yyyy")) -> 07/01/2028 - 06/30/2029 | F7: =CONCATENATE(TEXT('R&R Generic Detailed Budget'!$O$6,"mm/dd/yyyy")," - ",TEXT('R&R Generic Detailed Budget'!$O$7,"mm/dd/yyyy")) -> 07/01/2029 - 06/30/2030 | G7: =CONCATENATE(TEXT('R&R Generic Detailed Budget'!$P$6,"mm/dd/yyyy")," - ",TEXT('R&R Generic Detailed Budget'!$P$7,"mm/dd/yyyy")) -> 07/01/2030 - 06/30/2031 | K7: - Add Employee names in column K gray highlighted cells - Employee names must match names listed in R&R Generic Detailed Budget - Undergraduate and Graduate Students are already entered. -Once employees are entered, details in cells L3:AI30 will autopopulate | AL7: =IF($J7="","",SUMIF(Personnel_Data,$J7,'Personnel Data'!H:H)) | AM7: =IF($J7="","",SUMIF(Personnel_Data,$J7,'Personnel Data'!I:I)) | AN7: =IF($J7="","",SUMIF(Personnel_Data,$J7,'Personnel Data'!J:J)) | AO7: =IF($J7="","",SUMIF(Personnel_Data,$J7,'Personnel Data'!K:K))
A8: A. | B8: Senior/Key Personnel | C8: =SUMIF('R&R Generic Detailed Budget'!$C:$C,'SF424 Form Summary'!$B8,'R&R Generic Detailed Budget'!L:L) -> 0 | D8: =SUMIF('R&R Generic Detailed Budget'!$C:$C,'SF424 Form Summary'!$B8,'R&R Generic Detailed Budget'!M:M) -> 0 | E8: =SUMIF('R&R Generic Detailed Budget'!$C:$C,'SF424 Form Summary'!$B8,'R&R Generic Detailed Budget'!N:N) -> 0 | F8: =SUMIF('R&R Generic Detailed Budget'!$C:$C,'SF424 Form Summary'!$B8,'R&R Generic Detailed Budget'!O:O) -> 0 | G8: =SUMIF('R&R Generic Detailed Budget'!$C:$C,'SF424 Form Summary'!$B8,'R&R Generic Detailed Budget'!P:P) -> 0 | H8: =SUM(C8:G8) -> 0 | K8: SENIOR/KEY PERSONNEL | L8: Year 1 Cal Mos | M8: Year 1 Salary | N8: Year 1 Fringe | O8: Year 1 TOTAL | Q8: Year 2 Cal Mos | R8: Year 2 Salary | S8: Year 2 Fringe | T8: Year 2 TOTAL | V8: Year 3 Cal Mos | W8: Year 3 Salary | X8: Year 3 Fringe | Y8: Year 3 TOTAL | AA8: Year 4 Cal Mos | AB8: Year 4 Salary | AC8: Year 4 Fringe | AD8: Year 4 TOTAL | AF8: Year 5 Cal Mos | AG8: Year 5 Salary | AH8: Year 5 Fringe | AI8: Year 5 TOTAL | AK8: Year 1 Base | AL8: Year 2 Base | AM8: Year 3 Base | AN8: Year 4 Base | AO8: Year 5 Base
A9: B. | B9: Other Personnel | C9: =SUMIF('R&R Generic Detailed Budget'!$C:$C,'SF424 Form Summary'!$B9,'R&R Generic Detailed Budget'!L:L) -> 0 | D9: =SUMIF('R&R Generic Detailed Budget'!$C:$C,'SF424 Form Summary'!$B9,'R&R Generic Detailed Budget'!M:M) -> 0 | E9: =SUMIF('R&R Generic Detailed Budget'!$C:$C,'SF424 Form Summary'!$B9,'R&R Generic Detailed Budget'!N:N) -> 0 | F9: =SUMIF('R&R Generic Detailed Budget'!$C:$C,'SF424 Form Summary'!$B9,'R&R Generic Detailed Budget'!O:O) -> 0 | G9: =SUMIF('R&R Generic Detailed Budget'!$C:$C,'SF424 Form Summary'!$B9,'R&R Generic Detailed Budget'!P:P) -> 0 | H9: =SUM(C9:G9) -> 0 | L9: =IF($K9="","",SUMIF(Personnel_Data,$K9,'Personnel Data'!S:S)) | M9: =IF($K9="","",SUMIF(Personnel_Data,$K9,'Personnel Data'!Z:Z)) | N9: =IF($K9="","",SUMIF(Personnel_Data,$K9,'Personnel Data'!AM:AM)) | O9: =SUM(M9:N9) -> 0 | Q9: =IF($K9="","",SUMIF(Personnel_Data,$K9,'Personnel Data'!T:T)) | R9: =IF($K9="","",SUMIF(Personnel_Data,$K9,'Personnel Data'!AA:AA)) | S9: =IF($K9="","",SUMIF(Personnel_Data,$K9,'Personnel Data'!AN:AN)) | T9: =SUM(R9:S9) -> 0 | V9: =IF($K9="","",SUMIF(Personnel_Data,$K9,'Personnel Data'!U:U)) | W9: =IF($K9="","",SUMIF(Personnel_Data,$K9,'Personnel Data'!AB:AB)) | X9: =IF($K9="","",SUMIF(Personnel_Data,$K9,'Personnel Data'!AO:AO)) | Y9: =SUM(W9:X9) -> 0 | AA9: =IF($K9="","",SUMIF(Personnel_Data,$K9,'Personnel Data'!V:V)) | AB9: =IF($K9="","",SUMIF(Personnel_Data,$K9,'Personnel Data'!AC:AC)) | AC9: =IF($K9="","",SUMIF(Personnel_Data,$K9,'Personnel Data'!AP:AP)) | AD9: =SUM(AB9:AC9) -> 0 | AF9: =IF($K9="","",SUMIF(Personnel_Data,$K9,'Personnel Data'!W:W)) | AG9: =IF($K9="","",SUMIF(Personnel_Data,$K9,'Personnel Data'!AD:AD)) | AH9: =IF($K9="","",SUMIF(Personnel_Data,$K9,'Personnel Data'!AQ:AQ)) | AI9: =SUM(AG9:AH9) -> 0 | AK9: =IF($K9="","",SUMIF(Personnel_Data,$K9,'Personnel Data'!G:G)) | AL9: =IF($K9="","",SUMIF(Personnel_Data,$K9,'Personnel Data'!H:H)) | AM9: =IF($K9="","",SUMIF(Personnel_Data,$K9,'Personnel Data'!I:I)) | AN9: =IF($K9="","",SUMIF(Personnel_Data,$K9,'Personnel Data'!J:J)) | AO9: =IF($K9="","",SUMIF(Personnel_Data,$K9,'Personnel Data'!K:K))
A10: C. | B10: Equipment | C10: ='R&R Generic Detailed Budget'!L96 -> 0 | D10: ='R&R Generic Detailed Budget'!M96 -> 0 | E10: ='R&R Generic Detailed Budget'!N96 -> 0 | F10: ='R&R Generic Detailed Budget'!O96 -> 0 | G10: ='R&R Generic Detailed Budget'!P96 -> 0 | H10: =SUM(C10:G10) -> 0 | L10: =IF($K10="","",SUMIF(Personnel_Data,$K10,'Personnel Data'!S:S)) | M10: =IF($K10="","",SUMIF(Personnel_Data,$K10,'Personnel Data'!Z:Z)) | N10: =IF($K10="","",SUMIF(Personnel_Data,$K10,'Personnel Data'!AM:AM)) | O10: =SUM(M10:N10) -> 0 | Q10: =IF($K10="","",SUMIF(Personnel_Data,$K10,'Personnel Data'!T:T)) | R10: =IF($K10="","",SUMIF(Personnel_Data,$K10,'Personnel Data'!AA:AA)) | S10: =IF($K10="","",SUMIF(Personnel_Data,$K10,'Personnel Data'!AN:AN)) | T10: =SUM(R10:S10) -> 0 | V10: =IF($K10="","",SUMIF(Personnel_Data,$K10,'Personnel Data'!U:U)) | W10: =IF($K10="","",SUMIF(Personnel_Data,$K10,'Personnel Data'!AB:AB)) | X10: =IF($K10="","",SUMIF(Personnel_Data,$K10,'Personnel Data'!AO:AO)) | Y10: =SUM(W10:X10) -> 0 | AA10: =IF($K10="","",SUMIF(Personnel_Data,$K10,'Personnel Data'!V:V)) | AB10: =IF($K10="","",SUMIF(Personnel_Data,$K10,'Personnel Data'!AC:AC)) | AC10: =IF($K10="","",SUMIF(Personnel_Data,$K10,'Personnel Data'!AP:AP)) | AD10: =SUM(AB10:AC10) -> 0 | AF10: =IF($K10="","",SUMIF(Personnel_Data,$K10,'Personnel Data'!W:W)) | AG10: =IF($K10="","",SUMIF(Personnel_Data,$K10,'Personnel Data'!AD:AD)) | AH10: =IF($K10="","",SUMIF(Personnel_Data,$K10,'Personnel Data'!AQ:AQ)) | AI10: =SUM(AG10:AH10) -> 0 | AK10: =IF($K10="","",SUMIF(Personnel_Data,$K10,'Personnel Data'!G:G)) | AL10: =IF($K10="","",SUMIF(Personnel_Data,$K10,'Personnel Data'!H:H)) | AM10: =IF($K10="","",SUMIF(Personnel_Data,$K10,'Personnel Data'!I:I)) | AN10: =IF($K10="","",SUMIF(Personnel_Data,$K10,'Personnel Data'!J:J)) | AO10: =IF($K10="","",SUMIF(Personnel_Data,$K10,'Personnel Data'!K:K))
A11: D. | B11: Travel | C11: ='R&R Generic Detailed Budget'!L102 -> 0 | D11: ='R&R Generic Detailed Budget'!M102 -> 0 | E11: ='R&R Generic Detailed Budget'!N102 -> 0 | F11: ='R&R Generic Detailed Budget'!O102 -> 0 | G11: ='R&R Generic Detailed Budget'!P102 -> 0 | H11: =SUM(C11:G11) -> 0 | L11: =IF($K11="","",SUMIF(Personnel_Data,$K11,'Personnel Data'!S:S)) | M11: =IF($K11="","",SUMIF(Personnel_Data,$K11,'Personnel Data'!Z:Z)) | N11: =IF($K11="","",SUMIF(Personnel_Data,$K11,'Personnel Data'!AM:AM)) | O11: =SUM(M11:N11) -> 0 | Q11: =IF($K11="","",SUMIF(Personnel_Data,$K11,'Personnel Data'!T:T)) | R11: =IF($K11="","",SUMIF(Personnel_Data,$K11,'Personnel Data'!AA:AA)) | S11: =IF($K11="","",SUMIF(Personnel_Data,$K11,'Personnel Data'!AN:AN)) | T11: =SUM(R11:S11) -> 0 | V11: =IF($K11="","",SUMIF(Personnel_Data,$K11,'Personnel Data'!U:U)) | W11: =IF($K11="","",SUMIF(Personnel_Data,$K11,'Personnel Data'!AB:AB)) | X11: =IF($K11="","",SUMIF(Personnel_Data,$K11,'Personnel Data'!AO:AO)) | Y11: =SUM(W11:X11) -> 0 | AA11: =IF($K11="","",SUMIF(Personnel_Data,$K11,'Personnel Data'!V:V)) | AB11: =IF($K11="","",SUMIF(Personnel_Data,$K11,'Personnel Data'!AC:AC)) | AC11: =IF($K11="","",SUMIF(Personnel_Data,$K11,'Personnel Data'!AP:AP)) | AD11: =SUM(AB11:AC11) -> 0 | AF11: =IF($K11="","",SUMIF(Personnel_Data,$K11,'Personnel Data'!W:W)) | AG11: =IF($K11="","",SUMIF(Personnel_Data,$K11,'Personnel Data'!AD:AD)) | AH11: =IF($K11="","",SUMIF(Personnel_Data,$K11,'Personnel Data'!AQ:AQ)) | AI11: =SUM(AG11:AH11) -> 0 | AK11: =IF($K11="","",SUMIF(Personnel_Data,$K11,'Personnel Data'!G:G)) | AL11: =IF($K11="","",SUMIF(Personnel_Data,$K11,'Personnel Data'!H:H)) | AM11: =IF($K11="","",SUMIF(Personnel_Data,$K11,'Personnel Data'!I:I)) | AN11: =IF($K11="","",SUMIF(Personnel_Data,$K11,'Personnel Data'!J:J)) | AO11: =IF($K11="","",SUMIF(Personnel_Data,$K11,'Personnel Data'!K:K))
A12: E. | B12: Participant/Trainee Support Costs | C12: ='R&R Generic Detailed Budget'!L109 -> 0 | D12: ='R&R Generic Detailed Budget'!M109 -> 0 | E12: ='R&R Generic Detailed Budget'!N109 -> 0 | F12: ='R&R Generic Detailed Budget'!O109 -> 0 | G12: ='R&R Generic Detailed Budget'!P109 -> 0 | H12: =SUM(C12:G12) -> 0 | L12: =IF($K12="","",SUMIF(Personnel_Data,$K12,'Personnel Data'!S:S)) | M12: =IF($K12="","",SUMIF(Personnel_Data,$K12,'Personnel Data'!Z:Z)) | N12: =IF($K12="","",SUMIF(Personnel_Data,$K12,'Personnel Data'!AM:AM)) | O12: =SUM(M12:N12) -> 0 | Q12: =IF($K12="","",SUMIF(Personnel_Data,$K12,'Personnel Data'!T:T)) | R12: =IF($K12="","",SUMIF(Personnel_Data,$K12,'Personnel Data'!AA:AA)) | S12: =IF($K12="","",SUMIF(Personnel_Data,$K12,'Personnel Data'!AN:AN)) | T12: =SUM(R12:S12) -> 0 | V12: =IF($K12="","",SUMIF(Personnel_Data,$K12,'Personnel Data'!U:U)) | W12: =IF($K12="","",SUMIF(Personnel_Data,$K12,'Personnel Data'!AB:AB)) | X12: =IF($K12="","",SUMIF(Personnel_Data,$K12,'Personnel Data'!AO:AO)) | Y12: =SUM(W12:X12) -> 0 | AA12: =IF($K12="","",SUMIF(Personnel_Data,$K12,'Personnel Data'!V:V)) | AB12: =IF($K12="","",SUMIF(Personnel_Data,$K12,'Personnel Data'!AC:AC)) | AC12: =IF($K12="","",SUMIF(Personnel_Data,$K12,'Personnel Data'!AP:AP)) | AD12: =SUM(AB12:AC12) -> 0 | AF12: =IF($K12="","",SUMIF(Personnel_Data,$K12,'Personnel Data'!W:W)) | AG12: =IF($K12="","",SUMIF(Personnel_Data,$K12,'Personnel Data'!AD:AD)) | AH12: =IF($K12="","",SUMIF(Personnel_Data,$K12,'Personnel Data'!AQ:AQ)) | AI12: =SUM(AG12:AH12) -> 0 | AK12: =IF($K12="","",SUMIF(Personnel_Data,$K12,'Personnel Data'!G:G)) | AL12: =IF($K12="","",SUMIF(Personnel_Data,$K12,'Personnel Data'!H:H)) | AM12: =IF($K12="","",SUMIF(Personnel_Data,$K12,'Personnel Data'!I:I)) | AN12: =IF($K12="","",SUMIF(Personnel_Data,$K12,'Personnel Data'!J:J)) | AO12: =IF($K12="","",SUMIF(Personnel_Data,$K12,'Personnel Data'!K:K))
A13: F. | B13: Other Direct Costs | C13: =SUM(C14:C18)+SUM(C22:C26) -> 0 | D13: =SUM(D14:D18)+SUM(D22:D26) -> 0 | E13: ='R&R Generic Detailed Budget'!N111 -> 0 | F13: ='R&R Generic Detailed Budget'!O111 -> 0 | G13: ='R&R Generic Detailed Budget'!P111 -> 0 | H13: =SUM(C13:G13) -> 0 | L13: =IF(K13="","",VLOOKUP($K13,Personnel_Data,19,FALSE)) | M13: =IF($K13="","",SUMIF(Personnel_Data,$K13,'Personnel Data'!Z:Z)) | N13: =IF(L13="","",SUMIF(Personnel_Data,$K13,'Personnel Data'!AM:AM)) | O13: =SUM(M13:N13) -> 0 | Q13: =IF($K13="","",SUMIF(Personnel_Data,$K13,'Personnel Data'!T:T)) | R13: =IF($K13="","",SUMIF(Personnel_Data,$K13,'Personnel Data'!AA:AA)) | S13: =IF($K13="","",SUMIF(Personnel_Data,$K13,'Personnel Data'!AN:AN)) | T13: =SUM(R13:S13) -> 0 | V13: =IF($K13="","",SUMIF(Personnel_Data,$K13,'Personnel Data'!U:U)) | W13: =IF($K13="","",SUMIF(Personnel_Data,$K13,'Personnel Data'!AB:AB)) | X13: =IF($K13="","",SUMIF(Personnel_Data,$K13,'Personnel Data'!AO:AO)) | Y13: =SUM(W13:X13) -> 0 | AA13: =IF($K13="","",SUMIF(Personnel_Data,$K13,'Personnel Data'!V:V)) | AB13: =IF($K13="","",SUMIF(Personnel_Data,$K13,'Personnel Data'!AC:AC)) | AC13: =IF($K13="","",SUMIF(Personnel_Data,$K13,'Personnel Data'!AP:AP)) | AD13: =SUM(AB13:AC13) -> 0 | AF13: =IF($K13="","",SUMIF(Personnel_Data,$K13,'Personnel Data'!W:W)) | AG13: =IF($K13="","",SUMIF(Personnel_Data,$K13,'Personnel Data'!AD:AD)) | AH13: =IF($K13="","",SUMIF(Personnel_Data,$K13,'Personnel Data'!AQ:AQ)) | AI13: =SUM(AG13:AH13) -> 0 | AK13: =IF($K13="","",SUMIF(Personnel_Data,$K13,'Personnel Data'!G:G)) | AL13: =IF($K13="","",SUMIF(Personnel_Data,$K13,'Personnel Data'!H:H)) | AM13: =IF($K13="","",SUMIF(Personnel_Data,$K13,'Personnel Data'!I:I)) | AN13: =IF($K13="","",SUMIF(Personnel_Data,$K13,'Personnel Data'!J:J)) | AO13: =IF($K13="","",SUMIF(Personnel_Data,$K13,'Personnel Data'!K:K))
A14: F.1. | B14: Materials and Supplies | C14: ='R&R Generic Detailed Budget'!L118 -> 0 | D14: ='R&R Generic Detailed Budget'!M118 -> 0 | E14: ='R&R Generic Detailed Budget'!N118 -> 0 | F14: ='R&R Generic Detailed Budget'!O118 -> 0 | G14: ='R&R Generic Detailed Budget'!P118 -> 0 | H14: =SUM(C14:G14) -> 0 | L14: =IF(K14="","",VLOOKUP($K14,Personnel_Data,19,FALSE)) | M14: =IF($K14="","",SUMIF(Personnel_Data,$K14,'Personnel Data'!Z:Z)) | N14: =IF(L14="","",SUMIF(Personnel_Data,$K14,'Personnel Data'!AM:AM)) | O14: =SUM(M14:N14) -> 0 | Q14: =IF($K14="","",SUMIF(Personnel_Data,$K14,'Personnel Data'!T:T)) | R14: =IF($K14="","",SUMIF(Personnel_Data,$K14,'Personnel Data'!AA:AA)) | S14: =IF($K14="","",SUMIF(Personnel_Data,$K14,'Personnel Data'!AN:AN)) | T14: =SUM(R14:S14) -> 0 | V14: =IF($K14="","",SUMIF(Personnel_Data,$K14,'Personnel Data'!U:U)) | W14: =IF($K14="","",SUMIF(Personnel_Data,$K14,'Personnel Data'!AB:AB)) | X14: =IF($K14="","",SUMIF(Personnel_Data,$K14,'Personnel Data'!AO:AO)) | Y14: =SUM(W14:X14) -> 0 | AA14: =IF($K14="","",SUMIF(Personnel_Data,$K14,'Personnel Data'!V:V)) | AB14: =IF($K14="","",SUMIF(Personnel_Data,$K14,'Personnel Data'!AC:AC)) | AC14: =IF($K14="","",SUMIF(Personnel_Data,$K14,'Personnel Data'!AP:AP)) | AD14: =SUM(AB14:AC14) -> 0 | AF14: =IF($K14="","",SUMIF(Personnel_Data,$K14,'Personnel Data'!W:W)) | AG14: =IF($K14="","",SUMIF(Personnel_Data,$K14,'Personnel Data'!AD:AD)) | AH14: =IF($K14="","",SUMIF(Personnel_Data,$K14,'Personnel Data'!AQ:AQ)) | AI14: =SUM(AG14:AH14) -> 0 | AK14: =IF($K14="","",SUMIF(Personnel_Data,$K14,'Personnel Data'!G:G)) | AL14: =IF($K14="","",SUMIF(Personnel_Data,$K14,'Personnel Data'!H:H)) | AM14: =IF($K14="","",SUMIF(Personnel_Data,$K14,'Personnel Data'!I:I)) | AN14: =IF($K14="","",SUMIF(Personnel_Data,$K14,'Personnel Data'!J:J)) | AO14: =IF($K14="","",SUMIF(Personnel_Data,$K14,'Personnel Data'!K:K))
A15: F.2. | B15: Publication Costs | C15: ='R&R Generic Detailed Budget'!L124 -> 0 | D15: ='R&R Generic Detailed Budget'!M124 -> 0 | E15: ='R&R Generic Detailed Budget'!N124 -> 0 | F15: ='R&R Generic Detailed Budget'!O124 -> 0 | G15: ='R&R Generic Detailed Budget'!P124 -> 0 | H15: =SUM(C15:G15) -> 0 | L15: =IF(K15="","",VLOOKUP($K15,Personnel_Data,19,FALSE)) | M15: =IF($K15="","",SUMIF(Personnel_Data,$K15,'Personnel Data'!Z:Z)) | N15: =IF(L15="","",SUMIF(Personnel_Data,$K15,'Personnel Data'!AM:AM)) | O15: =SUM(M15:N15) -> 0 | Q15: =IF($K15="","",SUMIF(Personnel_Data,$K15,'Personnel Data'!T:T)) | R15: =IF($K15="","",SUMIF(Personnel_Data,$K15,'Personnel Data'!AA:AA)) | S15: =IF($K15="","",SUMIF(Personnel_Data,$K15,'Personnel Data'!AN:AN)) | T15: =SUM(R15:S15) -> 0 | V15: =IF($K15="","",SUMIF(Personnel_Data,$K15,'Personnel Data'!U:U)) | W15: =IF($K15="","",SUMIF(Personnel_Data,$K15,'Personnel Data'!AB:AB)) | X15: =IF($K15="","",SUMIF(Personnel_Data,$K15,'Personnel Data'!AO:AO)) | Y15: =SUM(W15:X15) -> 0 | AA15: =IF($K15="","",SUMIF(Personnel_Data,$K15,'Personnel Data'!V:V)) | AB15: =IF($K15="","",SUMIF(Personnel_Data,$K15,'Personnel Data'!AC:AC)) | AC15: =IF($K15="","",SUMIF(Personnel_Data,$K15,'Personnel Data'!AP:AP)) | AD15: =SUM(AB15:AC15) -> 0 | AF15: =IF($K15="","",SUMIF(Personnel_Data,$K15,'Personnel Data'!W:W)) | AG15: =IF($K15="","",SUMIF(Personnel_Data,$K15,'Personnel Data'!AD:AD)) | AH15: =IF($K15="","",SUMIF(Personnel_Data,$K15,'Personnel Data'!AQ:AQ)) | AI15: =SUM(AG15:AH15) -> 0 | AK15: =IF($K15="","",SUMIF(Personnel_Data,$K15,'Personnel Data'!G:G)) | AL15: =IF($K15="","",SUMIF(Personnel_Data,$K15,'Personnel Data'!H:H)) | AM15: =IF($K15="","",SUMIF(Personnel_Data,$K15,'Personnel Data'!I:I)) | AN15: =IF($K15="","",SUMIF(Personnel_Data,$K15,'Personnel Data'!J:J)) | AO15: =IF($K15="","",SUMIF(Personnel_Data,$K15,'Personnel Data'!K:K))
A16: F.3. | B16: Consultant Services | C16: ='R&R Generic Detailed Budget'!L131 -> 0 | D16: ='R&R Generic Detailed Budget'!M131 -> 0 | E16: ='R&R Generic Detailed Budget'!N131 -> 0 | F16: ='R&R Generic Detailed Budget'!O131 -> 0 | G16: ='R&R Generic Detailed Budget'!P131 -> 0 | H16: =SUM(C16:G16) -> 0 | L16: =IF(K16="","",VLOOKUP($K16,Personnel_Data,19,FALSE)) | M16: =IF($K16="","",SUMIF(Personnel_Data,$K16,'Personnel Data'!Z:Z)) | N16: =IF(L16="","",SUMIF(Personnel_Data,$K16,'Personnel Data'!AM:AM)) | O16: =SUM(M16:N16) -> 0 | Q16: =IF($K16="","",SUMIF(Personnel_Data,$K16,'Personnel Data'!T:T)) | R16: =IF($K16="","",SUMIF(Personnel_Data,$K16,'Personnel Data'!AA:AA)) | S16: =IF($K16="","",SUMIF(Personnel_Data,$K16,'Personnel Data'!AN:AN)) | T16: =SUM(R16:S16) -> 0 | V16: =IF($K16="","",SUMIF(Personnel_Data,$K16,'Personnel Data'!U:U)) | W16: =IF($K16="","",SUMIF(Personnel_Data,$K16,'Personnel Data'!AB:AB)) | X16: =IF($K16="","",SUMIF(Personnel_Data,$K16,'Personnel Data'!AO:AO)) | Y16: =SUM(W16:X16) -> 0 | AA16: =IF($K16="","",SUMIF(Personnel_Data,$K16,'Personnel Data'!V:V)) | AB16: =IF($K16="","",SUMIF(Personnel_Data,$K16,'Personnel Data'!AC:AC)) | AC16: =IF($K16="","",SUMIF(Personnel_Data,$K16,'Personnel Data'!AP:AP)) | AD16: =SUM(AB16:AC16) -> 0 | AF16: =IF($K16="","",SUMIF(Personnel_Data,$K16,'Personnel Data'!W:W)) | AG16: =IF($K16="","",SUMIF(Personnel_Data,$K16,'Personnel Data'!AD:AD)) | AH16: =IF($K16="","",SUMIF(Personnel_Data,$K16,'Personnel Data'!AQ:AQ)) | AI16: =SUM(AG16:AH16) -> 0 | AK16: =IF($K16="","",SUMIF(Personnel_Data,$K16,'Personnel Data'!G:G)) | AL16: =IF($K16="","",SUMIF(Personnel_Data,$K16,'Personnel Data'!H:H)) | AM16: =IF($K16="","",SUMIF(Personnel_Data,$K16,'Personnel Data'!I:I)) | AN16: =IF($K16="","",SUMIF(Personnel_Data,$K16,'Personnel Data'!J:J)) | AO16: =IF($K16="","",SUMIF(Personnel_Data,$K16,'Personnel Data'!K:K))
A17: F.4. | B17: ADP/Computer Services | C17: ='R&R Generic Detailed Budget'!L137 -> 0 | D17: ='R&R Generic Detailed Budget'!M137 -> 0 | E17: ='R&R Generic Detailed Budget'!N137 -> 0 | F17: ='R&R Generic Detailed Budget'!O137 -> 0 | G17: ='R&R Generic Detailed Budget'!P137 -> 0 | H17: =SUM(C17:G17) -> 0 | Q17: =IF($K17="","",SUMIF(Personnel_Data,$K17,'Personnel Data'!T:T)) | R17: =IF($K17="","",SUMIF(Personnel_Data,$K17,'Personnel Data'!AA:AA)) | S17: =IF($K17="","",SUMIF(Personnel_Data,$K17,'Personnel Data'!AN:AN)) | AK17: =IF($K17="","",SUMIF(Personnel_Data,$K17,'Personnel Data'!G:G)) | AL17: =IF($K17="","",SUMIF(Personnel_Data,$K17,'Personnel Data'!H:H)) | AM17: =IF($K17="","",SUMIF(Personnel_Data,$K17,'Personnel Data'!I:I)) | AN17: =IF($K17="","",SUMIF(Personnel_Data,$K17,'Personnel Data'!J:J)) | AO17: =IF($K17="","",SUMIF(Personnel_Data,$K17,'Personnel Data'!K:K))
A18: F.5. | B18: Subawards/Consortium/Contractual Costs | C18: ='R&R Generic Detailed Budget'!L154 -> 0 | D18: ='R&R Generic Detailed Budget'!M154 -> 0 | E18: ='R&R Generic Detailed Budget'!N154 -> 0 | F18: ='R&R Generic Detailed Budget'!O154 -> 0 | G18: ='R&R Generic Detailed Budget'!P154 -> 0 | H18: =SUM(C18:G18) -> 0 | K18: OTHER PERSONNEL | L18: Year 1 Cal Mos | M18: Year 1 Salary | N18: Year 1 Fringe | O18: Year 1 TOTAL | Q18: Year 2 Cal Mos | R18: Year 2 Salary | S18: Year 2 Fringe | T18: Year 2 TOTAL | V18: Year 3 Cal Mos | W18: Year 3 Salary | X18: Year 3 Fringe | Y18: Year 3 TOTAL | AA18: Year 4 Cal Mos | AB18: Year 4 Salary | AC18: Year 4 Fringe | AD18: Year 4 TOTAL | AF18: Year 5 Cal Mos | AG18: Year 5 Salary | AH18: Year 5 Fringe | AI18: Year 5 TOTAL
B19: ='R&R Generic Detailed Budget'!B139 -> [Total costs, Subrecipient Institution 1] | C19: ='R&R Generic Detailed Budget'!L141 -> 0 | D19: ='R&R Generic Detailed Budget'!M141 -> 0 | E19: ='R&R Generic Detailed Budget'!N141 -> 0 | F19: ='R&R Generic Detailed Budget'!O141 -> 0 | G19: ='R&R Generic Detailed Budget'!P141 -> 0 | H19: =SUM(C19:G19) -> 0 | K19: Undergraduate Students | L19: =IF(K19="N/A","",VLOOKUP($K19,Personnel_Data,19,FALSE)) -> 0 | M19: =VLOOKUP($K19,Personnel_Data,26,FALSE) -> 0 | N19: =VLOOKUP($K19,Personnel_Data,39,FALSE) -> 0 | O19: =SUM(M19:N19) -> 0 | Q19: =VLOOKUP($K19,Personnel_Data,19,FALSE) -> 0 | R19: =VLOOKUP($K19,Personnel_Data,27,FALSE) -> 0 | S19: =VLOOKUP($K19,Personnel_Data,40,FALSE) -> 0 | T19: =SUM(R19:S19) -> 0 | V19: =VLOOKUP($K19,Personnel_Data,21,FALSE) -> 0 | W19: =VLOOKUP($K19,Personnel_Data,28,FALSE) -> 0 | X19: =VLOOKUP($K19,Personnel_Data,41,FALSE) -> 0 | Y19: =SUM(W19:X19) -> 0 | AA19: =VLOOKUP($K19,Personnel_Data,22,FALSE) -> 0 | AB19: =VLOOKUP($K19,Personnel_Data,29,FALSE) -> 0 | AC19: =VLOOKUP($K19,Personnel_Data,42,FALSE) -> 0 | AD19: =SUM(AB19:AC19) -> 0 | AF19: =VLOOKUP($K19,Personnel_Data,22,FALSE) -> 0 | AG19: =VLOOKUP($K19,Personnel_Data,30,FALSE) -> 0 | AH19: =VLOOKUP($K19,Personnel_Data,42,FALSE) -> 0 | AI19: =SUM(AG19:AH19) -> 0
B20: ='R&R Generic Detailed Budget'!B143 -> [Total costs, Subrecipient Institution 2] | C20: ='R&R Generic Detailed Budget'!L145 -> 0 | D20: ='R&R Generic Detailed Budget'!M145 -> 0 | E20: ='R&R Generic Detailed Budget'!N145 -> 0 | F20: ='R&R Generic Detailed Budget'!O145 -> 0 | G20: ='R&R Generic Detailed Budget'!P145 -> 0 | H20: =SUM(C20:G20) -> 0 | K20: Graduate Students | L20: =IF(K20="ADD NAME","",VLOOKUP($K20,Personnel_Data,19,FALSE)) -> 0 | M20: =IF(K20="","",SUMIF(Personnel_Data,$K20,'Personnel Data'!Z:Z)) -> 0 | N20: =IF(K20="","",VLOOKUP($K20,Personnel_Data,39,FALSE)) -> 0 | O20: =SUM(M20:N20) -> 0 | Q20: =VLOOKUP($K20,Personnel_Data,20,FALSE) -> 0 | R20: =VLOOKUP($K20,Personnel_Data,27,FALSE) -> 0 | S20: =VLOOKUP($K20,Personnel_Data,40,FALSE) -> 0 | T20: =SUM(R20:S20) -> 0 | V20: =VLOOKUP($K20,Personnel_Data,21,FALSE) -> 0 | W20: =VLOOKUP($K20,Personnel_Data,28,FALSE) -> 0 | X20: =VLOOKUP($K20,Personnel_Data,41,FALSE) -> 0 | Y20: =SUM(W20:X20) -> 0 | AA20: =VLOOKUP($K20,Personnel_Data,22,FALSE) -> 0 | AB20: =VLOOKUP($K20,Personnel_Data,29,FALSE) -> 0 | AC20: =VLOOKUP($K20,Personnel_Data,42,FALSE) -> 0 | AD20: =SUM(AB20:AC20) -> 0 | AF20: =VLOOKUP($K20,Personnel_Data,23,FALSE) -> 0 | AG20: =VLOOKUP($K20,Personnel_Data,30,FALSE) -> 0 | AH20: =VLOOKUP($K20,Personnel_Data,43,FALSE) -> 0 | AI20: =SUM(AG20:AH20) -> 0
B21: ='R&R Generic Detailed Budget'!B147 -> [Total costs, Subrecipient Institution 3] | C21: ='R&R Generic Detailed Budget'!L149 -> 0 | D21: ='R&R Generic Detailed Budget'!M149 -> 0 | E21: ='R&R Generic Detailed Budget'!N149 -> 0 | F21: ='R&R Generic Detailed Budget'!O149 -> 0 | G21: ='R&R Generic Detailed Budget'!P149 -> 0 | H21: =SUM(C21:G21) -> 0 | L21: =IF($K21="","",SUMIF(Personnel_Data,$K21,'Personnel Data'!S:S)) | M21: =IF($K21="","",SUMIF(Personnel_Data,$K21,'Personnel Data'!Z:Z)) | N21: =IF($K21="","",SUMIF(Personnel_Data,$K21,'Personnel Data'!AM:AM)) | O21: =SUM(M21:N21) -> 0 | Q21: =IF($K21="","",SUMIF(Personnel_Data,$K21,'Personnel Data'!T:T)) | R21: =IF($K21="","",SUMIF(Personnel_Data,$K21,'Personnel Data'!AA:AA)) | S21: =IF($K21="","",SUMIF(Personnel_Data,$K21,'Personnel Data'!AN:AN)) | T21: =SUM(R21:S21) -> 0 | V21: =IF($K21="","",SUMIF(Personnel_Data,$K21,'Personnel Data'!U:U)) | W21: =IF($K21="","",SUMIF(Personnel_Data,$K21,'Personnel Data'!AB:AB)) | X21: =IF($K21="","",SUMIF(Personnel_Data,$K21,'Personnel Data'!AO:AO)) | Y21: =SUM(W21:X21) -> 0 | AA21: =IF($K21="","",SUMIF(Personnel_Data,$K21,'Personnel Data'!V:V)) | AB21: =IF($K21="","",SUMIF(Personnel_Data,$K21,'Personnel Data'!AC:AC)) | AC21: =IF($K21="","",SUMIF(Personnel_Data,$K21,'Personnel Data'!AP:AP)) | AD21: =SUM(AB21:AC21) -> 0 | AF21: =IF($K21="","",SUMIF(Personnel_Data,$K21,'Personnel Data'!W:W)) | AG21: =IF($K21="","",SUMIF(Personnel_Data,$K21,'Personnel Data'!AD:AD)) | AH21: =IF($K21="","",SUMIF(Personnel_Data,$K21,'Personnel Data'!AQ:AQ)) | AI21: =SUM(AG21:AH21) -> 0
A22: F.6. | B22: Equipment or Facility Rental/User Fees | C22: ='R&R Generic Detailed Budget'!L158 -> 0 | D22: ='R&R Generic Detailed Budget'!M158 -> 0 | E22: ='R&R Generic Detailed Budget'!N158 -> 0 | F22: ='R&R Generic Detailed Budget'!O158 -> 0 | G22: ='R&R Generic Detailed Budget'!P158 -> 0 | H22: =SUM(C22:G22) -> 0 | L22: =IF($K22="","",SUMIF(Personnel_Data,$K22,'Personnel Data'!S:S)) | M22: =IF($K22="","",SUMIF(Personnel_Data,$K22,'Personnel Data'!Z:Z)) | N22: =IF($K22="","",SUMIF(Personnel_Data,$K22,'Personnel Data'!AM:AM)) | O22: =SUM(M22:N22) -> 0 | Q22: =IF($K22="","",SUMIF(Personnel_Data,$K22,'Personnel Data'!T:T)) | R22: =IF($K22="","",SUMIF(Personnel_Data,$K22,'Personnel Data'!AA:AA)) | S22: =IF($K22="","",SUMIF(Personnel_Data,$K22,'Personnel Data'!AN:AN)) | T22: =SUM(R22:S22) -> 0 | V22: =IF($K22="","",SUMIF(Personnel_Data,$K22,'Personnel Data'!U:U)) | W22: =IF($K22="","",SUMIF(Personnel_Data,$K22,'Personnel Data'!AB:AB)) | X22: =IF($K22="","",SUMIF(Personnel_Data,$K22,'Personnel Data'!AO:AO)) | Y22: =SUM(W22:X22) -> 0 | AA22: =IF($K22="","",SUMIF(Personnel_Data,$K22,'Personnel Data'!V:V)) | AB22: =IF($K22="","",SUMIF(Personnel_Data,$K22,'Personnel Data'!AC:AC)) | AC22: =IF($K22="","",SUMIF(Personnel_Data,$K22,'Personnel Data'!AP:AP)) | AD22: =SUM(AB22:AC22) -> 0 | AF22: =IF($K22="","",SUMIF(Personnel_Data,$K22,'Personnel Data'!W:W)) | AG22: =IF($K22="","",SUMIF(Personnel_Data,$K22,'Personnel Data'!AD:AD)) | AH22: =IF($K22="","",SUMIF(Personnel_Data,$K22,'Personnel Data'!AQ:AQ)) | AI22: =SUM(AG22:AH22) -> 0
A23: F.7. | B23: Alterations and Renovations | C23: ='R&R Generic Detailed Budget'!L163 -> 0 | D23: ='R&R Generic Detailed Budget'!M163 -> 0 | E23: ='R&R Generic Detailed Budget'!N163 -> 0 | F23: ='R&R Generic Detailed Budget'!O163 -> 0 | G23: ='R&R Generic Detailed Budget'!P163 -> 0 | H23: =SUM(C23:G23) -> 0 | L23: =IF($K23="","",SUMIF(Personnel_Data,$K23,'Personnel Data'!S:S)) | M23: =IF($K23="","",SUMIF(Personnel_Data,$K23,'Personnel Data'!Z:Z)) | N23: =IF($K23="","",SUMIF(Personnel_Data,$K23,'Personnel Data'!AM:AM)) | O23: =SUM(M23:N23) -> 0 | Q23: =IF($K23="","",SUMIF(Personnel_Data,$K23,'Personnel Data'!T:T)) | R23: =IF($K23="","",SUMIF(Personnel_Data,$K23,'Personnel Data'!AA:AA)) | S23: =IF($K23="","",SUMIF(Personnel_Data,$K23,'Personnel Data'!AN:AN)) | T23: =SUM(R23:S23) -> 0 | V23: =IF($K23="","",SUMIF(Personnel_Data,$K23,'Personnel Data'!U:U)) | W23: =IF($K23="","",SUMIF(Personnel_Data,$K23,'Personnel Data'!AB:AB)) | X23: =IF($K23="","",SUMIF(Personnel_Data,$K23,'Personnel Data'!AO:AO)) | Y23: =SUM(W23:X23) -> 0 | AA23: =IF($K23="","",SUMIF(Personnel_Data,$K23,'Personnel Data'!V:V)) | AB23: =IF($K23="","",SUMIF(Personnel_Data,$K23,'Personnel Data'!AC:AC)) | AC23: =IF($K23="","",SUMIF(Personnel_Data,$K23,'Personnel Data'!AP:AP)) | AD23: =SUM(AB23:AC23) -> 0 | AF23: =IF($K23="","",SUMIF(Personnel_Data,$K23,'Personnel Data'!W:W)) | AG23: =IF($K23="","",SUMIF(Personnel_Data,$K23,'Personnel Data'!AD:AD)) | AH23: =IF($K23="","",SUMIF(Personnel_Data,$K23,'Personnel Data'!AQ:AQ)) | AI23: =SUM(AG23:AH23) -> 0
A24: F.8. | B24: Graduate Employee Tuition | C24: ='R&R Generic Detailed Budget'!L169 -> 0 | D24: ='R&R Generic Detailed Budget'!M169 -> 0 | E24: ='R&R Generic Detailed Budget'!N169 -> 0 | F24: ='R&R Generic Detailed Budget'!O169 -> 0 | G24: ='R&R Generic Detailed Budget'!P169 -> 0 | H24: =SUM(C24:G24) -> 0 | L24: =IF($K24="","",SUMIF(Personnel_Data,$K24,'Personnel Data'!S:S)) | M24: =IF($K24="","",SUMIF(Personnel_Data,$K24,'Personnel Data'!Z:Z)) | N24: =IF($K24="","",SUMIF(Personnel_Data,$K24,'Personnel Data'!AM:AM)) | O24: =SUM(M24:N24) -> 0 | Q24: =IF($K24="","",SUMIF(Personnel_Data,$K24,'Personnel Data'!T:T)) | R24: =IF($K24="","",SUMIF(Personnel_Data,$K24,'Personnel Data'!AA:AA)) | S24: =IF($K24="","",SUMIF(Personnel_Data,$K24,'Personnel Data'!AN:AN)) | T24: =SUM(R24:S24) -> 0 | V24: =IF($K24="","",SUMIF(Personnel_Data,$K24,'Personnel Data'!U:U)) | W24: =IF($K24="","",SUMIF(Personnel_Data,$K24,'Personnel Data'!AB:AB)) | X24: =IF($K24="","",SUMIF(Personnel_Data,$K24,'Personnel Data'!AO:AO)) | Y24: =SUM(W24:X24) -> 0 | AA24: =IF($K24="","",SUMIF(Personnel_Data,$K24,'Personnel Data'!V:V)) | AB24: =IF($K24="","",SUMIF(Personnel_Data,$K24,'Personnel Data'!AC:AC)) | AC24: =IF($K24="","",SUMIF(Personnel_Data,$K24,'Personnel Data'!AP:AP)) | AD24: =SUM(AB24:AC24) -> 0 | AF24: =IF($K24="","",SUMIF(Personnel_Data,$K24,'Personnel Data'!W:W)) | AG24: =IF($K24="","",SUMIF(Personnel_Data,$K24,'Personnel Data'!AD:AD)) | AH24: =IF($K24="","",SUMIF(Personnel_Data,$K24,'Personnel Data'!AQ:AQ)) | AI24: =SUM(AG24:AH24) -> 0
A25: F.9. | B25: ='R&R Generic Detailed Budget'!B171 -> [Other Direct - ADD Description if Applicable] | C25: ='R&R Generic Detailed Budget'!L176 -> 0 | D25: ='R&R Generic Detailed Budget'!M176 -> 0 | E25: ='R&R Generic Detailed Budget'!N176 -> 0 | F25: ='R&R Generic Detailed Budget'!O176 -> 0 | G25: ='R&R Generic Detailed Budget'!P176 -> 0 | H25: =SUM(C25:G25) -> 0 | L25: =IF($K25="","",SUMIF(Personnel_Data,$K25,'Personnel Data'!S:S)) | M25: =IF($K25="","",SUMIF(Personnel_Data,$K25,'Personnel Data'!Z:Z)) | N25: =IF($K25="","",SUMIF(Personnel_Data,$K25,'Personnel Data'!AM:AM)) | O25: =SUM(M25:N25) -> 0 | Q25: =IF($K25="","",SUMIF(Personnel_Data,$K25,'Personnel Data'!T:T)) | R25: =IF($K25="","",SUMIF(Personnel_Data,$K25,'Personnel Data'!AA:AA)) | S25: =IF($K25="","",SUMIF(Personnel_Data,$K25,'Personnel Data'!AN:AN)) | T25: =SUM(R25:S25) -> 0 | V25: =IF($K25="","",SUMIF(Personnel_Data,$K25,'Personnel Data'!U:U)) | W25: =IF($K25="","",SUMIF(Personnel_Data,$K25,'Personnel Data'!AB:AB)) | X25: =IF($K25="","",SUMIF(Personnel_Data,$K25,'Personnel Data'!AO:AO)) | Y25: =SUM(W25:X25) -> 0 | AA25: =IF($K25="","",SUMIF(Personnel_Data,$K25,'Personnel Data'!V:V)) | AB25: =IF($K25="","",SUMIF(Personnel_Data,$K25,'Personnel Data'!AC:AC)) | AC25: =IF($K25="","",SUMIF(Personnel_Data,$K25,'Personnel Data'!AP:AP)) | AD25: =SUM(AB25:AC25) -> 0 | AF25: =IF($K25="","",SUMIF(Personnel_Data,$K25,'Personnel Data'!W:W)) | AG25: =IF($K25="","",SUMIF(Personnel_Data,$K25,'Personnel Data'!AD:AD)) | AH25: =IF($K25="","",SUMIF(Personnel_Data,$K25,'Personnel Data'!AQ:AQ)) | AI25: =SUM(AG25:AH25) -> 0
A26: F.10. | B26: ='R&R Generic Detailed Budget'!B177 -> [Other Direct - ADD Description if Applicable] | C26: ='R&R Generic Detailed Budget'!L182 -> 0 | D26: ='R&R Generic Detailed Budget'!M182 -> 0 | E26: ='R&R Generic Detailed Budget'!N182 -> 0 | F26: ='R&R Generic Detailed Budget'!O182 -> 0 | G26: ='R&R Generic Detailed Budget'!P182 -> 0 | H26: =SUM(C26:G26) -> 0 | L26: =IF($K26="","",SUMIF(Personnel_Data,$K26,'Personnel Data'!S:S)) | M26: =IF($K26="","",SUMIF(Personnel_Data,$K26,'Personnel Data'!Z:Z)) | N26: =IF($K26="","",SUMIF(Personnel_Data,$K26,'Personnel Data'!AM:AM)) | O26: =SUM(M26:N26) -> 0 | Q26: =IF($K26="","",SUMIF(Personnel_Data,$K26,'Personnel Data'!T:T)) | R26: =IF($K26="","",SUMIF(Personnel_Data,$K26,'Personnel Data'!AA:AA)) | S26: =IF($K26="","",SUMIF(Personnel_Data,$K26,'Personnel Data'!AN:AN)) | T26: =SUM(R26:S26) -> 0 | V26: =IF($K26="","",SUMIF(Personnel_Data,$K26,'Personnel Data'!U:U)) | W26: =IF($K26="","",SUMIF(Personnel_Data,$K26,'Personnel Data'!AB:AB)) | X26: =IF($K26="","",SUMIF(Personnel_Data,$K26,'Personnel Data'!AO:AO)) | Y26: =SUM(W26:X26) -> 0 | AA26: =IF($K26="","",SUMIF(Personnel_Data,$K26,'Personnel Data'!V:V)) | AB26: =IF($K26="","",SUMIF(Personnel_Data,$K26,'Personnel Data'!AC:AC)) | AC26: =IF($K26="","",SUMIF(Personnel_Data,$K26,'Personnel Data'!AP:AP)) | AD26: =SUM(AB26:AC26) -> 0 | AF26: =IF($K26="","",SUMIF(Personnel_Data,$K26,'Personnel Data'!W:W)) | AG26: =IF($K26="","",SUMIF(Personnel_Data,$K26,'Personnel Data'!AD:AD)) | AH26: =IF($K26="","",SUMIF(Personnel_Data,$K26,'Personnel Data'!AQ:AQ)) | AI26: =SUM(AG26:AH26) -> 0
A27: G. | B27: Total Direct Costs | C27: ='R&R Generic Detailed Budget'!L184 -> 0 | D27: ='R&R Generic Detailed Budget'!M184 -> 0 | E27: ='R&R Generic Detailed Budget'!N184 -> 0 | F27: ='R&R Generic Detailed Budget'!O184 -> 0 | G27: ='R&R Generic Detailed Budget'!P184 -> 0 | H27: =SUM(C27:G27) -> 0 | L27: =IF($K27="","",SUMIF(Personnel_Data,$K27,'Personnel Data'!S:S)) | M27: =IF($K27="","",SUMIF(Personnel_Data,$K27,'Personnel Data'!Z:Z)) | N27: =IF($K27="","",SUMIF(Personnel_Data,$K27,'Personnel Data'!AM:AM)) | O27: =SUM(M27:N27) -> 0 | Q27: =IF($K27="","",SUMIF(Personnel_Data,$K27,'Personnel Data'!T:T)) | R27: =IF($K27="","",SUMIF(Personnel_Data,$K27,'Personnel Data'!AA:AA)) | S27: =IF($K27="","",SUMIF(Personnel_Data,$K27,'Personnel Data'!AN:AN)) | T27: =SUM(R27:S27) -> 0 | V27: =IF($K27="","",SUMIF(Personnel_Data,$K27,'Personnel Data'!U:U)) | W27: =IF($K27="","",SUMIF(Personnel_Data,$K27,'Personnel Data'!AB:AB)) | X27: =IF($K27="","",SUMIF(Personnel_Data,$K27,'Personnel Data'!AO:AO)) | Y27: =SUM(W27:X27) -> 0 | AA27: =IF($K27="","",SUMIF(Personnel_Data,$K27,'Personnel Data'!V:V)) | AB27: =IF($K27="","",SUMIF(Personnel_Data,$K27,'Personnel Data'!AC:AC)) | AC27: =IF($K27="","",SUMIF(Personnel_Data,$K27,'Personnel Data'!AP:AP)) | AD27: =SUM(AB27:AC27) -> 0 | AF27: =IF($K27="","",SUMIF(Personnel_Data,$K27,'Personnel Data'!W:W)) | AG27: =IF($K27="","",SUMIF(Personnel_Data,$K27,'Personnel Data'!AD:AD)) | AH27: =IF($K27="","",SUMIF(Personnel_Data,$K27,'Personnel Data'!AQ:AQ))
B28: MTDC Base | C28: ='R&R Generic Detailed Budget'!L186 -> 0 | D28: ='R&R Generic Detailed Budget'!M186 -> 0 | E28: ='R&R Generic Detailed Budget'!N186 -> 0 | F28: ='R&R Generic Detailed Budget'!O186 -> 0 | G28: ='R&R Generic Detailed Budget'!P186 -> 0 | H28: =SUM(C28:G28) -> 0 | L28: =IF($K28="","",SUMIF(Personnel_Data,$K28,'Personnel Data'!S:S)) | M28: =IF($K28="","",SUMIF(Personnel_Data,$K28,'Personnel Data'!Z:Z)) | N28: =IF($K28="","",SUMIF(Personnel_Data,$K28,'Personnel Data'!AM:AM)) | O28: =SUM(M28:N28) -> 0 | Q28: =IF($K28="","",SUMIF(Personnel_Data,$K28,'Personnel Data'!T:T)) | R28: =IF($K28="","",SUMIF(Personnel_Data,$K28,'Personnel Data'!AA:AA)) | S28: =IF($K28="","",SUMIF(Personnel_Data,$K28,'Personnel Data'!AN:AN)) | T28: =SUM(R28:S28) -> 0 | V28: =IF($K28="","",SUMIF(Personnel_Data,$K28,'Personnel Data'!U:U)) | W28: =IF($K28="","",SUMIF(Personnel_Data,$K28,'Personnel Data'!AB:AB)) | X28: =IF($K28="","",SUMIF(Personnel_Data,$K28,'Personnel Data'!AO:AO)) | Y28: =SUM(W28:X28) -> 0 | AA28: =IF($K28="","",SUMIF(Personnel_Data,$K28,'Personnel Data'!V:V)) | AB28: =IF($K28="","",SUMIF(Personnel_Data,$K28,'Personnel Data'!AC:AC)) | AC28: =IF($K28="","",SUMIF(Personnel_Data,$K28,'Personnel Data'!AP:AP)) | AD28: =SUM(AB28:AC28) -> 0 | AF28: =IF($K28="","",SUMIF(Personnel_Data,$K28,'Personnel Data'!W:W)) | AG28: =IF($K28="","",SUMIF(Personnel_Data,$K28,'Personnel Data'!AD:AD)) | AH28: =IF($K28="","",SUMIF(Personnel_Data,$K28,'Personnel Data'!AQ:AQ))
A29: H. | B29: Indirect costs | C29: ='R&R Generic Detailed Budget'!L192 -> 0 | D29: ='R&R Generic Detailed Budget'!M192 -> 0 | E29: ='R&R Generic Detailed Budget'!N192 -> 0 | F29: ='R&R Generic Detailed Budget'!O192 -> 0 | G29: ='R&R Generic Detailed Budget'!P192 -> 0 | H29: =SUM(C29:G29) -> 0 | L29: =IF($K29="","",SUMIF(Personnel_Data,$K29,'Personnel Data'!S:S)) | M29: =IF($K29="","",SUMIF(Personnel_Data,$K29,'Personnel Data'!Z:Z)) | N29: =IF($K29="","",SUMIF(Personnel_Data,$K29,'Personnel Data'!AM:AM)) | O29: =SUM(M29:N29) -> 0 | Q29: =IF($K29="","",SUMIF(Personnel_Data,$K29,'Personnel Data'!T:T)) | R29: =IF($K29="","",SUMIF(Personnel_Data,$K29,'Personnel Data'!AA:AA)) | S29: =IF($K29="","",SUMIF(Personnel_Data,$K29,'Personnel Data'!AN:AN)) | T29: =SUM(R29:S29) -> 0 | V29: =IF($K29="","",SUMIF(Personnel_Data,$K29,'Personnel Data'!U:U)) | W29: =IF($K29="","",SUMIF(Personnel_Data,$K29,'Personnel Data'!AB:AB)) | X29: =IF($K29="","",SUMIF(Personnel_Data,$K29,'Personnel Data'!AO:AO)) | Y29: =SUM(W29:X29) -> 0 | AA29: =IF($K29="","",SUMIF(Personnel_Data,$K29,'Personnel Data'!V:V)) | AB29: =IF($K29="","",SUMIF(Personnel_Data,$K29,'Personnel Data'!AC:AC)) | AC29: =IF($K29="","",SUMIF(Personnel_Data,$K29,'Personnel Data'!AP:AP)) | AD29: =SUM(AB29:AC29) -> 0 | AF29: =IF($K29="","",SUMIF(Personnel_Data,$K29,'Personnel Data'!W:W)) | AG29: =IF($K29="","",SUMIF(Personnel_Data,$K29,'Personnel Data'!AD:AD)) | AH29: =IF($K29="","",SUMIF(Personnel_Data,$K29,'Personnel Data'!AQ:AQ))
A30: I. | B30: Total Direct and Indirect Costs | C30: ='R&R Generic Detailed Budget'!L194 -> 0 | D30: ='R&R Generic Detailed Budget'!M194 -> 0 | E30: ='R&R Generic Detailed Budget'!N194 -> 0 | F30: ='R&R Generic Detailed Budget'!O194 -> 0 | G30: ='R&R Generic Detailed Budget'!P194 -> 0 | H30: =SUM(C30:G30) -> 0 | L30: =IF($K30="","",SUMIF(Personnel_Data,$K30,'Personnel Data'!S:S)) | M30: =IF($K30="","",SUMIF(Personnel_Data,$K30,'Personnel Data'!Z:Z)) | N30: =IF($K30="","",SUMIF(Personnel_Data,$K30,'Personnel Data'!AM:AM)) | O30: =SUM(M30:N30) -> 0 | Q30: =IF($K30="","",SUMIF(Personnel_Data,$K30,'Personnel Data'!T:T)) | R30: =IF($K30="","",SUMIF(Personnel_Data,$K30,'Personnel Data'!AA:AA)) | S30: =IF($K30="","",SUMIF(Personnel_Data,$K30,'Personnel Data'!AN:AN)) | T30: =SUM(R30:S30) -> 0 | V30: =IF($K30="","",SUMIF(Personnel_Data,$K30,'Personnel Data'!U:U)) | W30: =IF($K30="","",SUMIF(Personnel_Data,$K30,'Personnel Data'!AB:AB)) | X30: =IF($K30="","",SUMIF(Personnel_Data,$K30,'Personnel Data'!AO:AO)) | Y30: =SUM(W30:X30) -> 0 | AA30: =IF($K30="","",SUMIF(Personnel_Data,$K30,'Personnel Data'!V:V)) | AB30: =IF($K30="","",SUMIF(Personnel_Data,$K30,'Personnel Data'!AC:AC)) | AC30: =IF($K30="","",SUMIF(Personnel_Data,$K30,'Personnel Data'!AP:AP)) | AD30: =SUM(AB30:AC30) -> 0 | AF30: =IF($K30="","",SUMIF(Personnel_Data,$K30,'Personnel Data'!W:W)) | AG30: =IF($K30="","",SUMIF(Personnel_Data,$K30,'Personnel Data'!AD:AD)) | AH30: =IF($K30="","",SUMIF(Personnel_Data,$K30,'Personnel Data'!AQ:AQ))
L31: =IF($K31="","",SUMIF(Personnel_Data,$K31,'Personnel Data'!S:S)) | M31: =IF($K31="","",SUMIF(Personnel_Data,$K31,'Personnel Data'!Z:Z)) | N31: =IF($K31="","",SUMIF(Personnel_Data,$K31,'Personnel Data'!AM:AM)) | O31: =SUM(M31:N31) -> 0 | Q31: =IF($K31="","",SUMIF(Personnel_Data,$K31,'Personnel Data'!T:T)) | R31: =IF($K31="","",SUMIF(Personnel_Data,$K31,'Personnel Data'!AA:AA)) | S31: =IF($K31="","",SUMIF(Personnel_Data,$K31,'Personnel Data'!AN:AN)) | T31: =SUM(R31:S31) -> 0 | V31: =IF($K31="","",SUMIF(Personnel_Data,$K31,'Personnel Data'!U:U)) | W31: =IF($K31="","",SUMIF(Personnel_Data,$K31,'Personnel Data'!AB:AB)) | X31: =IF($K31="","",SUMIF(Personnel_Data,$K31,'Personnel Data'!AO:AO)) | Y31: =SUM(W31:X31) -> 0 | AA31: =IF($K31="","",SUMIF(Personnel_Data,$K31,'Personnel Data'!V:V)) | AB31: =IF($K31="","",SUMIF(Personnel_Data,$K31,'Personnel Data'!AC:AC)) | AC31: =IF($K31="","",SUMIF(Personnel_Data,$K31,'Personnel Data'!AP:AP)) | AD31: =SUM(AB31:AC31) -> 0 | AF31: =IF($K31="","",SUMIF(Personnel_Data,$K31,'Personnel Data'!W:W)) | AG31: =IF($K31="","",SUMIF(Personnel_Data,$K31,'Personnel Data'!AD:AD)) | AH31: =IF($K31="","",SUMIF(Personnel_Data,$K31,'Personnel Data'!AQ:AQ))
L32: =IF($K32="","",SUMIF(Personnel_Data,$K32,'Personnel Data'!S:S)) | M32: =IF($K32="","",SUMIF(Personnel_Data,$K32,'Personnel Data'!Z:Z)) | N32: =IF($K32="","",SUMIF(Personnel_Data,$K32,'Personnel Data'!AM:AM)) | O32: =SUM(M32:N32) -> 0 | Q32: =IF($K32="","",SUMIF(Personnel_Data,$K32,'Personnel Data'!T:T)) | R32: =IF($K32="","",SUMIF(Personnel_Data,$K32,'Personnel Data'!AA:AA)) | S32: =IF($K32="","",SUMIF(Personnel_Data,$K32,'Personnel Data'!AN:AN)) | T32: =SUM(R32:S32) -> 0 | V32: =IF($K32="","",SUMIF(Personnel_Data,$K32,'Personnel Data'!U:U)) | W32: =IF($K32="","",SUMIF(Personnel_Data,$K32,'Personnel Data'!AB:AB)) | X32: =IF($K32="","",SUMIF(Personnel_Data,$K32,'Personnel Data'!AO:AO)) | Y32: =SUM(W32:X32) -> 0 | AA32: =IF($K32="","",SUMIF(Personnel_Data,$K32,'Personnel Data'!V:V)) | AB32: =IF($K32="","",SUMIF(Personnel_Data,$K32,'Personnel Data'!AC:AC)) | AC32: =IF($K32="","",SUMIF(Personnel_Data,$K32,'Personnel Data'!AP:AP)) | AD32: =SUM(AB32:AC32) -> 0 | AF32: =IF($K32="","",SUMIF(Personnel_Data,$K32,'Personnel Data'!W:W)) | AG32: =IF($K32="","",SUMIF(Personnel_Data,$K32,'Personnel Data'!AD:AD)) | AH32: =IF($K32="","",SUMIF(Personnel_Data,$K32,'Personnel Data'!AQ:AQ))
L33: =IF($K33="","",SUMIF(Personnel_Data,$K33,'Personnel Data'!S:S)) | M33: =IF($K33="","",SUMIF(Personnel_Data,$K33,'Personnel Data'!Z:Z)) | N33: =IF($K33="","",SUMIF(Personnel_Data,$K33,'Personnel Data'!AM:AM)) | O33: =SUM(M33:N33) -> 0 | Q33: =IF($K33="","",SUMIF(Personnel_Data,$K33,'Personnel Data'!T:T)) | R33: =IF($K33="","",SUMIF(Personnel_Data,$K33,'Personnel Data'!AA:AA)) | S33: =IF($K33="","",SUMIF(Personnel_Data,$K33,'Personnel Data'!AN:AN)) | T33: =SUM(R33:S33) -> 0 | V33: =IF($K33="","",SUMIF(Personnel_Data,$K33,'Personnel Data'!U:U)) | W33: =IF($K33="","",SUMIF(Personnel_Data,$K33,'Personnel Data'!AB:AB)) | X33: =IF($K33="","",SUMIF(Personnel_Data,$K33,'Personnel Data'!AO:AO)) | Y33: =SUM(W33:X33) -> 0 | AA33: =IF($K33="","",SUMIF(Personnel_Data,$K33,'Personnel Data'!V:V)) | AB33: =IF($K33="","",SUMIF(Personnel_Data,$K33,'Personnel Data'!AC:AC)) | AC33: =IF($K33="","",SUMIF(Personnel_Data,$K33,'Personnel Data'!AP:AP)) | AD33: =SUM(AB33:AC33) -> 0 | AF33: =IF($K33="","",SUMIF(Personnel_Data,$K33,'Personnel Data'!W:W)) | AG33: =IF($K33="","",SUMIF(Personnel_Data,$K33,'Personnel Data'!AD:AD)) | AH33: =IF($K33="","",SUMIF(Personnel_Data,$K33,'Personnel Data'!AQ:AQ))
L34: =IF($K34="","",SUMIF(Personnel_Data,$K34,'Personnel Data'!S:S)) | M34: =IF($K34="","",SUMIF(Personnel_Data,$K34,'Personnel Data'!Z:Z)) | N34: =IF($K34="","",SUMIF(Personnel_Data,$K34,'Personnel Data'!AM:AM)) | O34: =SUM(M34:N34) -> 0 | Q34: =IF($K34="","",SUMIF(Personnel_Data,$K34,'Personnel Data'!T:T)) | R34: =IF($K34="","",SUMIF(Personnel_Data,$K34,'Personnel Data'!AA:AA)) | S34: =IF($K34="","",SUMIF(Personnel_Data,$K34,'Personnel Data'!AN:AN)) | T34: =SUM(R34:S34) -> 0 | V34: =IF($K34="","",SUMIF(Personnel_Data,$K34,'Personnel Data'!U:U)) | W34: =IF($K34="","",SUMIF(Personnel_Data,$K34,'Personnel Data'!AB:AB)) | X34: =IF($K34="","",SUMIF(Personnel_Data,$K34,'Personnel Data'!AO:AO)) | Y34: =SUM(W34:X34) -> 0 | AA34: =IF($K34="","",SUMIF(Personnel_Data,$K34,'Personnel Data'!V:V)) | AB34: =IF($K34="","",SUMIF(Personnel_Data,$K34,'Personnel Data'!AC:AC)) | AC34: =IF($K34="","",SUMIF(Personnel_Data,$K34,'Personnel Data'!AP:AP)) | AD34: =SUM(AB34:AC34) -> 0 | AF34: =IF($K34="","",SUMIF(Personnel_Data,$K34,'Personnel Data'!W:W)) | AG34: =IF($K34="","",SUMIF(Personnel_Data,$K34,'Personnel Data'!AD:AD)) | AH34: =IF($K34="","",SUMIF(Personnel_Data,$K34,'Personnel Data'!AQ:AQ))
L35: =IF($K35="","",SUMIF(Personnel_Data,$K35,'Personnel Data'!S:S)) | M35: =IF($K35="","",SUMIF(Personnel_Data,$K35,'Personnel Data'!Z:Z)) | N35: =IF($K35="","",SUMIF(Personnel_Data,$K35,'Personnel Data'!AM:AM)) | O35: =SUM(M35:N35) -> 0 | Q35: =IF($K35="","",SUMIF(Personnel_Data,$K35,'Personnel Data'!T:T)) | R35: =IF($K35="","",SUMIF(Personnel_Data,$K35,'Personnel Data'!AA:AA)) | S35: =IF($K35="","",SUMIF(Personnel_Data,$K35,'Personnel Data'!AN:AN)) | T35: =SUM(R35:S35) -> 0 | V35: =IF($K35="","",SUMIF(Personnel_Data,$K35,'Personnel Data'!U:U)) | W35: =IF($K35="","",SUMIF(Personnel_Data,$K35,'Personnel Data'!AB:AB)) | X35: =IF($K35="","",SUMIF(Personnel_Data,$K35,'Personnel Data'!AO:AO)) | Y35: =SUM(W35:X35) -> 0 | AA35: =IF($K35="","",SUMIF(Personnel_Data,$K35,'Personnel Data'!V:V)) | AB35: =IF($K35="","",SUMIF(Personnel_Data,$K35,'Personnel Data'!AC:AC)) | AC35: =IF($K35="","",SUMIF(Personnel_Data,$K35,'Personnel Data'!AP:AP)) | AD35: =SUM(AB35:AC35) -> 0 | AF35: =IF($K35="","",SUMIF(Personnel_Data,$K35,'Personnel Data'!W:W)) | AG35: =IF($K35="","",SUMIF(Personnel_Data,$K35,'Personnel Data'!AD:AD)) | AH35: =IF($K35="","",SUMIF(Personnel_Data,$K35,'Personnel Data'!AQ:AQ))
L36: =IF($K36="","",SUMIF(Personnel_Data,$K36,'Personnel Data'!S:S)) | M36: =IF($K36="","",SUMIF(Personnel_Data,$K36,'Personnel Data'!Z:Z)) | N36: =IF($K36="","",SUMIF(Personnel_Data,$K36,'Personnel Data'!AM:AM)) | O36: =SUM(M36:N36) -> 0 | Q36: =IF($K36="","",SUMIF(Personnel_Data,$K36,'Personnel Data'!T:T)) | R36: =IF($K36="","",SUMIF(Personnel_Data,$K36,'Personnel Data'!AA:AA)) | S36: =IF($K36="","",SUMIF(Personnel_Data,$K36,'Personnel Data'!AN:AN)) | T36: =SUM(R36:S36) -> 0 | V36: =IF($K36="","",SUMIF(Personnel_Data,$K36,'Personnel Data'!U:U)) | W36: =IF($K36="","",SUMIF(Personnel_Data,$K36,'Personnel Data'!AB:AB)) | X36: =IF($K36="","",SUMIF(Personnel_Data,$K36,'Personnel Data'!AO:AO)) | Y36: =SUM(W36:X36) -> 0 | AA36: =IF($K36="","",SUMIF(Personnel_Data,$K36,'Personnel Data'!V:V)) | AB36: =IF($K36="","",SUMIF(Personnel_Data,$K36,'Personnel Data'!AC:AC)) | AC36: =IF($K36="","",SUMIF(Personnel_Data,$K36,'Personnel Data'!AP:AP)) | AD36: =SUM(AB36:AC36) -> 0 | AF36: =IF($K36="","",SUMIF(Personnel_Data,$K36,'Personnel Data'!W:W)) | AG36: =IF($K36="","",SUMIF(Personnel_Data,$K36,'Personnel Data'!AD:AD)) | AH36: =IF($K36="","",SUMIF(Personnel_Data,$K36,'Personnel Data'!AQ:AQ))
L37: Year 1 Cal Mos | M37: Year 1 Salary | N37: Year 1 Fringe | O37: Year 1 TOTAL | Q37: Year 2 Cal Mos | R37: Year 2 Salary | S37: Year 2 Fringe | T37: Year 2 TOTAL | V37: Year 3 Cal Mos | W37: Year 3 Salary | X37: Year 3 Fringe | Y37: Year 3 TOTAL | AA37: Year 4 Cal Mos | AB37: Year 4 Salary | AC37: Year 4 Fringe | AD37: Year 4 TOTAL | AF37: Year 5 Cal Mos | AG37: Year 5 Salary | AH37: Year 5 Fringe | AI37: Year 5 TOTAL
K38: SENIOR/KEY TOTAL | L38: =SUM(L9:L16) -> 0 | M38: =SUM(M9:M16) -> 0 | N38: =SUM(N9:N16) -> 0 | O38: =SUM(O9:O16) -> 0 | Q38: =SUM(Q9:Q16) -> 0 | R38: =SUM(R9:R16) -> 0 | S38: =SUM(S9:S16) -> 0 | T38: =SUM(T9:T16) -> 0 | V38: =SUM(V9:V16) -> 0 | W38: =SUM(W9:W16) -> 0 | X38: =SUM(X9:X16) -> 0 | Y38: =SUM(Y9:Y16) -> 0 | AA38: =SUM(AA9:AA16) -> 0 | AB38: =SUM(AB9:AB16) -> 0 | AC38: =SUM(AC9:AC16) -> 0 | AD38: =SUM(AD9:AD16) -> 0 | AF38: =SUM(AF9:AF16) -> 0 | AG38: =SUM(AG9:AG16) -> 0 | AH38: =SUM(AH9:AH16) -> 0 | AI38: =SUM(AI9:AI16) -> 0 | AK38: =O38+T38+Y38+AD38+AI38 -> 0
K39: OTHER TOTAL | L39: =SUM(L19:L36) -> 0 | M39: =SUM(M19:M36) -> 0 | N39: =SUM(N19:N36) -> 0 | O39: =SUM(O19:O36) -> 0 | P39: =SUM(P19:P36) -> 0 | Q39: =SUM(Q19:Q36) -> 0 | R39: =SUM(R19:R36) -> 0 | S39: =SUM(S19:S36) -> 0 | ... AI39: =SUM(AI19:AI36) -> 0 | AK39: =O39+T39+Y39+AD39+AI39 -> 0
K40: PERSONNEL TOTAL | L40: =L38+L39 -> 0 | M40: =M38+M39 -> 0 | N40: =N38+N39 -> 0 | O40: =O38+O39 -> 0 | Q40: =Q38+Q39 -> 0 | R40: =R38+R39 -> 0 | S40: =S38+S39 -> 0 | T40: =T38+T39 -> 0 | V40: =V38+V39 -> 0 | W40: =W38+W39 -> 0 | X40: =X38+X39 -> 0 | Y40: =Y38+Y39 -> 0 | AA40: =AA38+AA39 -> 0 | AB40: =AB38+AB39 -> 0 | AC40: =AC38+AC39 -> 0 | AD40: =AD38+AD39 -> 0 | AF40: =AF38+AF39 -> 0 | AG40: =AG38+AG39 -> 0 | AH40: =AH38+AH39 -> 0 | AI40: =AI38+AI39 -> 0 | AK40: =O40+T40+Y40+AD40+AI40 -> 0
N42: CHECK KEY | O42: ='R&R Generic Detailed Budget'!L88 -> 0 | S42: CHECK KEY | T42: ='R&R Generic Detailed Budget'!M88 -> 0 | X42: CHECK KEY | Y42: ='R&R Generic Detailed Budget'!N88 -> 0 | AC42: CHECK KEY | AD42: ='R&R Generic Detailed Budget'!O88 -> 0 | AH42: CHECK KEY | AI42: ='R&R Generic Detailed Budget'!P88 -> 0 | AK42: ='R&R Generic Detailed Budget'!Q88 -> 0
N43: CHECK OTHER | O43: ='R&R Generic Detailed Budget'!L89 -> 0 | S43: CHECK OTHER | T43: ='R&R Generic Detailed Budget'!M89 -> 0 | X43: CHECK OTHER | Y43: ='R&R Generic Detailed Budget'!N89 -> 0 | AC43: CHECK OTHER | AD43: ='R&R Generic Detailed Budget'!O89 -> 0 | AH43: CHECK OTHER | AI43: ='R&R Generic Detailed Budget'!P89 -> 0 | AK43: ='R&R Generic Detailed Budget'!Q89 -> 0
N44: CHECK TOTAL | O44: ='R&R Generic Detailed Budget'!L90 -> 0 | S44: CHECK TOTAL | T44: ='R&R Generic Detailed Budget'!M90 -> 0 | X44: CHECK TOTAL | Y44: ='R&R Generic Detailed Budget'!N90 -> 0 | AC44: CHECK TOTAL | AD44: ='R&R Generic Detailed Budget'!O90 -> 0 | AH44: CHECK TOTAL | AI44: ='R&R Generic Detailed Budget'!P90 -> 0 | AK44: ='R&R Generic Detailed Budget'!Q90 -> 0
B46: ='Personnel Data'!A16 | N46: Diff | O46: =O38-O42 -> 0 | S46: Diff | T46: =T38-T42 -> 0 | X46: Diff | Y46: =Y38-Y42 -> 0 | AC46: Diff | AD46: =AD38-AD42 -> 0 | AH46: Diff | AI46: =AI38-AI42 -> 0 | AK46: =AK38-AK42 -> 0
B47: ='Personnel Data'!A17 | N47: Diff | O47: =O39-O43 -> 0 | S47: Diff | T47: =T39-T43 -> 0 | X47: Diff | Y47: =Y39-Y43 -> 0 | AC47: Diff | AD47: =AD39-AD43 -> 0 | AH47: Diff | AI47: =AI39-AI43 -> 0 | AK47: =AK39-AK43 -> 0
B48: ='Personnel Data'!A18 | N48: Diff | O48: =O40-O44 -> 0 | S48: Diff | T48: =T40-T44 -> 0 | X48: Diff | Y48: =Y40-Y44 -> 0 | AC48: Diff | AD48: =AD40-AD44 -> 0 | AH48: Diff | AI48: =AI40-AI44 -> 0 | AK48: =AK40-AK44 -> 0

Sheet Personnel Data
A1: Name | B1: Personnel Type | C1: Employee Class | D1: OPE Class | E1: Basis MO | G1: Base Year 1 | H1: Base Year 2 | I1: Base Year 3 | J1: Base Year 4 | K1: Base Year 5 | M1: FTE Year 1 | N1: FTE Year 2 | O1: FTE Year 3 | P1: FTE Year 4 | Q1: FTE Year 5 | S1: Cal Mos Year 1 | T1: Cal Mos Year 2 | U1: Cal Mos Year 3 | V1: Cal Mos Year 4 | W1: Cal Mos Year 5 | X1: Cal Mos ALL Years | Z1: Salary Year 1 | AA1: Salary Year 2 | AB1: Salary Year 3 | AC1: Salary Year 4 | AD1: Salary Year 5 | AE1: Salary ALL Years | AG1: % Fringe Year 1 | AH1: % Fringe Year 2 | AI1: % Fringe Year 3 | AJ1: % Fringe Year 4 | AK1: % Fringe Year 5 | AM1: $ Fringe Year 1 | AN1: $ Fringe Year 2 | AO1: $ Fringe Year 3 | AP1: $ Fringe Year 4 | AQ1: $ Fringe Year 5 | AR1: $ Fringe All Years
A2: 1 | B2: 2 | C2: 3 | D2: 4 | E2: 5 | F2: 6 | G2: 7 | H2: 8 | I2: 9 | J2: 10 | K2: 11 | L2: 12 | M2: 13 | N2: 14 | O2: 15 | P2: 16 | Q2: 17 | R2: 18 | S2: 19 | T2: 20 | U2: 21 | V2: 22 | W2: 23 | X2: 24 | Y2: 25 | Z2: 26 | AA2: 27 | AB2: 28 | AC2: 29 | AD2: 30 | AE2: 31 | AF2: 32 | AG2: 33 | AH2: 34 | AI2: 35 | AJ2: 36 | AK2: 37 | AL2: 38 | AM2: 39 | AN2: 40 | AO2: 41 | AP2: 42 | AQ2: 43 | AR2: 44 | AS2: 31
A3: AY 9-mo. and 12-mo. appts.
A4: =IF(ISBLANK('R&R Generic Detailed Budget'!B13),"",'R&R Generic Detailed Budget'!B13) | B4: =IFERROR(VLOOKUP($A4,'R&R Generic Detailed Budget'!$B$13:$D$52, 2, FALSE),0) -> 0 | C4: =IFERROR(VLOOKUP($A4,'R&R Generic Detailed Budget'!$B$13:$D$52, 3, FALSE),0) -> 0 | D4: =IFERROR(VLOOKUP($C4,EmployeeClass, 2, FALSE),0) -> 0 | E4: =IFERROR(VLOOKUP($C4,EmployeeClass, 4, FALSE),0) -> 0 | G4: =IF(ISBLANK('R&R Generic Detailed Budget'!$E13),"0",'R&R Generic Detailed Budget'!$E13) -> 0 | H4: =IF('R&R Generic Detailed Budget'!$A$1>1,ROUND((G4*'R&R Generic Detailed Budget'!$V$15),0),0) -> 0 | I4: =IF('R&R Generic Detailed Budget'!$A$1>2,ROUND((H4*'R&R Generic Detailed Budget'!$V$15),0),0) -> 0 | J4: =IF('R&R Generic Detailed Budget'!$A$1>3,ROUND((I4*'R&R Generic Detailed Budget'!$V$15),0),0) -> 0 | K4: =IF('R&R Generic Detailed Budget'!$A$1>4,ROUND((J4*'R&R Generic Detailed Budget'!$V$15),0),0) -> 0 | M4: =IF(ISBLANK('R&R Generic Detailed Budget'!$F13),"",'R&R Generic Detailed Budget'!$F13) | N4: =IF(ISBLANK('R&R Generic Detailed Budget'!$G13),"",'R&R Generic Detailed Budget'!$G13) | O4: =IF(ISBLANK('R&R Generic Detailed Budget'!$H13),"",'R&R Generic Detailed Budget'!$H13) | P4: =IF(ISBLANK('R&R Generic Detailed Budget'!$I13),"",'R&R Generic Detailed Budget'!$I13) | Q4: =IF(ISBLANK('R&R Generic Detailed Budget'!$J13),"",'R&R Generic Detailed Budget'!$J13) | S4: =IFERROR($E4*M4,"") | T4: =IFERROR($E4*N4,"") | U4: =IFERROR($E4*O4,"") | V4: =IFERROR($E4*P4,"") | W4: =IFERROR($E4*Q4,"") | X4: =SUM(S4:W4) -> 0 | Z4: =IF(ISBLANK('R&R Generic Detailed Budget'!$L13),"",'R&R Generic Detailed Budget'!$L13) -> 0 | AA4: =IF(ISBLANK('R&R Generic Detailed Budget'!$M13),"",'R&R Generic Detailed Budget'!$M13) -> 0 | AB4: =IF(ISBLANK('R&R Generic Detailed Budget'!$N13),"",'R&R Generic Detailed Budget'!$N13) -> 0 | AC4: =IF(ISBLANK('R&R Generic Detailed Budget'!$O13),"",'R&R Generic Detailed Budget'!$O13) -> 0 | AD4: =IF(ISBLANK('R&R Generic Detailed Budget'!$P13),"",'R&R Generic Detailed Budget'!$P13) -> 0 | AE4: =SUM(Z4:AD4) -> 0 | AG4: =IF($A4="","",VLOOKUP($D4,OPE_Rates,2,FALSE)) | AH4: =IF('R&R Generic Detailed Budget'!$A$1>1,IF($A4="","",VLOOKUP($D4,OPE_Rates,3,FALSE)),0) | AI4: =IF('R&R Generic Detailed Budget'!$A$1>2,IF($A4="","",VLOOKUP($D4,OPE_Rates,4,FALSE)),0) | AJ4: =IF('R&R Generic Detailed Budget'!$A$1>3,IF($A4="","",VLOOKUP($D4,OPE_Rates,5,FALSE)),"") | AK4: =IF('R&R Generic Detailed Budget'!$A$1>3,IF($A4="","",VLOOKUP($D4,OPE_Rates,6,FALSE)),"") | AM4: =IFERROR(ROUND(IF(AG4="","",Z4*AG4),0),"") | AN4: =IFERROR(ROUND(IF(AH4="","",AA4*AH4),0),"") | AO4: =IFERROR(ROUND(IF(AI4="","",AB4*AI4),0),"") | AP4: =IFERROR(ROUND(IF(AJ4="","",AC4*AJ4),0),"") | AQ4: =IFERROR(ROUND(IF(AK4="","",AD4*AK4),0),"") | AR4: =SUM(AM4:AQ4) -> 0
A5: =IF(ISBLANK('R&R Generic Detailed Budget'!B14),"",'R&R Generic Detailed Budget'!B14) | B5: =IFERROR(VLOOKUP($A5,'R&R Generic Detailed Budget'!$B$13:$D$52, 2, FALSE),0) -> 0 | C5: =IFERROR(VLOOKUP($A5,'R&R Generic Detailed Budget'!$B$13:$D$52, 3, FALSE),0) -> 0 | D5: =IFERROR(VLOOKUP($C5,EmployeeClass, 2, FALSE),0) -> 0 | E5: =IFERROR(VLOOKUP($C5,EmployeeClass, 4, FALSE),0) -> 0 | G5: =IF(ISBLANK('R&R Generic Detailed Budget'!$E14),"0",'R&R Generic Detailed Budget'!$E14) -> 0 | H5: =IF('R&R Generic Detailed Budget'!$A$1>1,ROUND((G5*'R&R Generic Detailed Budget'!$V$15),0),0) -> 0 | I5: =IF('R&R Generic Detailed Budget'!$A$1>2,ROUND((H5*'R&R Generic Detailed Budget'!$V$15),0),0) -> 0 | J5: =IF('R&R Generic Detailed Budget'!$A$1>3,ROUND((I5*'R&R Generic Detailed Budget'!$V$15),0),0) -> 0 | K5: =IF('R&R Generic Detailed Budget'!$A$1>4,ROUND((J5*'R&R Generic Detailed Budget'!$V$15),0),0) -> 0 | M5: =IF(ISBLANK('R&R Generic Detailed Budget'!$F14),"",'R&R Generic Detailed Budget'!$F14) | N5: =IF(ISBLANK('R&R Generic Detailed Budget'!$G14),"",'R&R Generic Detailed Budget'!$G14) | O5: =IF(ISBLANK('R&R Generic Detailed Budget'!$H14),"",'R&R Generic Detailed Budget'!$H14) | P5: =IF(ISBLANK('R&R Generic Detailed Budget'!$I14),"",'R&R Generic Detailed Budget'!$I14) | Q5: =IF(ISBLANK('R&R Generic Detailed Budget'!$J14),"",'R&R Generic Detailed Budget'!$J14) | S5: =IFERROR($E5*M5,"") | T5: =IFERROR($E5*N5,"") | U5: =IFERROR($E5*O5,"") | V5: =IFERROR($E5*P5,"") | W5: =IFERROR($E5*Q5,"") | X5: =SUM(S5:W5) -> 0 | Z5: =IF(ISBLANK('R&R Generic Detailed Budget'!$L14),"",'R&R Generic Detailed Budget'!$L14) -> 0 | AA5: =IF(ISBLANK('R&R Generic Detailed Budget'!$M14),"",'R&R Generic Detailed Budget'!$M14) -> 0 | AB5: =IF(ISBLANK('R&R Generic Detailed Budget'!$N14),"",'R&R Generic Detailed Budget'!$N14) -> 0 | AC5: =IF(ISBLANK('R&R Generic Detailed Budget'!$O14),"",'R&R Generic Detailed Budget'!$O14) -> 0 | AD5: =IF(ISBLANK('R&R Generic Detailed Budget'!$P14),"",'R&R Generic Detailed Budget'!$P14) -> 0 | AE5: =SUM(Z5:AD5) -> 0 | AG5: =IF($A5="","",VLOOKUP($D5,OPE_Rates,2,FALSE)) | AH5: =IF('R&R Generic Detailed Budget'!$A$1>1,IF($A5="","",VLOOKUP($D5,OPE_Rates,3,FALSE)),0) | AI5: =IF('R&R Generic Detailed Budget'!$A$1>2,IF($A5="","",VLOOKUP($D5,OPE_Rates,4,FALSE)),0) | AJ5: =IF('R&R Generic Detailed Budget'!$A$1>3,IF($A5="","",VLOOKUP($D5,OPE_Rates,5,FALSE)),"") | AK5: =IF('R&R Generic Detailed Budget'!$A$1>3,IF($A5="","",VLOOKUP($D5,OPE_Rates,6,FALSE)),"") | AM5: =IFERROR(ROUND(IF(AG5="","",Z5*AG5),0),"") | AN5: =IFERROR(ROUND(IF(AH5="","",AA5*AH5),0),"") | AO5: =IFERROR(ROUND(IF(AI5="","",AB5*AI5),0),"") | AP5: =IFERROR(ROUND(IF(AJ5="","",AC5*AJ5),0),"") | AQ5: =IFERROR(ROUND(IF(AK5="","",AD5*AK5),0),"") | AR5: =SUM(AM5:AQ5) -> 0
A6: =IF(ISBLANK('R&R Generic Detailed Budget'!B15),"",'R&R Generic Detailed Budget'!B15) | B6: =IFERROR(VLOOKUP($A6,'R&R Generic Detailed Budget'!$B$13:$D$52, 2, FALSE),0) -> 0 | C6: =IFERROR(VLOOKUP($A6,'R&R Generic Detailed Budget'!$B$13:$D$52, 3, FALSE),0) -> 0 | D6: =IFERROR(VLOOKUP($C6,EmployeeClass, 2, FALSE),0) -> 0 | E6: =IFERROR(VLOOKUP($C6,EmployeeClass, 4, FALSE),0) -> 0 | G6: =IF(ISBLANK('R&R Generic Detailed Budget'!$E15),"0",'R&R Generic Detailed Budget'!$E15) -> 0 | H6: =IF('R&R Generic Detailed Budget'!$A$1>1,ROUND((G6*'R&R Generic Detailed Budget'!$V$15),0),0) -> 0 | I6: =IF('R&R Generic Detailed Budget'!$A$1>2,ROUND((H6*'R&R Generic Detailed Budget'!$V$15),0),0) -> 0 | J6: =IF('R&R Generic Detailed Budget'!$A$1>3,ROUND((I6*'R&R Generic Detailed Budget'!$V$15),0),0) -> 0 | K6: =IF('R&R Generic Detailed Budget'!$A$1>4,ROUND((J6*'R&R Generic Detailed Budget'!$V$15),0),0) -> 0 | M6: =IF(ISBLANK('R&R Generic Detailed Budget'!$F15),"",'R&R Generic Detailed Budget'!$F15) | N6: =IF(ISBLANK('R&R Generic Detailed Budget'!$G15),"",'R&R Generic Detailed Budget'!$G15) | O6: =IF(ISBLANK('R&R Generic Detailed Budget'!$H15),"",'R&R Generic Detailed Budget'!$H15) | P6: =IF(ISBLANK('R&R Generic Detailed Budget'!$I15),"",'R&R Generic Detailed Budget'!$I15) | Q6: =IF(ISBLANK('R&R Generic Detailed Budget'!$J15),"",'R&R Generic Detailed Budget'!$J15) | S6: =IFERROR($E6*M6,"") | T6: =IFERROR($E6*N6,"") | U6: =IFERROR($E6*O6,"") | V6: =IFERROR($E6*P6,"") | W6: =IFERROR($E6*Q6,"") | X6: =SUM(S6:W6) -> 0 | Z6: =IF(ISBLANK('R&R Generic Detailed Budget'!$L15),"",'R&R Generic Detailed Budget'!$L15) -> 0 | AA6: =IF(ISBLANK('R&R Generic Detailed Budget'!$M15),"",'R&R Generic Detailed Budget'!$M15) -> 0 | AB6: =IF(ISBLANK('R&R Generic Detailed Budget'!$N15),"",'R&R Generic Detailed Budget'!$N15) -> 0 | AC6: =IF(ISBLANK('R&R Generic Detailed Budget'!$O15),"",'R&R Generic Detailed Budget'!$O15) -> 0 | AD6: =IF(ISBLANK('R&R Generic Detailed Budget'!$P15),"",'R&R Generic Detailed Budget'!$P15) -> 0 | AE6: =SUM(Z6:AD6) -> 0 | AG6: =IF($A6="","",VLOOKUP($D6,OPE_Rates,2,FALSE)) | AH6: =IF('R&R Generic Detailed Budget'!$A$1>1,IF($A6="","",VLOOKUP($D6,OPE_Rates,3,FALSE)),0) | AI6: =IF('R&R Generic Detailed Budget'!$A$1>2,IF($A6="","",VLOOKUP($D6,OPE_Rates,4,FALSE)),0) | AJ6: =IF('R&R Generic Detailed Budget'!$A$1>3,IF($A6="","",VLOOKUP($D6,OPE_Rates,5,FALSE)),"") | AK6: =IF('R&R Generic Detailed Budget'!$A$1>3,IF($A6="","",VLOOKUP($D6,OPE_Rates,6,FALSE)),"") | AM6: =IFERROR(ROUND(IF(AG6="","",Z6*AG6),0),"") | AN6: =IFERROR(ROUND(IF(AH6="","",AA6*AH6),0),"") | AO6: =IFERROR(ROUND(IF(AI6="","",AB6*AI6),0),"") | AP6: =IFERROR(ROUND(IF(AJ6="","",AC6*AJ6),0),"") | AQ6: =IFERROR(ROUND(IF(AK6="","",AD6*AK6),0),"") | AR6: =SUM(AM6:AQ6) -> 0
A7: =IF(ISBLANK('R&R Generic Detailed Budget'!B16),"",'R&R Generic Detailed Budget'!B16) | B7: =IFERROR(VLOOKUP($A7,'R&R Generic Detailed Budget'!$B$13:$D$52, 2, FALSE),0) -> 0 | C7: =IFERROR(VLOOKUP($A7,'R&R Generic Detailed Budget'!$B$13:$D$52, 3, FALSE),0) -> 0 | D7: =IFERROR(VLOOKUP($C7,EmployeeClass, 2, FALSE),0) -> 0 | E7: =IFERROR(VLOOKUP($C7,EmployeeClass, 4, FALSE),0) -> 0 | G7: =IF(ISBLANK('R&R Generic Detailed Budget'!$E16),"0",'R&R Generic Detailed Budget'!$E16) -> 0 | H7: =IF('R&R Generic Detailed Budget'!$A$1>1,ROUND((G7*'R&R Generic Detailed Budget'!$V$15),0),0) -> 0 | I7: =IF('R&R Generic Detailed Budget'!$A$1>2,ROUND((H7*'R&R Generic Detailed Budget'!$V$15),0),0) -> 0 | J7: =IF('R&R Generic Detailed Budget'!$A$1>3,ROUND((I7*'R&R Generic Detailed Budget'!$V$15),0),0) -> 0 | K7: =IF('R&R Generic Detailed Budget'!$A$1>4,ROUND((J7*'R&R Generic Detailed Budget'!$V$15),0),0) -> 0 | M7: =IF(ISBLANK('R&R Generic Detailed Budget'!$F16),"",'R&R Generic Detailed Budget'!$F16) | N7: =IF(ISBLANK('R&R Generic Detailed Budget'!$G16),"",'R&R Generic Detailed Budget'!$G16) | O7: =IF(ISBLANK('R&R Generic Detailed Budget'!$H16),"",'R&R Generic Detailed Budget'!$H16) | P7: =IF(ISBLANK('R&R Generic Detailed Budget'!$I16),"",'R&R Generic Detailed Budget'!$I16) | Q7: =IF(ISBLANK('R&R Generic Detailed Budget'!$J16),"",'R&R Generic Detailed Budget'!$J16) | S7: =IFERROR($E7*M7,"") | T7: =IFERROR($E7*N7,"") | U7: =IFERROR($E7*O7,"") | V7: =IFERROR($E7*P7,"") | W7: =IFERROR($E7*Q7,"") | X7: =SUM(S7:W7) -> 0 | Z7: =IF(ISBLANK('R&R Generic Detailed Budget'!$L16),"",'R&R Generic Detailed Budget'!$L16) -> 0 | AA7: =IF(ISBLANK('R&R Generic Detailed Budget'!$M16),"",'R&R Generic Detailed Budget'!$M16) -> 0 | AB7: =IF(ISBLANK('R&R Generic Detailed Budget'!$N16),"",'R&R Generic Detailed Budget'!$N16) -> 0 | AC7: =IF(ISBLANK('R&R Generic Detailed Budget'!$O16),"",'R&R Generic Detailed Budget'!$O16) -> 0 | AD7: =IF(ISBLANK('R&R Generic Detailed Budget'!$P16),"",'R&R Generic Detailed Budget'!$P16) -> 0 | AE7: =SUM(Z7:AD7) -> 0 | AG7: =IF($A7="","",VLOOKUP($D7,OPE_Rates,2,FALSE)) | AH7: =IF('R&R Generic Detailed Budget'!$A$1>1,IF($A7="","",VLOOKUP($D7,OPE_Rates,3,FALSE)),0) | AI7: =IF('R&R Generic Detailed Budget'!$A$1>2,IF($A7="","",VLOOKUP($D7,OPE_Rates,4,FALSE)),0) | AJ7: =IF('R&R Generic Detailed Budget'!$A$1>3,IF($A7="","",VLOOKUP($D7,OPE_Rates,5,FALSE)),"") | AK7: =IF('R&R Generic Detailed Budget'!$A$1>3,IF($A7="","",VLOOKUP($D7,OPE_Rates,6,FALSE)),"") | AM7: =IFERROR(ROUND(IF(AG7="","",Z7*AG7),0),"") | AN7: =IFERROR(ROUND(IF(AH7="","",AA7*AH7),0),"") | AO7: =IFERROR(ROUND(IF(AI7="","",AB7*AI7),0),"") | AP7: =IFERROR(ROUND(IF(AJ7="","",AC7*AJ7),0),"") | AQ7: =IFERROR(ROUND(IF(AK7="","",AD7*AK7),0),"") | AR7: =SUM(AM7:AQ7) -> 0
A8: =IF(ISBLANK('R&R Generic Detailed Budget'!B17),"",'R&R Generic Detailed Budget'!B17) | B8: =IFERROR(VLOOKUP($A8,'R&R Generic Detailed Budget'!$B$13:$D$52, 2, FALSE),0) -> 0 | C8: =IFERROR(VLOOKUP($A8,'R&R Generic Detailed Budget'!$B$13:$D$52, 3, FALSE),0) -> 0 | D8: =IFERROR(VLOOKUP($C8,EmployeeClass, 2, FALSE),0) -> 0 | E8: =IFERROR(VLOOKUP($C8,EmployeeClass, 4, FALSE),0) -> 0 | G8: =IF(ISBLANK('R&R Generic Detailed Budget'!$E17),"0",'R&R Generic Detailed Budget'!$E17) -> 0 | H8: =IF('R&R Generic Detailed Budget'!$A$1>1,ROUND((G8*'R&R Generic Detailed Budget'!$V$15),0),0) -> 0 | I8: =IF('R&R Generic Detailed Budget'!$A$1>2,ROUND((H8*'R&R Generic Detailed Budget'!$V$15),0),0) -> 0 | J8: =IF('R&R Generic Detailed Budget'!$A$1>3,ROUND((I8*'R&R Generic Detailed Budget'!$V$15),0),0) -> 0 | K8: =IF('R&R Generic Detailed Budget'!$A$1>4,ROUND((J8*'R&R Generic Detailed Budget'!$V$15),0),0) -> 0 | M8: =IF(ISBLANK('R&R Generic Detailed Budget'!$F17),"",'R&R Generic Detailed Budget'!$F17) | N8: =IF(ISBLANK('R&R Generic Detailed Budget'!$G17),"",'R&R Generic Detailed Budget'!$G17) | O8: =IF(ISBLANK('R&R Generic Detailed Budget'!$H17),"",'R&R Generic Detailed Budget'!$H17) | P8: =IF(ISBLANK('R&R Generic Detailed Budget'!$I17),"",'R&R Generic Detailed Budget'!$I17) | Q8: =IF(ISBLANK('R&R Generic Detailed Budget'!$J17),"",'R&R Generic Detailed Budget'!$J17) | S8: =IFERROR($E8*M8,"") | T8: =IFERROR($E8*N8,"") | U8: =IFERROR($E8*O8,"") | V8: =IFERROR($E8*P8,"") | W8: =IFERROR($E8*Q8,"") | X8: =SUM(S8:W8) -> 0 | Z8: =IF(ISBLANK('R&R Generic Detailed Budget'!$L17),"",'R&R Generic Detailed Budget'!$L17) -> 0 | AA8: =IF(ISBLANK('R&R Generic Detailed Budget'!$M17),"",'R&R Generic Detailed Budget'!$M17) -> 0 | AB8: =IF(ISBLANK('R&R Generic Detailed Budget'!$N17),"",'R&R Generic Detailed Budget'!$N17) -> 0 | AC8: =IF(ISBLANK('R&R Generic Detailed Budget'!$O17),"",'R&R Generic Detailed Budget'!$O17) -> 0 | AD8: =IF(ISBLANK('R&R Generic Detailed Budget'!$P17),"",'R&R Generic Detailed Budget'!$P17) -> 0 | AE8: =SUM(Z8:AD8) -> 0 | AG8: =IF($A8="","",VLOOKUP($D8,OPE_Rates,2,FALSE)) | AH8: =IF('R&R Generic Detailed Budget'!$A$1>1,IF($A8="","",VLOOKUP($D8,OPE_Rates,3,FALSE)),0) | AI8: =IF('R&R Generic Detailed Budget'!$A$1>2,IF($A8="","",VLOOKUP($D8,OPE_Rates,4,FALSE)),0) | AJ8: =IF('R&R Generic Detailed Budget'!$A$1>3,IF($A8="","",VLOOKUP($D8,OPE_Rates,5,FALSE)),"") | AK8: =IF('R&R Generic Detailed Budget'!$A$1>3,IF($A8="","",VLOOKUP($D8,OPE_Rates,6,FALSE)),"") | AM8: =IFERROR(ROUND(IF(AG8="","",Z8*AG8),0),"") | AN8: =IFERROR(ROUND(IF(AH8="","",AA8*AH8),0),"") | AO8: =IFERROR(ROUND(IF(AI8="","",AB8*AI8),0),"") | AP8: =IFERROR(ROUND(IF(AJ8="","",AC8*AJ8),0),"") | AQ8: =IFERROR(ROUND(IF(AK8="","",AD8*AK8),0),"") | AR8: =SUM(AM8:AQ8) -> 0
A9: =IF(ISBLANK('R&R Generic Detailed Budget'!B18),"",'R&R Generic Detailed Budget'!B18) | B9: =IFERROR(VLOOKUP($A9,'R&R Generic Detailed Budget'!$B$13:$D$52, 2, FALSE),0) -> 0 | C9: =IFERROR(VLOOKUP($A9,'R&R Generic Detailed Budget'!$B$13:$D$52, 3, FALSE),0) -> 0 | D9: =IFERROR(VLOOKUP($C9,EmployeeClass, 2, FALSE),0) -> 0 | E9: =IFERROR(VLOOKUP($C9,EmployeeClass, 4, FALSE),0) -> 0 | G9: =IF(ISBLANK('R&R Generic Detailed Budget'!$E18),"0",'R&R Generic Detailed Budget'!$E18) -> 0 | H9: =IF('R&R Generic Detailed Budget'!$A$1>1,ROUND((G9*'R&R Generic Detailed Budget'!$V$15),0),0) -> 0 | I9: =IF('R&R Generic Detailed Budget'!$A$1>2,ROUND((H9*'R&R Generic Detailed Budget'!$V$15),0),0) -> 0 | J9: =IF('R&R Generic Detailed Budget'!$A$1>3,ROUND((I9*'R&R Generic Detailed Budget'!$V$15),0),0) -> 0 | K9: =IF('R&R Generic Detailed Budget'!$A$1>4,ROUND((J9*'R&R Generic Detailed Budget'!$V$15),0),0) -> 0 | M9: =IF(ISBLANK('R&R Generic Detailed Budget'!$F18),"",'R&R Generic Detailed Budget'!$F18) | N9: =IF(ISBLANK('R&R Generic Detailed Budget'!$G18),"",'R&R Generic Detailed Budget'!$G18) | O9: =IF(ISBLANK('R&R Generic Detailed Budget'!$H18),"",'R&R Generic Detailed Budget'!$H18) | P9: =IF(ISBLANK('R&R Generic Detailed Budget'!$I18),"",'R&R Generic Detailed Budget'!$I18) | Q9: =IF(ISBLANK('R&R Generic Detailed Budget'!$J18),"",'R&R Generic Detailed Budget'!$J18) | S9: =IFERROR($E9*M9,"") | T9: =IFERROR($E9*N9,"") | U9: =IFERROR($E9*O9,"") | V9: =IFERROR($E9*P9,"") | W9: =IFERROR($E9*Q9,"") | X9: =SUM(S9:W9) -> 0 | Z9: =IF(ISBLANK('R&R Generic Detailed Budget'!$L18),"",'R&R Generic Detailed Budget'!$L18) -> 0 | AA9: =IF(ISBLANK('R&R Generic Detailed Budget'!$M18),"",'R&R Generic Detailed Budget'!$M18) -> 0 | AB9: =IF(ISBLANK('R&R Generic Detailed Budget'!$N18),"",'R&R Generic Detailed Budget'!$N18) -> 0 | AC9: =IF(ISBLANK('R&R Generic Detailed Budget'!$O18),"",'R&R Generic Detailed Budget'!$O18) -> 0 | AD9: =IF(ISBLANK('R&R Generic Detailed Budget'!$P18),"",'R&R Generic Detailed Budget'!$P18) -> 0 | AE9: =SUM(Z9:AD9) -> 0 | AG9: =IF($A9="","",VLOOKUP($D9,OPE_Rates,2,FALSE)) | AH9: =IF('R&R Generic Detailed Budget'!$A$1>1,IF($A9="","",VLOOKUP($D9,OPE_Rates,3,FALSE)),0) | AI9: =IF('R&R Generic Detailed Budget'!$A$1>2,IF($A9="","",VLOOKUP($D9,OPE_Rates,4,FALSE)),0) | AJ9: =IF('R&R Generic Detailed Budget'!$A$1>3,IF($A9="","",VLOOKUP($D9,OPE_Rates,5,FALSE)),"") | AK9: =IF('R&R Generic Detailed Budget'!$A$1>3,IF($A9="","",VLOOKUP($D9,OPE_Rates,6,FALSE)),"") | AM9: =IFERROR(ROUND(IF(AG9="","",Z9*AG9),0),"") | AN9: =IFERROR(ROUND(IF(AH9="","",AA9*AH9),0),"") | AO9: =IFERROR(ROUND(IF(AI9="","",AB9*AI9),0),"") | AP9: =IFERROR(ROUND(IF(AJ9="","",AC9*AJ9),0),"") | AQ9: =IFERROR(ROUND(IF(AK9="","",AD9*AK9),0),"") | AR9: =SUM(AM9:AQ9) -> 0
A10: =IF(ISBLANK('R&R Generic Detailed Budget'!B19),"",'R&R Generic Detailed Budget'!B19) | B10: =IFERROR(VLOOKUP($A10,'R&R Generic Detailed Budget'!$B$13:$D$52, 2, FALSE),0) -> 0 | C10: =IFERROR(VLOOKUP($A10,'R&R Generic Detailed Budget'!$B$13:$D$52, 3, FALSE),0) -> 0 | D10: =IFERROR(VLOOKUP($C10,EmployeeClass, 2, FALSE),0) -> 0 | E10: =IFERROR(VLOOKUP($C10,EmployeeClass, 4, FALSE),0) -> 0 | G10: =IF(ISBLANK('R&R Generic Detailed Budget'!$E19),"0",'R&R Generic Detailed Budget'!$E19) -> 0 | H10: =IF('R&R Generic Detailed Budget'!$A$1>1,ROUND((G10*'R&R Generic Detailed Budget'!$V$15),0),0) -> 0 | I10: =IF('R&R Generic Detailed Budget'!$A$1>2,ROUND((H10*'R&R Generic Detailed Budget'!$V$15),0),0) -> 0 | J10: =IF('R&R Generic Detailed Budget'!$A$1>3,ROUND((I10*'R&R Generic Detailed Budget'!$V$15),0),0) -> 0 | K10: =IF('R&R Generic Detailed Budget'!$A$1>4,ROUND((J10*'R&R Generic Detailed Budget'!$V$15),0),0) -> 0 | M10: =IF(ISBLANK('R&R Generic Detailed Budget'!$F19),"",'R&R Generic Detailed Budget'!$F19) | N10: =IF(ISBLANK('R&R Generic Detailed Budget'!$G19),"",'R&R Generic Detailed Budget'!$G19) | O10: =IF(ISBLANK('R&R Generic Detailed Budget'!$H19),"",'R&R Generic Detailed Budget'!$H19) | P10: =IF(ISBLANK('R&R Generic Detailed Budget'!$I19),"",'R&R Generic Detailed Budget'!$I19) | Q10: =IF(ISBLANK('R&R Generic Detailed Budget'!$J19),"",'R&R Generic Detailed Budget'!$J19) | S10: =IFERROR($E10*M10,"") | T10: =IFERROR($E10*N10,"") | U10: =IFERROR($E10*O10,"") | V10: =IFERROR($E10*P10,"") | W10: =IFERROR($E10*Q10,"") | X10: =SUM(S10:W10) -> 0 | Z10: =IF(ISBLANK('R&R Generic Detailed Budget'!$L19),"",'R&R Generic Detailed Budget'!$L19) -> 0 | AA10: =IF(ISBLANK('R&R Generic Detailed Budget'!$M19),"",'R&R Generic Detailed Budget'!$M19) -> 0 | AB10: =IF(ISBLANK('R&R Generic Detailed Budget'!$N19),"",'R&R Generic Detailed Budget'!$N19) -> 0 | AC10: =IF(ISBLANK('R&R Generic Detailed Budget'!$O19),"",'R&R Generic Detailed Budget'!$O19) -> 0 | AD10: =IF(ISBLANK('R&R Generic Detailed Budget'!$P19),"",'R&R Generic Detailed Budget'!$P19) -> 0 | AE10: =SUM(Z10:AD10) -> 0 | AG10: =IF($A10="","",VLOOKUP($D10,OPE_Rates,2,FALSE)) | AH10: =IF('R&R Generic Detailed Budget'!$A$1>1,IF($A10="","",VLOOKUP($D10,OPE_Rates,3,FALSE)),0) | AI10: =IF('R&R Generic Detailed Budget'!$A$1>2,IF($A10="","",VLOOKUP($D10,OPE_Rates,4,FALSE)),0) | AJ10: =IF('R&R Generic Detailed Budget'!$A$1>3,IF($A10="","",VLOOKUP($D10,OPE_Rates,5,FALSE)),"") | AK10: =IF('R&R Generic Detailed Budget'!$A$1>3,IF($A10="","",VLOOKUP($D10,OPE_Rates,6,FALSE)),"") | AM10: =IFERROR(ROUND(IF(AG10="","",Z10*AG10),0),"") | AN10: =IFERROR(ROUND(IF(AH10="","",AA10*AH10),0),"") | AO10: =IFERROR(ROUND(IF(AI10="","",AB10*AI10),0),"") | AP10: =IFERROR(ROUND(IF(AJ10="","",AC10*AJ10),0),"") | AQ10: =IFERROR(ROUND(IF(AK10="","",AD10*AK10),0),"") | AR10: =SUM(AM10:AQ10) -> 0
A11: =IF(ISBLANK('R&R Generic Detailed Budget'!B20),"",'R&R Generic Detailed Budget'!B20) | B11: =IFERROR(VLOOKUP($A11,'R&R Generic Detailed Budget'!$B$13:$D$52, 2, FALSE),0) -> 0 | C11: =IFERROR(VLOOKUP($A11,'R&R Generic Detailed Budget'!$B$13:$D$52, 3, FALSE),0) -> 0 | D11: =IFERROR(VLOOKUP($C11,EmployeeClass, 2, FALSE),0) -> 0 | E11: =IFERROR(VLOOKUP($C11,EmployeeClass, 4, FALSE),0) -> 0 | G11: =IF(ISBLANK('R&R Generic Detailed Budget'!$E20),"0",'R&R Generic Detailed Budget'!$E20) -> 0 | H11: =IF('R&R Generic Detailed Budget'!$A$1>1,ROUND((G11*'R&R Generic Detailed Budget'!$V$15),0),0) -> 0 | I11: =IF('R&R Generic Detailed Budget'!$A$1>2,ROUND((H11*'R&R Generic Detailed Budget'!$V$15),0),0) -> 0 | J11: =IF('R&R Generic Detailed Budget'!$A$1>3,ROUND((I11*'R&R Generic Detailed Budget'!$V$15),0),0) -> 0 | K11: =IF('R&R Generic Detailed Budget'!$A$1>4,ROUND((J11*'R&R Generic Detailed Budget'!$V$15),0),0) -> 0 | M11: =IF(ISBLANK('R&R Generic Detailed Budget'!$F20),"",'R&R Generic Detailed Budget'!$F20) | N11: =IF(ISBLANK('R&R Generic Detailed Budget'!$G20),"",'R&R Generic Detailed Budget'!$G20) | O11: =IF(ISBLANK('R&R Generic Detailed Budget'!$H20),"",'R&R Generic Detailed Budget'!$H20) | P11: =IF(ISBLANK('R&R Generic Detailed Budget'!$I20),"",'R&R Generic Detailed Budget'!$I20) | Q11: =IF(ISBLANK('R&R Generic Detailed Budget'!$J20),"",'R&R Generic Detailed Budget'!$J20) | S11: =IFERROR($E11*M11,"") | T11: =IFERROR($E11*N11,"") | U11: =IFERROR($E11*O11,"") | V11: =IFERROR($E11*P11,"") | W11: =IFERROR($E11*Q11,"") | X11: =SUM(S11:W11) -> 0 | Z11: =IF(ISBLANK('R&R Generic Detailed Budget'!$L20),"",'R&R Generic Detailed Budget'!$L20) -> 0 | AA11: =IF(ISBLANK('R&R Generic Detailed Budget'!$M20),"",'R&R Generic Detailed Budget'!$M20) -> 0 | AB11: =IF(ISBLANK('R&R Generic Detailed Budget'!$N20),"",'R&R Generic Detailed Budget'!$N20) -> 0 | AC11: =IF(ISBLANK('R&R Generic Detailed Budget'!$O20),"",'R&R Generic Detailed Budget'!$O20) -> 0 | AD11: =IF(ISBLANK('R&R Generic Detailed Budget'!$P20),"",'R&R Generic Detailed Budget'!$P20) -> 0 | AE11: =SUM(Z11:AD11) -> 0 | AG11: =IF($A11="","",VLOOKUP($D11,OPE_Rates,2,FALSE)) | AH11: =IF('R&R Generic Detailed Budget'!$A$1>1,IF($A11="","",VLOOKUP($D11,OPE_Rates,3,FALSE)),0) | AI11: =IF('R&R Generic Detailed Budget'!$A$1>2,IF($A11="","",VLOOKUP($D11,OPE_Rates,4,FALSE)),0) | AJ11: =IF('R&R Generic Detailed Budget'!$A$1>3,IF($A11="","",VLOOKUP($D11,OPE_Rates,5,FALSE)),"") | AK11: =IF('R&R Generic Detailed Budget'!$A$1>3,IF($A11="","",VLOOKUP($D11,OPE_Rates,6,FALSE)),"") | AM11: =IFERROR(ROUND(IF(AG11="","",Z11*AG11),0),"") | AN11: =IFERROR(ROUND(IF(AH11="","",AA11*AH11),0),"") | AO11: =IFERROR(ROUND(IF(AI11="","",AB11*AI11),0),"") | AP11: =IFERROR(ROUND(IF(AJ11="","",AC11*AJ11),0),"") | AQ11: =IFERROR(ROUND(IF(AK11="","",AD11*AK11),0),"") | AR11: =SUM(AM11:AQ11) -> 0
A12: =IF(ISBLANK('R&R Generic Detailed Budget'!B21),"",'R&R Generic Detailed Budget'!B21) | B12: =IFERROR(VLOOKUP($A12,'R&R Generic Detailed Budget'!$B$13:$D$52, 2, FALSE),0) -> 0 | C12: =IFERROR(VLOOKUP($A12,'R&R Generic Detailed Budget'!$B$13:$D$52, 3, FALSE),0) -> 0 | D12: =IFERROR(VLOOKUP($C12,EmployeeClass, 2, FALSE),0) -> 0 | E12: =IFERROR(VLOOKUP($C12,EmployeeClass, 4, FALSE),0) -> 0 | G12: =IF(ISBLANK('R&R Generic Detailed Budget'!$E21),"0",'R&R Generic Detailed Budget'!$E21) -> 0 | H12: =IF('R&R Generic Detailed Budget'!$A$1>1,ROUND((G12*'R&R Generic Detailed Budget'!$V$15),0),0) -> 0 | I12: =IF('R&R Generic Detailed Budget'!$A$1>2,ROUND((H12*'R&R Generic Detailed Budget'!$V$15),0),0) -> 0 | J12: =IF('R&R Generic Detailed Budget'!$A$1>3,ROUND((I12*'R&R Generic Detailed Budget'!$V$15),0),0) -> 0 | K12: =IF('R&R Generic Detailed Budget'!$A$1>4,ROUND((J12*'R&R Generic Detailed Budget'!$V$15),0),0) -> 0 | M12: =IF(ISBLANK('R&R Generic Detailed Budget'!$F21),"",'R&R Generic Detailed Budget'!$F21) | N12: =IF(ISBLANK('R&R Generic Detailed Budget'!$G21),"",'R&R Generic Detailed Budget'!$G21) | O12: =IF(ISBLANK('R&R Generic Detailed Budget'!$H21),"",'R&R Generic Detailed Budget'!$H21) | P12: =IF(ISBLANK('R&R Generic Detailed Budget'!$I21),"",'R&R Generic Detailed Budget'!$I21) | Q12: =IF(ISBLANK('R&R Generic Detailed Budget'!$J21),"",'R&R Generic Detailed Budget'!$J21) | S12: =IFERROR($E12*M12,"") | T12: =IFERROR($E12*N12,"") | U12: =IFERROR($E12*O12,"") | V12: =IFERROR($E12*P12,"") | W12: =IFERROR($E12*Q12,"") | X12: =SUM(S12:W12) -> 0 | Z12: =IF(ISBLANK('R&R Generic Detailed Budget'!$L21),"",'R&R Generic Detailed Budget'!$L21) -> 0 | AA12: =IF(ISBLANK('R&R Generic Detailed Budget'!$M21),"",'R&R Generic Detailed Budget'!$M21) -> 0 | AB12: =IF(ISBLANK('R&R Generic Detailed Budget'!$N21),"",'R&R Generic Detailed Budget'!$N21) -> 0 | AC12: =IF(ISBLANK('R&R Generic Detailed Budget'!$O21),"",'R&R Generic Detailed Budget'!$O21) -> 0 | AD12: =IF(ISBLANK('R&R Generic Detailed Budget'!$P21),"",'R&R Generic Detailed Budget'!$P21) -> 0 | AE12: =SUM(Z12:AD12) -> 0 | AG12: =IF($A12="","",VLOOKUP($D12,OPE_Rates,2,FALSE)) | AH12: =IF('R&R Generic Detailed Budget'!$A$1>1,IF($A12="","",VLOOKUP($D12,OPE_Rates,3,FALSE)),0) | AI12: =IF('R&R Generic Detailed Budget'!$A$1>2,IF($A12="","",VLOOKUP($D12,OPE_Rates,4,FALSE)),0) | AJ12: =IF('R&R Generic Detailed Budget'!$A$1>3,IF($A12="","",VLOOKUP($D12,OPE_Rates,5,FALSE)),"") | AK12: =IF('R&R Generic Detailed Budget'!$A$1>3,IF($A12="","",VLOOKUP($D12,OPE_Rates,6,FALSE)),"") | AM12: =IFERROR(ROUND(IF(AG12="","",Z12*AG12),0),"") | AN12: =IFERROR(ROUND(IF(AH12="","",AA12*AH12),0),"") | AO12: =IFERROR(ROUND(IF(AI12="","",AB12*AI12),0),"") | AP12: =IFERROR(ROUND(IF(AJ12="","",AC12*AJ12),0),"") | AQ12: =IFERROR(ROUND(IF(AK12="","",AD12*AK12),0),"") | AR12: =SUM(AM12:AQ12) -> 0
A13: =IF(ISBLANK('R&R Generic Detailed Budget'!B22),"",'R&R Generic Detailed Budget'!B22) | B13: =IFERROR(VLOOKUP($A13,'R&R Generic Detailed Budget'!$B$13:$D$52, 2, FALSE),0) -> 0 | C13: =IFERROR(VLOOKUP($A13,'R&R Generic Detailed Budget'!$B$13:$D$52, 3, FALSE),0) -> 0 | D13: =IFERROR(VLOOKUP($C13,EmployeeClass, 2, FALSE),0) -> 0 | E13: =IFERROR(VLOOKUP($C13,EmployeeClass, 4, FALSE),0) -> 0 | G13: =IF(ISBLANK('R&R Generic Detailed Budget'!$E22),"0",'R&R Generic Detailed Budget'!$E22) -> 0 | H13: =IF('R&R Generic Detailed Budget'!$A$1>1,ROUND((G13*'R&R Generic Detailed Budget'!$V$15),0),0) -> 0 | I13: =IF('R&R Generic Detailed Budget'!$A$1>2,ROUND((H13*'R&R Generic Detailed Budget'!$V$15),0),0) -> 0 | J13: =IF('R&R Generic Detailed Budget'!$A$1>3,ROUND((I13*'R&R Generic Detailed Budget'!$V$15),0),0) -> 0 | K13: =IF('R&R Generic Detailed Budget'!$A$1>4,ROUND((J13*'R&R Generic Detailed Budget'!$V$15),0),0) -> 0 | M13: =IF(ISBLANK('R&R Generic Detailed Budget'!$F22),"",'R&R Generic Detailed Budget'!$F22) | N13: =IF(ISBLANK('R&R Generic Detailed Budget'!$G22),"",'R&R Generic Detailed Budget'!$G22) | O13: =IF(ISBLANK('R&R Generic Detailed Budget'!$H22),"",'R&R Generic Detailed Budget'!$H22) | P13: =IF(ISBLANK('R&R Generic Detailed Budget'!$I22),"",'R&R Generic Detailed Budget'!$I22) | Q13: =IF(ISBLANK('R&R Generic Detailed Budget'!$J22),"",'R&R Generic Detailed Budget'!$J22) | S13: =IFERROR($E13*M13,"") | T13: =IFERROR($E13*N13,"") | U13: =IFERROR($E13*O13,"") | V13: =IFERROR($E13*P13,"") | W13: =IFERROR($E13*Q13,"") | X13: =SUM(S13:W13) -> 0 | Z13: =IF(ISBLANK('R&R Generic Detailed Budget'!$L22),"",'R&R Generic Detailed Budget'!$L22) -> 0 | AA13: =IF(ISBLANK('R&R Generic Detailed Budget'!$M22),"",'R&R Generic Detailed Budget'!$M22) -> 0 | AB13: =IF(ISBLANK('R&R Generic Detailed Budget'!$N22),"",'R&R Generic Detailed Budget'!$N22) -> 0 | AC13: =IF(ISBLANK('R&R Generic Detailed Budget'!$O22),"",'R&R Generic Detailed Budget'!$O22) -> 0 | AD13: =IF(ISBLANK('R&R Generic Detailed Budget'!$P22),"",'R&R Generic Detailed Budget'!$P22) -> 0 | AE13: =SUM(Z13:AD13) -> 0 | AG13: =IF($A13="","",VLOOKUP($D13,OPE_Rates,2,FALSE)) | AH13: =IF('R&R Generic Detailed Budget'!$A$1>1,IF($A13="","",VLOOKUP($D13,OPE_Rates,3,FALSE)),0) | AI13: =IF('R&R Generic Detailed Budget'!$A$1>2,IF($A13="","",VLOOKUP($D13,OPE_Rates,4,FALSE)),0) | AJ13: =IF('R&R Generic Detailed Budget'!$A$1>3,IF($A13="","",VLOOKUP($D13,OPE_Rates,5,FALSE)),"") | AK13: =IF('R&R Generic Detailed Budget'!$A$1>3,IF($A13="","",VLOOKUP($D13,OPE_Rates,6,FALSE)),"") | AM13: =IFERROR(ROUND(IF(AG13="","",Z13*AG13),0),"") | AN13: =IFERROR(ROUND(IF(AH13="","",AA13*AH13),0),"") | AO13: =IFERROR(ROUND(IF(AI13="","",AB13*AI13),0),"") | AP13: =IFERROR(ROUND(IF(AJ13="","",AC13*AJ13),0),"") | AQ13: =IFERROR(ROUND(IF(AK13="","",AD13*AK13),0),"") | AR13: =SUM(AM13:AQ13) -> 0
A14: =IF(ISBLANK('R&R Generic Detailed Budget'!B23),"",'R&R Generic Detailed Budget'!B23) | B14: =IFERROR(VLOOKUP($A14,'R&R Generic Detailed Budget'!$B$13:$D$52, 2, FALSE),0) -> 0 | C14: =IFERROR(VLOOKUP($A14,'R&R Generic Detailed Budget'!$B$13:$D$52, 3, FALSE),0) -> 0 | D14: =IFERROR(VLOOKUP($C14,EmployeeClass, 2, FALSE),0) -> 0 | E14: =IFERROR(VLOOKUP($C14,EmployeeClass, 4, FALSE),0) -> 0 | G14: =IF(ISBLANK('R&R Generic Detailed Budget'!$E23),"0",'R&R Generic Detailed Budget'!$E23) -> 0 | H14: =IF('R&R Generic Detailed Budget'!$A$1>1,ROUND((G14*'R&R Generic Detailed Budget'!$V$15),0),0) -> 0 | I14: =IF('R&R Generic Detailed Budget'!$A$1>2,ROUND((H14*'R&R Generic Detailed Budget'!$V$15),0),0) -> 0 | J14: =IF('R&R Generic Detailed Budget'!$A$1>3,ROUND((I14*'R&R Generic Detailed Budget'!$V$15),0),0) -> 0 | K14: =IF('R&R Generic Detailed Budget'!$A$1>4,ROUND((J14*'R&R Generic Detailed Budget'!$V$15),0),0) -> 0 | M14: =IF(ISBLANK('R&R Generic Detailed Budget'!$F23),"",'R&R Generic Detailed Budget'!$F23) | N14: =IF(ISBLANK('R&R Generic Detailed Budget'!$G23),"",'R&R Generic Detailed Budget'!$G23) | O14: =IF(ISBLANK('R&R Generic Detailed Budget'!$H23),"",'R&R Generic Detailed Budget'!$H23) | P14: =IF(ISBLANK('R&R Generic Detailed Budget'!$I23),"",'R&R Generic Detailed Budget'!$I23) | Q14: =IF(ISBLANK('R&R Generic Detailed Budget'!$J23),"",'R&R Generic Detailed Budget'!$J23) | S14: =IFERROR($E14*M14,"") | T14: =IFERROR($E14*N14,"") | U14: =IFERROR($E14*O14,"") | V14: =IFERROR($E14*P14,"") | W14: =IFERROR($E14*Q14,"") | X14: =SUM(S14:W14) -> 0 | Z14: =IF(ISBLANK('R&R Generic Detailed Budget'!$L23),"",'R&R Generic Detailed Budget'!$L23) -> 0 | AA14: =IF(ISBLANK('R&R Generic Detailed Budget'!$M23),"",'R&R Generic Detailed Budget'!$M23) -> 0 | AB14: =IF(ISBLANK('R&R Generic Detailed Budget'!$N23),"",'R&R Generic Detailed Budget'!$N23) -> 0 | AC14: =IF(ISBLANK('R&R Generic Detailed Budget'!$O23),"",'R&R Generic Detailed Budget'!$O23) -> 0 | AD14: =IF(ISBLANK('R&R Generic Detailed Budget'!$P23),"",'R&R Generic Detailed Budget'!$P23) -> 0 | AE14: =SUM(Z14:AD14) -> 0 | AG14: =IF($A14="","",VLOOKUP($D14,OPE_Rates,2,FALSE)) | AH14: =IF('R&R Generic Detailed Budget'!$A$1>1,IF($A14="","",VLOOKUP($D14,OPE_Rates,3,FALSE)),0) | AI14: =IF('R&R Generic Detailed Budget'!$A$1>2,IF($A14="","",VLOOKUP($D14,OPE_Rates,4,FALSE)),0) | AJ14: =IF('R&R Generic Detailed Budget'!$A$1>3,IF($A14="","",VLOOKUP($D14,OPE_Rates,5,FALSE)),"") | AK14: =IF('R&R Generic Detailed Budget'!$A$1>3,IF($A14="","",VLOOKUP($D14,OPE_Rates,6,FALSE)),"") | AM14: =IFERROR(ROUND(IF(AG14="","",Z14*AG14),0),"") | AN14: =IFERROR(ROUND(IF(AH14="","",AA14*AH14),0),"") | AO14: =IFERROR(ROUND(IF(AI14="","",AB14*AI14),0),"") | AP14: =IFERROR(ROUND(IF(AJ14="","",AC14*AJ14),0),"") | AQ14: =IFERROR(ROUND(IF(AK14="","",AD14*AK14),0),"") | AR14: =SUM(AM14:AQ14) -> 0
A15: =IF(ISBLANK('R&R Generic Detailed Budget'!B24),"",'R&R Generic Detailed Budget'!B24) | B15: =IFERROR(VLOOKUP($A15,'R&R Generic Detailed Budget'!$B$13:$D$52, 2, FALSE),0) -> 0 | C15: =IFERROR(VLOOKUP($A15,'R&R Generic Detailed Budget'!$B$13:$D$52, 3, FALSE),0) -> 0 | D15: =IFERROR(VLOOKUP($C15,EmployeeClass, 2, FALSE),0) -> 0 | E15: =IFERROR(VLOOKUP($C15,EmployeeClass, 4, FALSE),0) -> 0 | G15: =IF(ISBLANK('R&R Generic Detailed Budget'!$E24),"0",'R&R Generic Detailed Budget'!$E24) -> 0 | H15: =IF('R&R Generic Detailed Budget'!$A$1>1,ROUND((G15*'R&R Generic Detailed Budget'!$V$15),0),0) -> 0 | I15: =IF('R&R Generic Detailed Budget'!$A$1>2,ROUND((H15*'R&R Generic Detailed Budget'!$V$15),0),0) -> 0 | J15: =IF('R&R Generic Detailed Budget'!$A$1>3,ROUND((I15*'R&R Generic Detailed Budget'!$V$15),0),0) -> 0 | K15: =IF('R&R Generic Detailed Budget'!$A$1>4,ROUND((J15*'R&R Generic Detailed Budget'!$V$15),0),0) -> 0 | M15: =IF(ISBLANK('R&R Generic Detailed Budget'!$F24),"",'R&R Generic Detailed Budget'!$F24) | N15: =IF(ISBLANK('R&R Generic Detailed Budget'!$G24),"",'R&R Generic Detailed Budget'!$G24) | O15: =IF(ISBLANK('R&R Generic Detailed Budget'!$H24),"",'R&R Generic Detailed Budget'!$H24) | P15: =IF(ISBLANK('R&R Generic Detailed Budget'!$I24),"",'R&R Generic Detailed Budget'!$I24) | Q15: =IF(ISBLANK('R&R Generic Detailed Budget'!$J24),"",'R&R Generic Detailed Budget'!$J24) | S15: =IFERROR($E15*M15,"") | T15: =IFERROR($E15*N15,"") | U15: =IFERROR($E15*O15,"") | V15: =IFERROR($E15*P15,"") | W15: =IFERROR($E15*Q15,"") | X15: =SUM(S15:W15) -> 0 | Z15: =IF(ISBLANK('R&R Generic Detailed Budget'!$L24),"",'R&R Generic Detailed Budget'!$L24) -> 0 | AA15: =IF(ISBLANK('R&R Generic Detailed Budget'!$M24),"",'R&R Generic Detailed Budget'!$M24) -> 0 | AB15: =IF(ISBLANK('R&R Generic Detailed Budget'!$N24),"",'R&R Generic Detailed Budget'!$N24) -> 0 | AC15: =IF(ISBLANK('R&R Generic Detailed Budget'!$O24),"",'R&R Generic Detailed Budget'!$O24) -> 0 | AD15: =IF(ISBLANK('R&R Generic Detailed Budget'!$P24),"",'R&R Generic Detailed Budget'!$P24) -> 0 | AE15: =SUM(Z15:AD15) -> 0 | AG15: =IF($A15="","",VLOOKUP($D15,OPE_Rates,2,FALSE)) | AH15: =IF('R&R Generic Detailed Budget'!$A$1>1,IF($A15="","",VLOOKUP($D15,OPE_Rates,3,FALSE)),0) | AI15: =IF('R&R Generic Detailed Budget'!$A$1>2,IF($A15="","",VLOOKUP($D15,OPE_Rates,4,FALSE)),0) | AJ15: =IF('R&R Generic Detailed Budget'!$A$1>3,IF($A15="","",VLOOKUP($D15,OPE_Rates,5,FALSE)),"") | AK15: =IF('R&R Generic Detailed Budget'!$A$1>3,IF($A15="","",VLOOKUP($D15,OPE_Rates,6,FALSE)),"") | AM15: =IFERROR(ROUND(IF(AG15="","",Z15*AG15),0),"") | AN15: =IFERROR(ROUND(IF(AH15="","",AA15*AH15),0),"") | AO15: =IFERROR(ROUND(IF(AI15="","",AB15*AI15),0),"") | AP15: =IFERROR(ROUND(IF(AJ15="","",AC15*AJ15),0),"") | AQ15: =IFERROR(ROUND(IF(AK15="","",AD15*AK15),0),"") | AR15: =SUM(AM15:AQ15) -> 0
... A18: =IF(ISBLANK('R&R Generic Detailed Budget'!B27),"",'R&R Generic Detailed Budget'!B27) | B18: =IFERROR(VLOOKUP($A18,'R&R Generic Detailed Budget'!$B$13:$D$52, 2, FALSE),0) -> 0 | C18: =IFERROR(VLOOKUP($A18,'R&R Generic Detailed Budget'!$B$13:$D$52, 3, FALSE),0) -> 0 | D18: =IFERROR(VLOOKUP($C18,EmployeeClass, 2, FALSE),0) -> 0 | E18: =IFERROR(VLOOKUP($C18,EmployeeClass, 4, FALSE),0) -> 0 | G18: =IF(ISBLANK('R&R Generic Detailed Budget'!$E27),"0",'R&R Generic Detailed Budget'!$E27) -> 0 | H18: =IF('R&R Generic Detailed Budget'!$A$1>1,ROUND((G18*'R&R Generic Detailed Budget'!$V$15),0),0) -> 0 | I18: =IF('R&R Generic Detailed Budget'!$A$1>2,ROUND((H18*'R&R Generic Detailed Budget'!$V$15),0),0) -> 0 | J18: =IF('R&R Generic Detailed Budget'!$A$1>3,ROUND((I18*'R&R Generic Detailed Budget'!$V$15),0),0) -> 0 | K18: =IF('R&R Generic Detailed Budget'!$A$1>4,ROUND((J18*'R&R Generic Detailed Budget'!$V$15),0),0) -> 0 | M18: =IF(ISBLANK('R&R Generic Detailed Budget'!$F27),"",'R&R Generic Detailed Budget'!$F27) | N18: =IF(ISBLANK('R&R Generic Detailed Budget'!$G27),"",'R&R Generic Detailed Budget'!$G27) | O18: =IF(ISBLANK('R&R Generic Detailed Budget'!$H27),"",'R&R Generic Detailed Budget'!$H27) | P18: =IF(ISBLANK('R&R Generic Detailed Budget'!$I27),"",'R&R Generic Detailed Budget'!$I27) | Q18: =IF(ISBLANK('R&R Generic Detailed Budget'!$J27),"",'R&R Generic Detailed Budget'!$J27) | S18: =IFERROR($E18*M18,"") | T18: =IFERROR($E18*N18,"") | U18: =IFERROR($E18*O18,"") | V18: =IFERROR($E18*P18,"") | W18: =IFERROR($E18*Q18,"") | X18: =SUM(S18:W18) -> 0 | Z18: =IF(ISBLANK('R&R Generic Detailed Budget'!$L27),"",'R&R Generic Detailed Budget'!$L27) -> 0 | AA18: =IF(ISBLANK('R&R Generic Detailed Budget'!$M27),"",'R&R Generic Detailed Budget'!$M27) -> 0 | AB18: =IF(ISBLANK('R&R Generic Detailed Budget'!$N27),"",'R&R Generic Detailed Budget'!$N27) -> 0 | AC18: =IF(ISBLANK('R&R Generic Detailed Budget'!$O27),"",'R&R Generic Detailed Budget'!$O27) -> 0 | AD18: =IF(ISBLANK('R&R Generic Detailed Budget'!$P27),"",'R&R Generic Detailed Budget'!$P27) -> 0 | AE18: =SUM(Z18:AD18) -> 0 | AG18: =IF($A18="","",VLOOKUP($D18,OPE_Rates,2,FALSE)) | AH18: =IF('R&R Generic Detailed Budget'!$A$1>1,IF($A18="","",VLOOKUP($D18,OPE_Rates,3,FALSE)),0) | AI18: =IF('R&R Generic Detailed Budget'!$A$1>2,IF($A18="","",VLOOKUP($D18,OPE_Rates,4,FALSE)),0) | AJ18: =IF('R&R Generic Detailed Budget'!$A$1>3,IF($A18="","",VLOOKUP($D18,OPE_Rates,5,FALSE)),"") | AK18: =IF('R&R Generic Detailed Budget'!$A$1>3,IF($A18="","",VLOOKUP($D18,OPE_Rates,6,FALSE)),"") | AM18: =IFERROR(ROUND(IF(AG18="","",Z18*AG18),0),"") | AN18: =IFERROR(ROUND(IF(AH18="","",AA18*AH18),0),"") | AO18: =IFERROR(ROUND(IF(AI18="","",AB18*AI18),0),"") | AP18: =IFERROR(ROUND(IF(AJ18="","",AC18*AJ18),0),"") | AQ18: =IFERROR(ROUND(IF(AK18="","",AD18*AK18),0),"") | AR18: =SUM(AM18:AQ18) -> 0
B19: =IFERROR(VLOOKUP($A19,'R&R Generic Detailed Budget'!$B$13:$D$52, 2, FALSE),0) -> 0 | C19: =IFERROR(VLOOKUP($A19,'R&R Generic Detailed Budget'!$B$13:$D$52, 3, FALSE),0) -> 0 | D19: =IFERROR(VLOOKUP($C19,EmployeeClass, 2, FALSE),0) -> 0 | E19: =IFERROR(VLOOKUP($C19,EmployeeClass, 4, FALSE),0) -> 0 | X19: =SUM(S19:W19) -> 0 | Z19: =IF(ISBLANK('R&R Generic Detailed Budget'!$L28),"",'R&R Generic Detailed Budget'!$L28) | AA19: =IF(ISBLANK('R&R Generic Detailed Budget'!$M28),"",'R&R Generic Detailed Budget'!$M28) | AB19: =IF(ISBLANK('R&R Generic Detailed Budget'!$N28),"",'R&R Generic Detailed Budget'!$N28) | AC19: =IF(ISBLANK('R&R Generic Detailed Budget'!$O28),"",'R&R Generic Detailed Budget'!$O28) | AD19: =IF(ISBLANK('R&R Generic Detailed Budget'!$P28),"",'R&R Generic Detailed Budget'!$P28) | AE19: =SUM(Z19:AD19) -> 0 | AG19: =IF($A19="","",VLOOKUP($D19,OPE_Rates,2,FALSE)) | AH19: =IF('R&R Generic Detailed Budget'!$A$1>1,IF($A19="","",VLOOKUP($D19,OPE_Rates,3,FALSE)),0) | AI19: =IF('R&R Generic Detailed Budget'!$A$1>2,IF($A19="","",VLOOKUP($D19,OPE_Rates,3,FALSE)),0) | AJ19: =IF('R&R Generic Detailed Budget'!$A$1>3,IF($A19="","",VLOOKUP($D19,OPE_Rates,3,FALSE)),"") | AK19: =IF('R&R Generic Detailed Budget'!$A$1>3,IF($A19="","",VLOOKUP($D19,OPE_Rates,3,FALSE)),"") | AM19: =IFERROR(ROUND(IF(AG19="","",Z19*AG19),0),"") | AN19: =IFERROR(ROUND(IF(AH19="","",AA19*AH19),0),"") | AO19: =IFERROR(ROUND(IF(AI19="","",AB19*AI19),0),"") | AP19: =IFERROR(ROUND(IF(AJ19="","",AC19*AJ19),0),"") | AQ19: =IFERROR(ROUND(IF(AK19="","",AD19*AK19),0),"") | AR19: =SUM(AM19:AQ19) -> 0
A20: Summer salaries for 9-mo. appts. | G20: Base Year 1 | H20: Base Year 2 | I20: Base Year 3 | J20: Base Year 4 | K20: Base Year 5 | M20: FTE Year 1 | N20: FTE Year 2 | O20: FTE Year 3 | P20: FTE Year 4 | Q20: FTE Year 5 | S20: Cal Mos Year 1 | T20: Cal Mos Year 2 | U20: Cal Mos Year 3 | V20: Cal Mos Year 4 | W20: Cal Mos Year 5 | X20: Cal Mos ALL Years | Z20: Salary Year 1 | AA20: Salary Year 2 | AB20: Salary Year 3 | AC20: Salary Year 4 | AD20: Salary Year 5 | AE20: Salary ALL Years | AF20: Salary Year 7 | AG20: % Fringe Year 1 | AH20: % Fringe Year 2 | AI20: % Fringe Year 3 | AJ20: % Fringe Year 4 | AK20: % Fringe Year 5 | AL20: % Fringe Year 6 | AM20: $ Fringe Year 1 | AN20: $ Fringe Year 2 | AO20: $ Fringe Year 3 | AP20: $ Fringe Year 4 | AQ20: $ Fringe Year 5 | AR20: $ Fringe All Years
A21: =IF(ISBLANK('R&R Generic Detailed Budget'!B30),"",'R&R Generic Detailed Budget'!B30) | B21: =IFERROR(VLOOKUP($A21,'R&R Generic Detailed Budget'!$B$13:$D$52, 2, FALSE),0) -> 0 | C21: =IFERROR(VLOOKUP($A21,'R&R Generic Detailed Budget'!$B$30:$D$45, 3, FALSE),0) -> 0 | D21: =IFERROR(VLOOKUP($C21,EmployeeClass, 2, FALSE),0) -> 0 | E21: =IFERROR(VLOOKUP($C21,EmployeeClass, 4, FALSE),0) -> 0 | G21: =IF(ISBLANK('R&R Generic Detailed Budget'!$E30),"0",'R&R Generic Detailed Budget'!$E30) -> 0 | H21: =IF('R&R Generic Detailed Budget'!$A$1>1,ROUND((G21*'R&R Generic Detailed Budget'!$V$15),0),0) -> 0 | I21: =IF('R&R Generic Detailed Budget'!$A$1>2,ROUND((H21*'R&R Generic Detailed Budget'!$V$15),0),0) -> 0 | J21: =IF('R&R Generic Detailed Budget'!$A$1>3,ROUND((I21*'R&R Generic Detailed Budget'!$V$15),0),0) -> 0 | K21: =IF('R&R Generic Detailed Budget'!$A$1>4,ROUND((J21*'R&R Generic Detailed Budget'!$V$15),0),0) -> 0 | M21: =IF(ISBLANK('R&R Generic Detailed Budget'!$F30),"",'R&R Generic Detailed Budget'!$F30) | N21: =IF(ISBLANK('R&R Generic Detailed Budget'!$G30),"",'R&R Generic Detailed Budget'!$G30) | O21: =IF(ISBLANK('R&R Generic Detailed Budget'!$H30),"",'R&R Generic Detailed Budget'!$H30) | P21: =IF(ISBLANK('R&R Generic Detailed Budget'!$I30),"",'R&R Generic Detailed Budget'!$I30) | Q21: =IF(ISBLANK('R&R Generic Detailed Budget'!$J30),"",'R&R Generic Detailed Budget'!$J30) | S21: =IFERROR($E21*M21,"") | T21: =IFERROR($E21*N21,"") | U21: =IFERROR($E21*O21,"") | V21: =IFERROR($E21*P21,"") | W21: =IFERROR($E21*Q21,"") | X21: =SUM(S21:W21) -> 0 | Z21: =IF(ISBLANK('R&R Generic Detailed Budget'!$L30),"",'R&R Generic Detailed Budget'!$L30) -> 0 | AA21: =IF(ISBLANK('R&R Generic Detailed Budget'!$M30),"",'R&R Generic Detailed Budget'!$M30) -> 0 | AB21: =IF(ISBLANK('R&R Generic Detailed Budget'!$N30),"",'R&R Generic Detailed Budget'!$N30) -> 0 | AC21: =IF(ISBLANK('R&R Generic Detailed Budget'!$O30),"",'R&R Generic Detailed Budget'!$O30) -> 0 | AD21: =IF(ISBLANK('R&R Generic Detailed Budget'!$P30),"",'R&R Generic Detailed Budget'!$P30) -> 0 | AE21: =SUM(Z21:AD21) -> 0 | AG21: =IF($A21="","",VLOOKUP($D21,OPE_Rates,2,FALSE)) | AH21: =IF('R&R Generic Detailed Budget'!$A$1>1,IF($A21="","",VLOOKUP($D21,OPE_Rates,3,FALSE)),0) | AI21: =IF('R&R Generic Detailed Budget'!$A$1>2,IF($A21="","",VLOOKUP($D21,OPE_Rates,4,FALSE)),0) | AJ21: =IF('R&R Generic Detailed Budget'!$A$1>3,IF($A21="","",VLOOKUP($D21,OPE_Rates,5,FALSE)),"") | AK21: =IF('R&R Generic Detailed Budget'!$A$1>3,IF($A21="","",VLOOKUP($D21,OPE_Rates,6,FALSE)),"") | AM21: =IFERROR(ROUND(IF(AG21="","",Z21*AG21),0),"") | AN21: =IFERROR(ROUND(IF(AH21="","",AA21*AH21),0),"") | AO21: =IFERROR(ROUND(IF(AI21="","",AB21*AI21),0),"") | AP21: =IFERROR(ROUND(IF(AJ21="","",AC21*AJ21),0),"") | AQ21: =IFERROR(ROUND(IF(AK21="","",AD21*AK21),0),"") | AR21: =SUM(AM21:AQ21) -> 0
A22: =IF(ISBLANK('R&R Generic Detailed Budget'!B31),"",'R&R Generic Detailed Budget'!B31) | B22: =IFERROR(VLOOKUP($A22,'R&R Generic Detailed Budget'!$B$13:$D$52, 2, FALSE),0) -> 0 | C22: =IFERROR(VLOOKUP($A22,'R&R Generic Detailed Budget'!$B$30:$D$45, 3, FALSE),"") | D22: =IFERROR(VLOOKUP($C22,EmployeeClass, 2, FALSE),0) -> 0 | E22: =IFERROR(VLOOKUP($C22,EmployeeClass, 4, FALSE),0) -> 0 | G22: =IF(ISBLANK('R&R Generic Detailed Budget'!E31),"0",'R&R Generic Detailed Budget'!E31) -> 0 | H22: =IF('R&R Generic Detailed Budget'!$A$1>1,ROUND((G22*'R&R Generic Detailed Budget'!$V$15),0),0) -> 0 | I22: =IF('R&R Generic Detailed Budget'!$A$1>2,ROUND((H22*'R&R Generic Detailed Budget'!$V$15),0),0) -> 0 | J22: =IF('R&R Generic Detailed Budget'!$A$1>3,ROUND((I22*'R&R Generic Detailed Budget'!$V$15),0),0) -> 0 | K22: =IF('R&R Generic Detailed Budget'!$A$1>4,ROUND((J22*'R&R Generic Detailed Budget'!$V$15),0),0) -> 0 | M22: =IF(ISBLANK('R&R Generic Detailed Budget'!$F31),"",'R&R Generic Detailed Budget'!$F31) | N22: =IF(ISBLANK('R&R Generic Detailed Budget'!$G31),"",'R&R Generic Detailed Budget'!$G31) | O22: =IF(ISBLANK('R&R Generic Detailed Budget'!$H31),"",'R&R Generic Detailed Budget'!$H31) | P22: =IF(ISBLANK('R&R Generic Detailed Budget'!$I31),"",'R&R Generic Detailed Budget'!$I31) | Q22: =IF(ISBLANK('R&R Generic Detailed Budget'!$J31),"",'R&R Generic Detailed Budget'!$J31) | S22: =IFERROR($E22*M22,"") | T22: =IFERROR($E22*N22,"") | U22: =IFERROR($E22*O22,"") | V22: =IFERROR($E22*P22,"") | W22: =IFERROR($E22*Q22,"") | Z22: =IF(ISBLANK('R&R Generic Detailed Budget'!$L31),"",'R&R Generic Detailed Budget'!$L31) -> 0 | AA22: =IF(ISBLANK('R&R Generic Detailed Budget'!$M31),"",'R&R Generic Detailed Budget'!$M31) -> 0 | AB22: =IF(ISBLANK('R&R Generic Detailed Budget'!$N31),"",'R&R Generic Detailed Budget'!$N31) -> 0 | AC22: =IF(ISBLANK('R&R Generic Detailed Budget'!$O31),"",'R&R Generic Detailed Budget'!$O31) -> 0 | AD22: =IF(ISBLANK('R&R Generic Detailed Budget'!$P31),"",'R&R Generic Detailed Budget'!$P31) -> 0 | AE22: =SUM(Z22:AD22) -> 0 | AG22: =IF($A22="","",VLOOKUP($D22,OPE_Rates,2,FALSE)) | AH22: =IF('R&R Generic Detailed Budget'!$A$1>1,IF($A22="","",VLOOKUP($D22,OPE_Rates,3,FALSE)),0) | AI22: =IF('R&R Generic Detailed Budget'!$A$1>2,IF($A22="","",VLOOKUP($D22,OPE_Rates,4,FALSE)),0) | AJ22: =IF('R&R Generic Detailed Budget'!$A$1>3,IF($A22="","",VLOOKUP($D22,OPE_Rates,5,FALSE)),"") | AK22: =IF('R&R Generic Detailed Budget'!$A$1>3,IF($A22="","",VLOOKUP($D22,OPE_Rates,6,FALSE)),"") | AM22: =IFERROR(ROUND(IF(AG22="","",Z22*AG22),0),"") | AN22: =IFERROR(ROUND(IF(AH22="","",AA22*AH22),0),"") | AO22: =IFERROR(ROUND(IF(AI22="","",AB22*AI22),0),"") | AP22: =IFERROR(ROUND(IF(AJ22="","",AC22*AJ22),0),"") | AQ22: =IFERROR(ROUND(IF(AK22="","",AD22*AK22),0),"") | AR22: =SUM(AM22:AQ22) -> 0
A23: =IF(ISBLANK('R&R Generic Detailed Budget'!B32),"",'R&R Generic Detailed Budget'!B32) | B23: =IFERROR(VLOOKUP($A23,'R&R Generic Detailed Budget'!$B$13:$D$52, 2, FALSE),0) -> 0 | C23: =IFERROR(VLOOKUP($A23,'R&R Generic Detailed Budget'!$B$30:$D$45, 3, FALSE),"") | D23: =IFERROR(VLOOKUP($C23,EmployeeClass, 2, FALSE),0) -> 0 | E23: =IFERROR(VLOOKUP($C23,EmployeeClass, 4, FALSE),0) -> 0 | G23: =IF(ISBLANK('R&R Generic Detailed Budget'!E32),"0",'R&R Generic Detailed Budget'!E32) -> 0 | H23: =IF('R&R Generic Detailed Budget'!$A$1>1,ROUND((G23*'R&R Generic Detailed Budget'!$V$15),0),0) -> 0 | I23: =IF('R&R Generic Detailed Budget'!$A$1>2,ROUND((H23*'R&R Generic Detailed Budget'!$V$15),0),0) -> 0 | J23: =IF('R&R Generic Detailed Budget'!$A$1>3,ROUND((I23*'R&R Generic Detailed Budget'!$V$15),0),0) -> 0 | K23: =IF('R&R Generic Detailed Budget'!$A$1>4,ROUND((J23*'R&R Generic Detailed Budget'!$V$15),0),0) -> 0 | M23: =IF(ISBLANK('R&R Generic Detailed Budget'!$F32),"",'R&R Generic Detailed Budget'!$F32) | N23: =IF(ISBLANK('R&R Generic Detailed Budget'!$G32),"",'R&R Generic Detailed Budget'!$G32) | O23: =IF(ISBLANK('R&R Generic Detailed Budget'!$H32),"",'R&R Generic Detailed Budget'!$H32) | P23: =IF(ISBLANK('R&R Generic Detailed Budget'!$I32),"",'R&R Generic Detailed Budget'!$I32) | Q23: =IF(ISBLANK('R&R Generic Detailed Budget'!$J32),"",'R&R Generic Detailed Budget'!$J32) | S23: =IFERROR($E23*M23,"") | T23: =IFERROR($E23*N23,"") | U23: =IFERROR($E23*O23,"") | V23: =IFERROR($E23*P23,"") | W23: =IFERROR($E23*Q23,"") | Z23: =IF(ISBLANK('R&R Generic Detailed Budget'!$L32),"",'R&R Generic Detailed Budget'!$L32) -> 0 | AA23: =IF(ISBLANK('R&R Generic Detailed Budget'!$M32),"",'R&R Generic Detailed Budget'!$M32) -> 0 | AB23: =IF(ISBLANK('R&R Generic Detailed Budget'!$N32),"",'R&R Generic Detailed Budget'!$N32) -> 0 | AC23: =IF(ISBLANK('R&R Generic Detailed Budget'!$O32),"",'R&R Generic Detailed Budget'!$O32) -> 0 | AD23: =IF(ISBLANK('R&R Generic Detailed Budget'!$P32),"",'R&R Generic Detailed Budget'!$P32) -> 0 | AE23: =SUM(Z23:AD23) -> 0 | AG23: =IF($A23="","",VLOOKUP($D23,OPE_Rates,2,FALSE)) | AH23: =IF('R&R Generic Detailed Budget'!$A$1>1,IF($A23="","",VLOOKUP($D23,OPE_Rates,3,FALSE)),0) | AI23: =IF('R&R Generic Detailed Budget'!$A$1>2,IF($A23="","",VLOOKUP($D23,OPE_Rates,3,FALSE)),0) | AJ23: =IF('R&R Generic Detailed Budget'!$A$1>3,IF($A23="","",VLOOKUP($D23,OPE_Rates,3,FALSE)),"") | AK23: =IF('R&R Generic Detailed Budget'!$A$1>3,IF($A23="","",VLOOKUP($D23,OPE_Rates,3,FALSE)),"") | AM23: =IFERROR(ROUND(IF(AG23="","",Z23*AG23),0),"") | AN23: =IFERROR(ROUND(IF(AH23="","",AA23*AH23),0),"") | AO23: =IFERROR(ROUND(IF(AI23="","",AB23*AI23),0),"") | AP23: =IFERROR(ROUND(IF(AJ23="","",AC23*AJ23),0),"") | AQ23: =IFERROR(ROUND(IF(AK23="","",AD23*AK23),0),"") | AR23: =SUM(AM23:AQ23) -> 0
A24: =IF(ISBLANK('R&R Generic Detailed Budget'!B33),"",'R&R Generic Detailed Budget'!B33) | B24: =IFERROR(VLOOKUP($A24,'R&R Generic Detailed Budget'!$B$13:$D$52, 2, FALSE),0) -> 0 | C24: =IFERROR(VLOOKUP($A24,'R&R Generic Detailed Budget'!$B$30:$D$45, 3, FALSE),"") | D24: =IFERROR(VLOOKUP($C24,EmployeeClass, 2, FALSE),0) -> 0 | E24: =IFERROR(VLOOKUP($C24,EmployeeClass, 4, FALSE),0) -> 0 | G24: =IF(ISBLANK('R&R Generic Detailed Budget'!E33),"0",'R&R Generic Detailed Budget'!E33) -> 0 | H24: =IF('R&R Generic Detailed Budget'!$A$1>1,ROUND((G24*'R&R Generic Detailed Budget'!$V$15),0),0) -> 0 | I24: =IF('R&R Generic Detailed Budget'!$A$1>2,ROUND((H24*'R&R Generic Detailed Budget'!$V$15),0),0) -> 0 | J24: =IF('R&R Generic Detailed Budget'!$A$1>3,ROUND((I24*'R&R Generic Detailed Budget'!$V$15),0),0) -> 0 | K24: =IF('R&R Generic Detailed Budget'!$A$1>4,ROUND((J24*'R&R Generic Detailed Budget'!$V$15),0),0) -> 0 | M24: =IF(ISBLANK('R&R Generic Detailed Budget'!$F33),"",'R&R Generic Detailed Budget'!$F33) | N24: =IF(ISBLANK('R&R Generic Detailed Budget'!$G33),"",'R&R Generic Detailed Budget'!$G33) | O24: =IF(ISBLANK('R&R Generic Detailed Budget'!$H33),"",'R&R Generic Detailed Budget'!$H33) | P24: =IF(ISBLANK('R&R Generic Detailed Budget'!$I33),"",'R&R Generic Detailed Budget'!$I33) | Q24: =IF(ISBLANK('R&R Generic Detailed Budget'!$J33),"",'R&R Generic Detailed Budget'!$J33) | S24: =IFERROR($E24*M24,"") | T24: =IFERROR($E24*N24,"") | U24: =IFERROR($E24*O24,"") | V24: =IFERROR($E24*P24,"") | W24: =IFERROR($E24*Q24,"") | Z24: =IF(ISBLANK('R&R Generic Detailed Budget'!$L33),"",'R&R Generic Detailed Budget'!$L33) -> 0 | AA24: =IF(ISBLANK('R&R Generic Detailed Budget'!$M33),"",'R&R Generic Detailed Budget'!$M33) -> 0 | AB24: =IF(ISBLANK('R&R Generic Detailed Budget'!$N33),"",'R&R Generic Detailed Budget'!$N33) -> 0 | AC24: =IF(ISBLANK('R&R Generic Detailed Budget'!$O33),"",'R&R Generic Detailed Budget'!$O33) -> 0 | AD24: =IF(ISBLANK('R&R Generic Detailed Budget'!$P33),"",'R&R Generic Detailed Budget'!$P33) -> 0 | AE24: =SUM(Z24:AD24) -> 0 | AG24: =IF($A24="","",VLOOKUP($D24,OPE_Rates,2,FALSE)) | AH24: =IF('R&R Generic Detailed Budget'!$A$1>1,IF($A24="","",VLOOKUP($D24,OPE_Rates,3,FALSE)),0) | AI24: =IF('R&R Generic Detailed Budget'!$A$1>2,IF($A24="","",VLOOKUP($D24,OPE_Rates,3,FALSE)),0) | AJ24: =IF('R&R Generic Detailed Budget'!$A$1>3,IF($A24="","",VLOOKUP($D24,OPE_Rates,3,FALSE)),"") | AK24: =IF('R&R Generic Detailed Budget'!$A$1>3,IF($A24="","",VLOOKUP($D24,OPE_Rates,3,FALSE)),"") | AM24: =IFERROR(ROUND(IF(AG24="","",Z24*AG24),0),"") | AN24: =IFERROR(ROUND(IF(AH24="","",AA24*AH24),0),"") | AO24: =IFERROR(ROUND(IF(AI24="","",AB24*AI24),0),"") | AP24: =IFERROR(ROUND(IF(AJ24="","",AC24*AJ24),0),"") | AQ24: =IFERROR(ROUND(IF(AK24="","",AD24*AK24),0),"") | AR24: =SUM(AM24:AQ24) -> 0
A25: =IF(ISBLANK('R&R Generic Detailed Budget'!B34),"",'R&R Generic Detailed Budget'!B34) | B25: =IFERROR(VLOOKUP($A25,'R&R Generic Detailed Budget'!$B$13:$D$52, 2, FALSE),0) -> 0 | C25: =IFERROR(VLOOKUP($A25,'R&R Generic Detailed Budget'!$B$30:$D$45, 3, FALSE),"") | D25: =IFERROR(VLOOKUP($C25,EmployeeClass, 2, FALSE),0) -> 0 | E25: =IFERROR(VLOOKUP($C25,EmployeeClass, 4, FALSE),0) -> 0 | G25: =IF(ISBLANK('R&R Generic Detailed Budget'!E34),"0",'R&R Generic Detailed Budget'!E34) -> 0 | H25: =IF('R&R Generic Detailed Budget'!$A$1>1,ROUND((G25*'R&R Generic Detailed Budget'!$V$15),0),0) -> 0 | I25: =IF('R&R Generic Detailed Budget'!$A$1>2,ROUND((H25*'R&R Generic Detailed Budget'!$V$15),0),0) -> 0 | J25: =IF('R&R Generic Detailed Budget'!$A$1>3,ROUND((I25*'R&R Generic Detailed Budget'!$V$15),0),0) -> 0 | K25: =IF('R&R Generic Detailed Budget'!$A$1>4,ROUND((J25*'R&R Generic Detailed Budget'!$V$15),0),0) -> 0 | M25: =IF(ISBLANK('R&R Generic Detailed Budget'!$F34),"",'R&R Generic Detailed Budget'!$F34) | N25: =IF(ISBLANK('R&R Generic Detailed Budget'!$G34),"",'R&R Generic Detailed Budget'!$G34) | O25: =IF(ISBLANK('R&R Generic Detailed Budget'!$H34),"",'R&R Generic Detailed Budget'!$H34) | P25: =IF(ISBLANK('R&R Generic Detailed Budget'!$I34),"",'R&R Generic Detailed Budget'!$I34) | Q25: =IF(ISBLANK('R&R Generic Detailed Budget'!$J34),"",'R&R Generic Detailed Budget'!$J34) | S25: =IFERROR($E25*M25,"") | T25: =IFERROR($E25*N25,"") | U25: =IFERROR($E25*O25,"") | V25: =IFERROR($E25*P25,"") | W25: =IFERROR($E25*Q25,"") | Z25: =IF(ISBLANK('R&R Generic Detailed Budget'!$L34),"",'R&R Generic Detailed Budget'!$L34) -> 0 | AA25: =IF(ISBLANK('R&R Generic Detailed Budget'!$M34),"",'R&R Generic Detailed Budget'!$M34) -> 0 | AB25: =IF(ISBLANK('R&R Generic Detailed Budget'!$N34),"",'R&R Generic Detailed Budget'!$N34) -> 0 | AC25: =IF(ISBLANK('R&R Generic Detailed Budget'!$O34),"",'R&R Generic Detailed Budget'!$O34) -> 0 | AD25: =IF(ISBLANK('R&R Generic Detailed Budget'!$P34),"",'R&R Generic Detailed Budget'!$P34) -> 0 | AE25: =SUM(Z25:AD25) -> 0 | AG25: =IF($A25="","",VLOOKUP($D25,OPE_Rates,2,FALSE)) | AH25: =IF('R&R Generic Detailed Budget'!$A$1>1,IF($A25="","",VLOOKUP($D25,OPE_Rates,3,FALSE)),0) | AI25: =IF('R&R Generic Detailed Budget'!$A$1>2,IF($A25="","",VLOOKUP($D25,OPE_Rates,3,FALSE)),0) | AJ25: =IF('R&R Generic Detailed Budget'!$A$1>3,IF($A25="","",VLOOKUP($D25,OPE_Rates,3,FALSE)),"") | AK25: =IF('R&R Generic Detailed Budget'!$A$1>3,IF($A25="","",VLOOKUP($D25,OPE_Rates,3,FALSE)),"") | AM25: =IFERROR(ROUND(IF(AG25="","",Z25*AG25),0),"") | AN25: =IFERROR(ROUND(IF(AH25="","",AA25*AH25),0),"") | AO25: =IFERROR(ROUND(IF(AI25="","",AB25*AI25),0),"") | AP25: =IFERROR(ROUND(IF(AJ25="","",AC25*AJ25),0),"") | AQ25: =IFERROR(ROUND(IF(AK25="","",AD25*AK25),0),"") | AR25: =SUM(AM25:AQ25) -> 0
A26: =IF(ISBLANK('R&R Generic Detailed Budget'!B35),"",'R&R Generic Detailed Budget'!B35) | B26: =IFERROR(VLOOKUP($A26,'R&R Generic Detailed Budget'!$B$13:$D$52, 2, FALSE),0) -> 0 | C26: =IFERROR(VLOOKUP($A26,'R&R Generic Detailed Budget'!$B$30:$D$45, 3, FALSE),"") | D26: =IFERROR(VLOOKUP($C26,EmployeeClass, 2, FALSE),0) -> 0 | E26: =IFERROR(VLOOKUP($C26,EmployeeClass, 4, FALSE),0) -> 0 | G26: =IF(ISBLANK('R&R Generic Detailed Budget'!E35),"0",'R&R Generic Detailed Budget'!E35) -> 0 | H26: =IF('R&R Generic Detailed Budget'!$A$1>1,ROUND((G26*'R&R Generic Detailed Budget'!$V$15),0),0) -> 0 | I26: =IF('R&R Generic Detailed Budget'!$A$1>2,ROUND((H26*'R&R Generic Detailed Budget'!$V$15),0),0) -> 0 | J26: =IF('R&R Generic Detailed Budget'!$A$1>3,ROUND((I26*'R&R Generic Detailed Budget'!$V$15),0),0) -> 0 | K26: =IF('R&R Generic Detailed Budget'!$A$1>4,ROUND((J26*'R&R Generic Detailed Budget'!$V$15),0),0) -> 0 | M26: =IF(ISBLANK('R&R Generic Detailed Budget'!$F35),"",'R&R Generic Detailed Budget'!$F35) | N26: =IF(ISBLANK('R&R Generic Detailed Budget'!$G35),"",'R&R Generic Detailed Budget'!$G35) | O26: =IF(ISBLANK('R&R Generic Detailed Budget'!$H35),"",'R&R Generic Detailed Budget'!$H35) | P26: =IF(ISBLANK('R&R Generic Detailed Budget'!$I35),"",'R&R Generic Detailed Budget'!$I35) | Q26: =IF(ISBLANK('R&R Generic Detailed Budget'!$J35),"",'R&R Generic Detailed Budget'!$J35) | S26: =IFERROR($E26*M26,"") | T26: =IFERROR($E26*N26,"") | U26: =IFERROR($E26*O26,"") | V26: =IFERROR($E26*P26,"") | W26: =IFERROR($E26*Q26,"") | Z26: =IF(ISBLANK('R&R Generic Detailed Budget'!$L35),"",'R&R Generic Detailed Budget'!$L35) -> 0 | AA26: =IF(ISBLANK('R&R Generic Detailed Budget'!$M35),"",'R&R Generic Detailed Budget'!$M35) -> 0 | AB26: =IF(ISBLANK('R&R Generic Detailed Budget'!$N35),"",'R&R Generic Detailed Budget'!$N35) -> 0 | AC26: =IF(ISBLANK('R&R Generic Detailed Budget'!$O35),"",'R&R Generic Detailed Budget'!$O35) -> 0 | AD26: =IF(ISBLANK('R&R Generic Detailed Budget'!$P35),"",'R&R Generic Detailed Budget'!$P35) -> 0 | AE26: =SUM(Z26:AD26) -> 0 | AG26: =IF($A26="","",VLOOKUP($D26,OPE_Rates,2,FALSE)) | AH26: =IF('R&R Generic Detailed Budget'!$A$1>1,IF($A26="","",VLOOKUP($D26,OPE_Rates,3,FALSE)),0) | AI26: =IF('R&R Generic Detailed Budget'!$A$1>1,IF($A26="","",VLOOKUP($D26,OPE_Rates,3,FALSE)),0) | AJ26: =IF('R&R Generic Detailed Budget'!$A$1>3,IF($A26="","",VLOOKUP($D26,OPE_Rates,3,FALSE)),"") | AK26: =IF('R&R Generic Detailed Budget'!$A$1>3,IF($A26="","",VLOOKUP($D26,OPE_Rates,3,FALSE)),"") | AM26: =IFERROR(ROUND(IF(AG26="","",Z26*AG26),0),"") | AN26: =IFERROR(ROUND(IF(AH26="","",AA26*AH26),0),"") | AO26: =IFERROR(ROUND(IF(AI26="","",AB26*AI26),0),"") | AP26: =IFERROR(ROUND(IF(AJ26="","",AC26*AJ26),0),"") | AQ26: =IFERROR(ROUND(IF(AK26="","",AD26*AK26),0),"") | AR26: =SUM(AM26:AQ26) -> 0
A27: STUDENTS | G27: Base Year 1 | H27: Base Year 2 | I27: Base Year 3 | J27: Base Year 4 | K27: Base Year 5 | M27: FTE Year 1 | N27: FTE Year 2 | O27: FTE Year 3 | P27: FTE Year 4 | Q27: FTE Year 5 | S27: Cal Mos Year 1 | T27: Cal Mos Year 2 | U27: Cal Mos Year 3 | V27: Cal Mos Year 4 | W27: Cal Mos Year 5 | X27: Cal Mos ALL Years | Z27: Salary Year 1 | AA27: Salary Year 2 | AB27: Salary Year 3 | AC27: Salary Year 4 | AD27: Salary Year 5 | AE27: Salary ALL Years | AG27: % Fringe Year 1 | AH27: % Fringe Year 2 | AI27: % Fringe Year 3 | AJ27: % Fringe Year 4 | AK27: % Fringe Year 5 | AM27: $ Fringe Year 1 | AN27: $ Fringe Year 2 | AO27: $ Fringe Year 3 | AP27: $ Fringe Year 4 | AQ27: $ Fringe Year 5 | AR27: $ Fringe All Years
A28: =IF(ISBLANK('R&R Generic Detailed Budget'!B37),"",'R&R Generic Detailed Budget'!B37) -> Regular Students | C28: Students | D28: =IFERROR(VLOOKUP($C28,EmployeeClass, 2, FALSE),0) -> Students | E28: =IFERROR(VLOOKUP($C28,EmployeeClass, 4, FALSE),0) -> 12 | G28: =IF(ISBLANK('R&R Generic Detailed Budget'!$E37),"0",'R&R Generic Detailed Budget'!$E37) -> 31199.4 | H28: =IF('R&R Generic Detailed Budget'!$A$1>1,ROUND((G28*'R&R Generic Detailed Budget'!$V$15),0),0) -> 32135 | I28: =IF('R&R Generic Detailed Budget'!$A$1>2,ROUND((H28*'R&R Generic Detailed Budget'!$V$15),0),0) -> 33099 | J28: =IF('R&R Generic Detailed Budget'!$A$1>3,ROUND((I28*'R&R Generic Detailed Budget'!$V$15),0),0) -> 34092 | K28: =IF('R&R Generic Detailed Budget'!$A$1>4,ROUND((J28*'R&R Generic Detailed Budget'!$V$15),0),0) -> 35115 | M28: =IF(ISBLANK('R&R Generic Detailed Budget'!$F37),"",'R&R Generic Detailed Budget'!$F37) | N28: =IF(ISBLANK('R&R Generic Detailed Budget'!$G37),"",'R&R Generic Detailed Budget'!$G37) | O28: =IF(ISBLANK('R&R Generic Detailed Budget'!$H37),"",'R&R Generic Detailed Budget'!$H37) | P28: =IF(ISBLANK('R&R Generic Detailed Budget'!$I37),"",'R&R Generic Detailed Budget'!$I37) | Q28: =IF(ISBLANK('R&R Generic Detailed Budget'!$J37),"",'R&R Generic Detailed Budget'!$J37) | S28: =IFERROR($E28*M28,"") | T28: =IFERROR($E28*N28,"") | U28: =IFERROR($E28*O28,"") | V28: =IFERROR($E28*P28,"") | W28: =IFERROR($E28*Q28,"") | X28: =SUM(S28:W28) -> 0 | Z28: =IF(ISBLANK('R&R Generic Detailed Budget'!$L37),"",'R&R Generic Detailed Budget'!$L37) -> 0 | AA28: =IF(ISBLANK('R&R Generic Detailed Budget'!$M37),"",'R&R Generic Detailed Budget'!$M37) -> 0 | AB28: =IF(ISBLANK('R&R Generic Detailed Budget'!$N37),"",'R&R Generic Detailed Budget'!$N37) -> 0 | AC28: =IF(ISBLANK('R&R Generic Detailed Budget'!$O37),"",'R&R Generic Detailed Budget'!$O37) -> 0 | AD28: =IF(ISBLANK('R&R Generic Detailed Budget'!$P37),"",'R&R Generic Detailed Budget'!$P37) -> 0 | AE28: =SUM(Z28:AD28) -> 0 | AG28: =IF($A28="","",VLOOKUP($D28,OPE_Rates,2,FALSE)) -> 0.033 | AH28: =IF('R&R Generic Detailed Budget'!$A$1>1,IF($A28="","",VLOOKUP($D28,OPE_Rates,3,FALSE)),0) -> 0.037 | AI28: =IF('R&R Generic Detailed Budget'!$A$1>2,IF($A28="","",VLOOKUP($D28,OPE_Rates,4,FALSE)),0) -> 0.034 | AJ28: =IF('R&R Generic Detailed Budget'!$A$1>3,IF($A28="","",VLOOKUP($D28,OPE_Rates,5,FALSE)),"") -> 0.034 | AK28: =IF('R&R Generic Detailed Budget'!$A$1>3,IF($A28="","",VLOOKUP($D28,OPE_Rates,6,FALSE)),"") -> 0.0352 | AM28: =IFERROR(ROUND(IF(AG28="","",Z28*AG28),0),"") -> 0 | AN28: =IFERROR(ROUND(IF(AH28="","",AA28*AH28),0),"") -> 0 | AO28: =IFERROR(ROUND(IF(AI28="","",AB28*AI28),0),"") -> 0 | AP28: =IFERROR(ROUND(IF(AJ28="","",AC28*AJ28),0),"") -> 0 | AQ28: =IFERROR(ROUND(IF(AK28="","",AD28*AK28),0),"") -> 0 | AR28: =SUM(AM28:AQ28) -> 0
A29: =IF(ISBLANK('R&R Generic Detailed Budget'!B38),"",'R&R Generic Detailed Budget'!B38) -> Work Study Students | C29: Students | D29: =IFERROR(VLOOKUP($C29,EmployeeClass, 2, FALSE),0) -> Students | E29: =IFERROR(VLOOKUP($C29,EmployeeClass, 4, FALSE),0) -> 12 | G29: =IF(ISBLANK('R&R Generic Detailed Budget'!$E38),"0",'R&R Generic Detailed Budget'!$E38) -> 0 | H29: =IF('R&R Generic Detailed Budget'!$A$1>1,ROUND((G29*'R&R Generic Detailed Budget'!$V$15),0),0) -> 0 | I29: =IF('R&R Generic Detailed Budget'!$A$1>2,ROUND((H29*'R&R Generic Detailed Budget'!$V$15),0),0) -> 0 | J29: =IF('R&R Generic Detailed Budget'!$A$1>3,ROUND((I29*'R&R Generic Detailed Budget'!$V$15),0),0) -> 0 | K29: =IF('R&R Generic Detailed Budget'!$A$1>4,ROUND((J29*'R&R Generic Detailed Budget'!$V$15),0),0) -> 0 | M29: =IF(ISBLANK('R&R Generic Detailed Budget'!$F38),"",'R&R Generic Detailed Budget'!$F38) | N29: =IF(ISBLANK('R&R Generic Detailed Budget'!$G38),"",'R&R Generic Detailed Budget'!$G38) | O29: =IF(ISBLANK('R&R Generic Detailed Budget'!$H38),"",'R&R Generic Detailed Budget'!$H38) | P29: =IF(ISBLANK('R&R Generic Detailed Budget'!$I38),"",'R&R Generic Detailed Budget'!$I38) | Q29: =IF(ISBLANK('R&R Generic Detailed Budget'!$J38),"",'R&R Generic Detailed Budget'!$J38) | S29: =IFERROR($E29*M29,"") | T29: =IFERROR($E29*N29,"") | U29: =IFERROR($E29*O29,"") | V29: =IFERROR($E29*P29,"") | W29: =IFERROR($E29*Q29,"") | X29: =SUM(S29:W29) -> 0 | Z29: =IF(ISBLANK('R&R Generic Detailed Budget'!$L38),"",'R&R Generic Detailed Budget'!$L38) -> 0 | AA29: =IF(ISBLANK('R&R Generic Detailed Budget'!$M38),"",'R&R Generic Detailed Budget'!$M38) -> 0 | AB29: =IF(ISBLANK('R&R Generic Detailed Budget'!$N38),"",'R&R Generic Detailed Budget'!$N38) -> 0 | AC29: =IF(ISBLANK('R&R Generic Detailed Budget'!$O38),"",'R&R Generic Detailed Budget'!$O38) -> 0 | AD29: =IF(ISBLANK('R&R Generic Detailed Budget'!$P38),"",'R&R Generic Detailed Budget'!$P38) -> 0 | AE29: =SUM(Z29:AD29) -> 0 | AG29: =IF($A29="","",VLOOKUP($D29,OPE_Rates,2,FALSE)) -> 0.033 | AH29: =IF('R&R Generic Detailed Budget'!$A$1>1,IF($A29="","",VLOOKUP($D29,OPE_Rates,3,FALSE)),0) -> 0.037 | AI29: =IF('R&R Generic Detailed Budget'!$A$1>2,IF($A29="","",VLOOKUP($D29,OPE_Rates,4,FALSE)),0) -> 0.034 | AJ29: =IF('R&R Generic Detailed Budget'!$A$1>3,IF($A29="","",VLOOKUP($D29,OPE_Rates,5,FALSE)),"") -> 0.034 | AK29: =IF('R&R Generic Detailed Budget'!$A$1>3,IF($A29="","",VLOOKUP($D29,OPE_Rates,6,FALSE)),"") -> 0.0352 | AM29: =IFERROR(ROUND(IF(AG29="","",Z29*AG29),0),"") -> 0 | AN29: =IFERROR(ROUND(IF(AH29="","",AA29*AH29),0),"") -> 0 | AO29: =IFERROR(ROUND(IF(AI29="","",AB29*AI29),0),"") -> 0 | AP29: =IFERROR(ROUND(IF(AJ29="","",AC29*AJ29),0),"") -> 0 | AQ29: =IFERROR(ROUND(IF(AK29="","",AD29*AK29),0),"") -> 0 | AR29: =SUM(AM29:AQ29) -> 0
A30: =IF(ISBLANK('R&R Generic Detailed Budget'!B39),"",'R&R Generic Detailed Budget'!B39) | G30: =IF(ISBLANK('R&R Generic Detailed Budget'!E39),"0",'R&R Generic Detailed Budget'!E39) -> 0 | H30: =IF('R&R Generic Detailed Budget'!$A$1>1,ROUND((G30*'R&R Generic Detailed Budget'!$V$15),0),0) -> 0 | I30: =IF('R&R Generic Detailed Budget'!$A$1>2,ROUND((H30*'R&R Generic Detailed Budget'!$V$15),0),0) -> 0 | J30: =IF('R&R Generic Detailed Budget'!$A$1>3,ROUND((I30*'R&R Generic Detailed Budget'!$V$15),0),0) -> 0 | K30: =IF('R&R Generic Detailed Budget'!$A$1>4,ROUND((J30*'R&R Generic Detailed Budget'!$V$15),0),0) -> 0 | M30: =IF(ISBLANK('R&R Generic Detailed Budget'!$F39),"",'R&R Generic Detailed Budget'!$F39) | N30: =IF(ISBLANK('R&R Generic Detailed Budget'!$G39),"",'R&R Generic Detailed Budget'!$G39) | O30: =IF(ISBLANK('R&R Generic Detailed Budget'!$H39),"",'R&R Generic Detailed Budget'!$H39) | P30: =IF(ISBLANK('R&R Generic Detailed Budget'!$I39),"",'R&R Generic Detailed Budget'!$I39) | Q30: =IF(ISBLANK('R&R Generic Detailed Budget'!$J39),"",'R&R Generic Detailed Budget'!$J39) | S30: =IF(ISBLANK('R&R Generic Detailed Budget'!$L39),"",'R&R Generic Detailed Budget'!$L39) | T30: =IF(ISBLANK('R&R Generic Detailed Budget'!$M39),"",'R&R Generic Detailed Budget'!$M39) | U30: =IF(ISBLANK('R&R Generic Detailed Budget'!$N39),"",'R&R Generic Detailed Budget'!$N39) | V30: =IF(ISBLANK('R&R Generic Detailed Budget'!$O39),"",'R&R Generic Detailed Budget'!$O39) | W30: =IF(ISBLANK('R&R Generic Detailed Budget'!$P39),"",'R&R Generic Detailed Budget'!$P39) | X30: =SUM(S30:W30) -> 0 | Z30: =IF(ISBLANK('R&R Generic Detailed Budget'!$L39),"",'R&R Generic Detailed Budget'!$L39) | AA30: =IF(ISBLANK('R&R Generic Detailed Budget'!$M39),"",'R&R Generic Detailed Budget'!$M39) | AB30: =IF(ISBLANK('R&R Generic Detailed Budget'!$N39),"",'R&R Generic Detailed Budget'!$N39) | AC30: =IF(ISBLANK('R&R Generic Detailed Budget'!$O39),"",'R&R Generic Detailed Budget'!$O39) | AD30: =IF(ISBLANK('R&R Generic Detailed Budget'!$P39),"",'R&R Generic Detailed Budget'!$P39) | AE30: =SUM(Z30:AD30) -> 0 | AM30: =IFERROR(ROUND(IF(AG30="","",Z30*AG30),0),"") | AN30: =IFERROR(ROUND(IF(AH30="","",AA30*AH30),0),"") | AO30: =IFERROR(ROUND(IF(AI30="","",AB30*AI30),0),"") | AP30: =IFERROR(ROUND(IF(AJ30="","",AC30*AJ30),0),"") | AQ30: =IFERROR(ROUND(IF(AK30="","",AD30*AK30),0),"") | AR30: =SUM(AM30:AQ30) -> 0
A31: Undergraduate Students | B31: Other Personnel | S31: =SUM(S28:S30) -> 0 | T31: =SUM(T28:T30) -> 0 | U31: =SUM(U28:U30) -> 0 | V31: =SUM(V28:V30) -> 0 | W31: =SUM(W28:W30) -> 0 | X31: =SUM(S31:W31) -> 0 | Z31: =SUM(Z28:Z30) -> 0 | AA31: =SUM(AA28:AA30) -> 0 | AB31: =SUM(AB28:AB30) -> 0 | AC31: =SUM(AC28:AC30) -> 0 | AD31: =SUM(AD28:AD30) -> 0 | AE31: =SUM(Z31:AD31) -> 0 | AM31: =SUM(AM28:AM30) -> 0 | AN31: =SUM(AN28:AN30) -> 0 | AO31: =SUM(AO28:AO30) -> 0 | AP31: =SUM(AP28:AP30) -> 0 | AQ31: =SUM(AQ28:AQ30) -> 0 | AR31: =SUM(AR28:AR30) -> 0
A32: GEs | G32: Base Year 1 | H32: Base Year 2 | I32: Base Year 3 | J32: Base Year 4 | K32: Base Year 5 | M32: FTE Year 1 | N32: FTE Year 2 | O32: FTE Year 3 | P32: FTE Year 4 | Q32: FTE Year 5 | S32: Cal Mos Year 1 | T32: Cal Mos Year 2 | U32: Cal Mos Year 3 | V32: Cal Mos Year 4 | W32: Cal Mos Year 5 | X32: Cal Mos ALL Years | Z32: Salary Year 1 | AA32: Salary Year 2 | AB32: Salary Year 3 | AC32: Salary Year 4 | AD32: Salary Year 5 | AE32: Salary ALL Years | AG32: % Fringe Year 1 | AH32: % Fringe Year 2 | AI32: % Fringe Year 3 | AJ32: % Fringe Year 4 | AK32: % Fringe Year 5 | AM32: $ Fringe Year 1 | AN32: $ Fringe Year 2 | AO32: $ Fringe Year 3 | AP32: $ Fringe Year 4 | AQ32: $ Fringe Year 5 | AR32: $ Fringe All Years
A33: =IF(ISBLANK('R&R Generic Detailed Budget'!B42),"",'R&R Generic Detailed Budget'!B42) -> GE I or II AY effort | C33: Students | D33: Students | E33: 9 | G33: =IF(ISBLANK('R&R Generic Detailed Budget'!$E42),"0",'R&R Generic Detailed Budget'!$E42) -> 0 | H33: =IF('R&R Generic Detailed Budget'!$A$1>1,ROUND((G33*'R&R Generic Detailed Budget'!$V$15),0),0) -> 0 | I33: =IF('R&R Generic Detailed Budget'!$A$1>2,ROUND((H33*'R&R Generic Detailed Budget'!$V$15),0),0) -> 0 | J33: =IF('R&R Generic Detailed Budget'!$A$1>2,ROUND((I33*'R&R Generic Detailed Budget'!$V$15),0),0) -> 0 | K33: =IF('R&R Generic Detailed Budget'!$A$1>2,ROUND((J33*'R&R Generic Detailed Budget'!$V$15),0),0) -> 0 | M33: =IF(ISBLANK('R&R Generic Detailed Budget'!$F42),"",'R&R Generic Detailed Budget'!$F42) | N33: =IF(ISBLANK('R&R Generic Detailed Budget'!$G42),"",'R&R Generic Detailed Budget'!$G42) | O33: =IF(ISBLANK('R&R Generic Detailed Budget'!$H42),"",'R&R Generic Detailed Budget'!$H42) | P33: =IF(ISBLANK('R&R Generic Detailed Budget'!$I42),"",'R&R Generic Detailed Budget'!$I42) | Q33: =IF(ISBLANK('R&R Generic Detailed Budget'!$J42),"",'R&R Generic Detailed Budget'!$J42) | S33: =IFERROR($E33*M33,"") | T33: =IFERROR($E33*N33,"") | U33: =IFERROR($E33*O33,"") | V33: =IFERROR($E33*P33,"") | W33: =IFERROR($E33*Q33,"") | X33: =SUM(S33:W33) -> 0 | Z33: =IF(ISBLANK('R&R Generic Detailed Budget'!$L42),"",'R&R Generic Detailed Budget'!$L42) -> 0 | AA33: =IF(ISBLANK('R&R Generic Detailed Budget'!$M42),"",'R&R Generic Detailed Budget'!$M42) -> 0 | AB33: =IF(ISBLANK('R&R Generic Detailed Budget'!$N42),"",'R&R Generic Detailed Budget'!$N42) -> 0 | AC33: =IF(ISBLANK('R&R Generic Detailed Budget'!$O42),"",'R&R Generic Detailed Budget'!$O42) -> 0 | AD33: =IF(ISBLANK('R&R Generic Detailed Budget'!$P42),"",'R&R Generic Detailed Budget'!$P42) -> 0 | AE33: =SUM(Z33:AD33) -> 0 | AG33: =IF($A33="","",VLOOKUP($D33,OPE_Rates,2,FALSE)) -> 0.033 | AH33: =IF('R&R Generic Detailed Budget'!$A$1>1,IF($A33="","",VLOOKUP($D33,OPE_Rates,3,FALSE)),0) -> 0.037 | AI33: =IF('R&R Generic Detailed Budget'!$A$1>2,IF($A33="","",VLOOKUP($D33,OPE_Rates,4,FALSE)),0) -> 0.034 | AJ33: =IF('R&R Generic Detailed Budget'!$A$1>3,IF($A33="","",VLOOKUP($D33,OPE_Rates,5,FALSE)),"") -> 0.034 | AK33: =IF('R&R Generic Detailed Budget'!$A$1>3,IF($A33="","",VLOOKUP($D33,OPE_Rates,6,FALSE)),"") -> 0.0352 | AM33: =ROUND(VLOOKUP($C33,OPE_Rates,2,FALSE)*('Personnel Data'!Z33),0)+'R&R Generic Detailed Budget'!F44*('R&R Generic Detailed Budget'!V7+'R&R Generic Detailed Budget'!V9) -> 0 | AN33: =ROUND(VLOOKUP($C33,OPE_Rates,3,FALSE)*('Personnel Data'!AA33),0)+'R&R Generic Detailed Budget'!G44*('R&R Generic Detailed Budget'!W7+'R&R Generic Detailed Budget'!W9) -> 0 | AO33: =ROUND(VLOOKUP($C33,OPE_Rates,4,FALSE)*('Personnel Data'!AB33),0)+'R&R Generic Detailed Budget'!H44*('R&R Generic Detailed Budget'!X7+'R&R Generic Detailed Budget'!X9) -> 0 | AP33: =ROUND(VLOOKUP($C33,OPE_Rates,5,FALSE)*('Personnel Data'!AC33),0)+'R&R Generic Detailed Budget'!I44*('R&R Generic Detailed Budget'!Y7+'R&R Generic Detailed Budget'!Y9) -> 0 | AQ33: =ROUND(VLOOKUP($C33,OPE_Rates,6,FALSE)*('Personnel Data'!AD33),0)+'R&R Generic Detailed Budget'!J44*('R&R Generic Detailed Budget'!Z7+'R&R Generic Detailed Budget'!Z9) -> 0 | AR33: =SUM(AM33:AQ33) -> 0
A34: =IF(ISBLANK('R&R Generic Detailed Budget'!B43),"",'R&R Generic Detailed Budget'!B43) -> GE I or II summer effort | C34: Students | D34: Students | E34: 3 | G34: =G33/3 -> 0 | H34: =IF('R&R Generic Detailed Budget'!$A$1>1,ROUND((G34*'R&R Generic Detailed Budget'!$V$15),0),0) -> 0 | I34: =IF('R&R Generic Detailed Budget'!$A$1>2,ROUND((H34*'R&R Generic Detailed Budget'!$V$15),0),0) -> 0 | J34: =IF('R&R Generic Detailed Budget'!$A$1>2,ROUND((I34*'R&R Generic Detailed Budget'!$V$15),0),0) -> 0 | K34: =IF('R&R Generic Detailed Budget'!$A$1>2,ROUND((J34*'R&R Generic Detailed Budget'!$V$15),0),0) -> 0 | M34: =IF(ISBLANK('R&R Generic Detailed Budget'!$F43),"",'R&R Generic Detailed Budget'!$F43) | N34: =IF(ISBLANK('R&R Generic Detailed Budget'!$G43),"",'R&R Generic Detailed Budget'!$G43) | O34: =IF(ISBLANK('R&R Generic Detailed Budget'!$H43),"",'R&R Generic Detailed Budget'!$H43) | P34: =IF(ISBLANK('R&R Generic Detailed Budget'!$I43),"",'R&R Generic Detailed Budget'!$I43) | Q34: =IF(ISBLANK('R&R Generic Detailed Budget'!$J43),"",'R&R Generic Detailed Budget'!$J43) | S34: =IFERROR($E34*M34,"") | T34: =IFERROR($E34*N34,"") | U34: =IFERROR($E34*O34,"") | V34: =IFERROR($E34*P34,"") | W34: =IFERROR($E34*Q34,"") | X34: =SUM(S34:W34) -> 0 | Z34: =IF(ISBLANK('R&R Generic Detailed Budget'!$L43),"",'R&R Generic Detailed Budget'!$L43) -> 0 | AA34: =IF(ISBLANK('R&R Generic Detailed Budget'!$M43),"",'R&R Generic Detailed Budget'!$M43) -> 0 | AB34: =IF(ISBLANK('R&R Generic Detailed Budget'!$N43),"",'R&R Generic Detailed Budget'!$N43) -> 0 | AC34: =IF(ISBLANK('R&R Generic Detailed Budget'!$O43),"",'R&R Generic Detailed Budget'!$O43) -> 0 | AD34: =IF(ISBLANK('R&R Generic Detailed Budget'!$P43),"",'R&R Generic Detailed Budget'!$P43) -> 0 | AE34: =SUM(Z34:AD34) -> 0 | AG34: =IF($A34="","",VLOOKUP($D34,OPE_Rates,2,FALSE)) -> 0.033 | AH34: =IF('R&R Generic Detailed Budget'!$A$1>1,IF($A34="","",VLOOKUP($D34,OPE_Rates,3,FALSE)),0) -> 0.037 | AI34: =IF('R&R Generic Detailed Budget'!$A$1>2,IF($A34="","",VLOOKUP($D34,OPE_Rates,4,FALSE)),0) -> 0.034 | AJ34: =IF('R&R Generic Detailed Budget'!$A$1>3,IF($A34="","",VLOOKUP($D34,OPE_Rates,5,FALSE)),"") -> 0.034 | AK34: =IF('R&R Generic Detailed Budget'!$A$1>3,IF($A34="","",VLOOKUP($D34,OPE_Rates,6,FALSE)),"") -> 0.0352 | AM34: =ROUND(VLOOKUP($C34,OPE_Rates,2,FALSE)*('Personnel Data'!Z34),0)+'R&R Generic Detailed Budget'!F45*('R&R Generic Detailed Budget'!V8+'R&R Generic Detailed Budget'!V10) -> 0 | AN34: =ROUND(VLOOKUP($C34,OPE_Rates,3,FALSE)*('Personnel Data'!AA34),0)+'R&R Generic Detailed Budget'!G45*('R&R Generic Detailed Budget'!W8+'R&R Generic Detailed Budget'!W10) -> 0 | AO34: =ROUND(VLOOKUP($C34,OPE_Rates,4,FALSE)*('Personnel Data'!AB34),0)+'R&R Generic Detailed Budget'!H45*('R&R Generic Detailed Budget'!X8+'R&R Generic Detailed Budget'!X10) -> 0 | AP34: =ROUND(VLOOKUP($C34,OPE_Rates,5,FALSE)*('Personnel Data'!AC34),0)+'R&R Generic Detailed Budget'!I45*('R&R Generic Detailed Budget'!Y8+'R&R Generic Detailed Budget'!Y10) -> 0 | AQ34: =ROUND(VLOOKUP($C34,OPE_Rates,6,FALSE)*('Personnel Data'!AD34),0)+'R&R Generic Detailed Budget'!J45*('R&R Generic Detailed Budget'!Z8+'R&R Generic Detailed Budget'!Z10) -> 0 | AR34: =SUM(AM34:AQ34) -> 0
A39: =IF(ISBLANK('R&R Generic Detailed Budget'!B48),"",'R&R Generic Detailed Budget'!B48) -> GE Salaries | Z39: =IF(ISBLANK('R&R Generic Detailed Budget'!$L48),"",'R&R Generic Detailed Budget'!$L48) | AA39: =IF(ISBLANK('R&R Generic Detailed Budget'!$M48),"",'R&R Generic Detailed Budget'!$M48) | AB39: =IF(ISBLANK('R&R Generic Detailed Budget'!$N48),"",'R&R Generic Detailed Budget'!$N48) | AC39: =IF(ISBLANK('R&R Generic Detailed Budget'!$O48),"",'R&R Generic Detailed Budget'!$O48) | AD39: =IF(ISBLANK('R&R Generic Detailed Budget'!$P48),"",'R&R Generic Detailed Budget'!$P48) | AE39: =SUM(Z39:AD39) -> 0
A40: =IF(ISBLANK('R&R Generic Detailed Budget'!B49),"",'R&R Generic Detailed Budget'!B49) -> GE III AY effort | C40: Students | D40: Students | E40: 9 | G40: =IF(ISBLANK('R&R Generic Detailed Budget'!$E49),"0",'R&R Generic Detailed Budget'!$E49) -> 45383.936 | H40: =IF('R&R Generic Detailed Budget'!$A$1>1,ROUND((G40*'R&R Generic Detailed Budget'!$V$15),0),0) -> 46745 | I40: =IF('R&R Generic Detailed Budget'!$A$1>2,ROUND((H40*'R&R Generic Detailed Budget'!$V$15),0),0) -> 48147 | J40: =IF('R&R Generic Detailed Budget'!$A$1>2,ROUND((I40*'R&R Generic Detailed Budget'!$V$15),0),0) -> 49591 | K40: =IF('R&R Generic Detailed Budget'!$A$1>2,ROUND((J40*'R&R Generic Detailed Budget'!$V$15),0),0) -> 51079 | M40: =IF(ISBLANK('R&R Generic Detailed Budget'!$F49),"",'R&R Generic Detailed Budget'!$F49) | N40: =IF(ISBLANK('R&R Generic Detailed Budget'!$G49),"",'R&R Generic Detailed Budget'!$G49) | O40: =IF(ISBLANK('R&R Generic Detailed Budget'!$H49),"",'R&R Generic Detailed Budget'!$H49) | P40: =IF(ISBLANK('R&R Generic Detailed Budget'!$I49),"",'R&R Generic Detailed Budget'!$I49) | Q40: =IF(ISBLANK('R&R Generic Detailed Budget'!$J49),"",'R&R Generic Detailed Budget'!$J49) | S40: =IFERROR($E40*M40,"") | T40: =IFERROR($E40*N40,"") | U40: =IFERROR($E40*O40,"") | V40: =IFERROR($E40*P40,"") | W40: =IFERROR($E40*Q40,"") | X40: =SUM(S40:W40) -> 0 | Z40: =IF(ISBLANK('R&R Generic Detailed Budget'!$L49),"",'R&R Generic Detailed Budget'!$L49) -> 0 | AA40: =IF(ISBLANK('R&R Generic Detailed Budget'!$M49),"",'R&R Generic Detailed Budget'!$M49) -> 0 | AB40: =IF(ISBLANK('R&R Generic Detailed Budget'!$N49),"",'R&R Generic Detailed Budget'!$N49) -> 0 | AC40: =IF(ISBLANK('R&R Generic Detailed Budget'!$O49),"",'R&R Generic Detailed Budget'!$O49) -> 0 | AD40: =IF(ISBLANK('R&R Generic Detailed Budget'!$P49),"",'R&R Generic Detailed Budget'!$P49) -> 0 | AE40: =SUM(Z40:AD40) -> 0 | AG40: =IF($A40="","",VLOOKUP($D40,OPE_Rates,2,FALSE)) -> 0.033 | AH40: =IF('R&R Generic Detailed Budget'!$A$1>1,IF($A40="","",VLOOKUP($D40,OPE_Rates,3,FALSE)),0) -> 0.037 | AI40: =IF('R&R Generic Detailed Budget'!$A$1>2,IF($A40="","",VLOOKUP($D40,OPE_Rates,4,FALSE)),0) -> 0.034 | AJ40: =IF('R&R Generic Detailed Budget'!$A$1>3,IF($A40="","",VLOOKUP($D40,OPE_Rates,5,FALSE)),"") -> 0.034 | AK40: =IF('R&R Generic Detailed Budget'!$A$1>3,IF($A40="","",VLOOKUP($D40,OPE_Rates,6,FALSE)),"") -> 0.0352 | AM40: =ROUND(VLOOKUP($C40,OPE_Rates,2,FALSE)*('Personnel Data'!Z40),0)+'R&R Generic Detailed Budget'!F51*('R&R Generic Detailed Budget'!V7+'R&R Generic Detailed Budget'!V9) -> 0 | AN40: =ROUND(VLOOKUP($C40,OPE_Rates,3,FALSE)*('Personnel Data'!AA40),0)+'R&R Generic Detailed Budget'!G51*('R&R Generic Detailed Budget'!W7+'R&R Generic Detailed Budget'!W9) -> 0 | AO40: =ROUND(VLOOKUP($C40,OPE_Rates,4,FALSE)*('Personnel Data'!AB40),0)+'R&R Generic Detailed Budget'!H51*('R&R Generic Detailed Budget'!X7+'R&R Generic Detailed Budget'!X9) -> 0 | AP40: =ROUND(VLOOKUP($C40,OPE_Rates,5,FALSE)*('Personnel Data'!AC40),0)+'R&R Generic Detailed Budget'!I51*('R&R Generic Detailed Budget'!Y7+'R&R Generic Detailed Budget'!Y9) -> 0 | AQ40: =ROUND(VLOOKUP($C40,OPE_Rates,6,FALSE)*('Personnel Data'!AD40),0)+'R&R Generic Detailed Budget'!J51*('R&R Generic Detailed Budget'!Z7+'R&R Generic Detailed Budget'!Z9) -> 0 | AR40: =SUM(AM40:AQ40) -> 0
A41: =IF(ISBLANK('R&R Generic Detailed Budget'!B50),"",'R&R Generic Detailed Budget'!B50) -> GE III summer effort | C41: Students | D41: Students | E41: 3 | G41: =G40/3 -> 15127.979 | H41: =IF('R&R Generic Detailed Budget'!$A$1>1,ROUND((G41*'R&R Generic Detailed Budget'!$V$15),0),0) -> 15582 | I41: =IF('R&R Generic Detailed Budget'!$A$1>2,ROUND((H41*'R&R Generic Detailed Budget'!$V$15),0),0) -> 16049 | J41: =IF('R&R Generic Detailed Budget'!$A$1>2,ROUND((I41*'R&R Generic Detailed Budget'!$V$15),0),0) -> 16530 | K41: =IF('R&R Generic Detailed Budget'!$A$1>2,ROUND((J41*'R&R Generic Detailed Budget'!$V$15),0),0) -> 17026 | M41: =IF(ISBLANK('R&R Generic Detailed Budget'!$F50),"",'R&R Generic Detailed Budget'!$F50) | N41: =IF(ISBLANK('R&R Generic Detailed Budget'!$G50),"",'R&R Generic Detailed Budget'!$G50) | O41: =IF(ISBLANK('R&R Generic Detailed Budget'!$H50),"",'R&R Generic Detailed Budget'!$H50) | P41: =IF(ISBLANK('R&R Generic Detailed Budget'!$I50),"",'R&R Generic Detailed Budget'!$I50) | Q41: =IF(ISBLANK('R&R Generic Detailed Budget'!$J50),"",'R&R Generic Detailed Budget'!$J50) | S41: =IFERROR($E41*M41,"") | T41: =IFERROR($E41*N41,"") | U41: =IFERROR($E41*O41,"") | V41: =IFERROR($E41*P41,"") | W41: =IFERROR($E41*Q41,"") | X41: =SUM(S41:W41) -> 0 | Z41: =IF(ISBLANK('R&R Generic Detailed Budget'!$L50),"",'R&R Generic Detailed Budget'!$L50) -> 0 | AA41: =IF(ISBLANK('R&R Generic Detailed Budget'!$M50),"",'R&R Generic Detailed Budget'!$M50) -> 0 | AB41: =IF(ISBLANK('R&R Generic Detailed Budget'!$N50),"",'R&R Generic Detailed Budget'!$N50) -> 0 | AC41: =IF(ISBLANK('R&R Generic Detailed Budget'!$O50),"",'R&R Generic Detailed Budget'!$O50) -> 0 | AD41: =IF(ISBLANK('R&R Generic Detailed Budget'!$P50),"",'R&R Generic Detailed Budget'!$P50) -> 0 | AE41: =SUM(Z41:AD41) -> 0 | AG41: =IF($A41="","",VLOOKUP($D41,OPE_Rates,2,FALSE)) -> 0.033 | AH41: =IF('R&R Generic Detailed Budget'!$A$1>1,IF($A41="","",VLOOKUP($D41,OPE_Rates,3,FALSE)),0) -> 0.037 | AI41: =IF('R&R Generic Detailed Budget'!$A$1>2,IF($A41="","",VLOOKUP($D41,OPE_Rates,4,FALSE)),0) -> 0.034 | AJ41: =IF('R&R Generic Detailed Budget'!$A$1>3,IF($A41="","",VLOOKUP($D41,OPE_Rates,5,FALSE)),"") -> 0.034 | AK41: =IF('R&R Generic Detailed Budget'!$A$1>3,IF($A41="","",VLOOKUP($D41,OPE_Rates,6,FALSE)),"") -> 0.0352 | AM41: =ROUND(VLOOKUP($C41,OPE_Rates,2,FALSE)*('Personnel Data'!Z41),0)+'R&R Generic Detailed Budget'!F52*('R&R Generic Detailed Budget'!V8+'R&R Generic Detailed Budget'!V10) -> 0 | AN41: =ROUND(VLOOKUP($C41,OPE_Rates,3,FALSE)*('Personnel Data'!AA41),0)+'R&R Generic Detailed Budget'!G52*('R&R Generic Detailed Budget'!W8+'R&R Generic Detailed Budget'!W10) -> 0 | AO41: =ROUND(VLOOKUP($C41,OPE_Rates,4,FALSE)*('Personnel Data'!AB41),0)+'R&R Generic Detailed Budget'!H52*('R&R Generic Detailed Budget'!X8+'R&R Generic Detailed Budget'!X10) -> 0 | AP41: =ROUND(VLOOKUP($C41,OPE_Rates,5,FALSE)*('Personnel Data'!AC41),0)+'R&R Generic Detailed Budget'!I52*('R&R Generic Detailed Budget'!Y8+'R&R Generic Detailed Budget'!Y10) -> 0 | AQ41: =ROUND(VLOOKUP($C41,OPE_Rates,6,FALSE)*('Personnel Data'!AD41),0)+'R&R Generic Detailed Budget'!J52*('R&R Generic Detailed Budget'!Z8+'R&R Generic Detailed Budget'!Z10) -> 0 | AR41: =SUM(AM41:AQ41) -> 0
S42: =IF(ISBLANK('R&R Generic Detailed Budget'!$L51),"",'R&R Generic Detailed Budget'!$L51) | T42: =IF(ISBLANK('R&R Generic Detailed Budget'!$M51),"",'R&R Generic Detailed Budget'!$M51) | U42: =IF(ISBLANK('R&R Generic Detailed Budget'!$N51),"",'R&R Generic Detailed Budget'!$N51) | V42: =IF(ISBLANK('R&R Generic Detailed Budget'!$O51),"",'R&R Generic Detailed Budget'!$O51) | W42: =IF(ISBLANK('R&R Generic Detailed Budget'!$P51),"",'R&R Generic Detailed Budget'!$P51) | Z42: =IF(ISBLANK('R&R Generic Detailed Budget'!$L51),"",'R&R Generic Detailed Budget'!$L51) | AA42: =IF(ISBLANK('R&R Generic Detailed Budget'!$M51),"",'R&R Generic Detailed Budget'!$M51) | AB42: =IF(ISBLANK('R&R Generic Detailed Budget'!$N51),"",'R&R Generic Detailed Budget'!$N51) | AC42: =IF(ISBLANK('R&R Generic Detailed Budget'!$O51),"",'R&R Generic Detailed Budget'!$O51) | AD42: =IF(ISBLANK('R&R Generic Detailed Budget'!$P51),"",'R&R Generic Detailed Budget'!$P51)
A43: Graduate Students | B43: Other Personnel | C43: Students | D43: Students | S43: =SUM(S33:S42) -> 0 | T43: =SUM(T33:T42) -> 0 | U43: =SUM(U33:U42) -> 0 | V43: =SUM(V33:V42) -> 0 | W43: =SUM(W33:W42) -> 0 | X43: =SUM(X33:X42) -> 0 | Z43: =SUM(Z33:Z42) -> 0 | AA43: =SUM(AA33:AA42) -> 0 | AB43: =SUM(AB33:AB42) -> 0 | AC43: =SUM(AC33:AC42) -> 0 | AD43: =SUM(AD33:AD42) -> 0 | AE43: =SUM(AE33:AE42) -> 0 | AG43: =IF($A43="","",VLOOKUP($D43,OPE_Rates,2,FALSE)) -> 0.033 | AH43: =IF('R&R Generic Detailed Budget'!$A$1>1,IF($A43="","",VLOOKUP($D43,OPE_Rates,3,FALSE)),0) -> 0.037 | AI43: =IF('R&R Generic Detailed Budget'!$A$1>2,IF($A43="","",VLOOKUP($D43,OPE_Rates,4,FALSE)),0) -> 0.034 | AJ43: =IF('R&R Generic Detailed Budget'!$A$1>3,IF($A43="","",VLOOKUP($D43,OPE_Rates,5,FALSE)),"") -> 0.034 | AK43: =IF('R&R Generic Detailed Budget'!$A$1>3,IF($A43="","",VLOOKUP($D43,OPE_Rates,6,FALSE)),"") -> 0.0352 | AM43: ='R&R Generic Detailed Budget'!L85 -> 0 | AN43: ='R&R Generic Detailed Budget'!M85 -> 0 | AO43: ='R&R Generic Detailed Budget'!N85 -> 0 | AP43: ='R&R Generic Detailed Budget'!O85 -> 0 | AQ43: ='R&R Generic Detailed Budget'!P85 -> 0 | AR43: ='R&R Generic Detailed Budget'!Q85 -> 0
AD45: This Sheet Total Salary | AE45: =SUM(AE4:AE19)+SUM(AE21:AE26)+SUM(AE28:AE29)+AE43 -> 0 | AQ45: This Sheet Total Fringe | AR45: =SUM(AR4:AR19)+SUM(AR21:AR26)+SUM(AR28:AR29)+AR43 -> 0
AD46: R&R Generic Detailed Budget Total | AE46: ='R&R Generic Detailed Budget'!$Q$53 -> 0 | AQ46: R&R Generic Detailed Budget Total | AR46: ='R&R Generic Detailed Budget'!$Q$86 -> 0

Sheet Named Ranges
D1: Employee Class
B2: Select Personnel Type | D2: Select Employee Class | E2: OPE Class | F2: Select Basis | G2: Basis #
B3: Senior/Key Personnel | D3: 12 Month Faculty, w/ appt. .5+ FTE & Hrly | E3: Faculty/Staff A | F3: 12 MO | G3: 12
B4: Other Personnel | D4: 9 Month Faculty (AY) .5+ FTE, Postdocs, Executives | E4: Faculty/Staff B | F4: 9 MO | G4: 9
D5: 9 or 12 Month Faculty, w/ appt. <.5 FTE | E5: Faculty/Staff C | F5: 3 MO | G5: 3
D6: Classified - Service | E6: Classified Service | F6: 12 MO | G6: 12
D7: Classified - Clerical/Skilled | E7: Classified Skilled/Clerical | F7: 12 MO | G7: 12
D8: Classified - Technical | E8: Classified Technical | F8: 12 MO | G8: 12
D9: Temps | E9: Temps | F9: 12 MO | G9: 12
D10: Students | E10: Students | F10: 12 MO | G10: 12
D11: 9 Month Faculty/Staff (SU) | E11: Faculty/Staff C | F11: 3 MO | G11: 3

Sheet Person Month Conversion tool
D1: Person Month / Effort: Conversion Tool
A3: Insert the Effort in the green cells below to convert to Person Months (PM)
A4: Person Months for 3, 9, and 12 month terms will display simultaneously.
A6: 3 month | D6: 9 month | G6: 12 month
A7: Summer Term | D7: Academic Year | G7: Calendar Year
J8: 3-mo | K8: 9-mo | L8: 12-mo
A9: Effort | B9: PM | D9: Effort | E9: PM | G9: Effort | H9: PM | J9: =B10/12 -> 0.041675 | K9: =E10/12 -> 0.083333333 | L9: =H10/12 -> 0.083333333 | M9: Months per twelve month period
A10: 0.1667 | B10: =A10*3 -> 0.5001 | D10: =1/9 -> 0.11111111 | E10: =D10*9 -> 1 | G10: =1/12 -> 0.083333333 | H10: =G10*12 -> 1 | J10: =J9 -> 0.041675 | K10: =K9 -> 0.083333333 | L10: =L9 -> 0.083333333 | M10: Annual FTE (over twelve months)
A14: Insert the Person Months (PM) in the yellow cells below to convert to Effort
A15: Effort for 3, 9, and 12 month terms will display simultaneously.
A17: 3 month | D17: 9 month | G17: 12 month
A18: Summer Term | D18: Academic Year | G18: Calendar Year
J19: 3-mo | K19: 9-mo | L19: 12-mo
A20: PM | B20: Effort | D20: PM | E20: Effort | G20: PM | H20: Effort | J20: =A21/12 -> 0.083333333 | K20: =D21/12 -> 0.083333333 | L20: =G21/12 -> 0.083333333 | M20: Months per twelve month period
A21: 1 | B21: =A21/3 -> 0.33333333 | D21: 1 | E21: =D21/9 -> 0.11111111 | G21: 1 | H21: =G21/12 -> 0.083333333 | J21: =J20 -> 0.083333333 | K21: =K20 -> 0.083333333 | L21: =L20 -> 0.083333333 | M21: Annual FTE (over twelve months)

Sheet NIH Sal Cap Calculator
A1: To use the NIH Salary CAP Calculator, complete steps 1, 2, 3, and 4 below
A3: Step #1 | B3: Enter the current NIH Salary CAP | C3: 221900 | D3: =C3/12*9 -> 166425 | E3: AY | F3: =D3/3 -> 55475 | G3: Summer
A5: Auto-calculation: | B5: Hourly rate per the current NIH Salary CAP | C5: =C3/2080 -> 106.68269
A7: Step #2 | B7: Enter the type of UO Appointment, 9 or 12 month | C7: 9
A8: Step #3 | B8: Enter the UO 9 or 12 month base from PWIVERI | C8: 166425
A10: Auto-calculation: | B10: 12-month UO personnel's Institutional Base Salary | C10: =IF(C7=12,C8,(C8/9*12)) -> 221900
A11: Auto-calculation: | B11: UO personnel's Hourly Rate | C11: =C8/(173.33*C7) -> 106.68474
A12: Auto-calculation: | B12: Direct Cost % | C12: =C5/C11 -> 0.99998077
A13: Auto-calculation: | B13: Cost Share % | C13: =1-C12 -> 1.9230769e-05
D14: Year 1 | E14: Year 2 | F14: Year 3 | G14: Year 4 | H14: Year 5
A15: Step #4 | B15: Enter Total Committed Effort for each Project Period (Direct plus Cost Share) | D15: 0 | E15: 0 | F15: 0 | G15: 0 | H15: 0
A17: Auto-calculation: | B17: Labor Distribution for direct-charged salary | D17: =$C$12*D15 -> 0 | E17: =$C$12*E15 -> 0 | F17: =$C$12*F15 -> 0 | G17: =$C$12*G15 -> 0 | H17: =$C$12*H15 -> 0
A18: Auto-calculation: | B18: Labor Distribution for cost-shared salary | D18: =$C$13*D15 -> 0 | E18: =$C$13*E15 -> 0 | F18: =$C$13*F15 -> 0 | G18: =$C$13*G15 -> 0 | H18: =$C$13*H15 -> 0
A20: Auto-calculation: | B20: Direct Charge: Maximum Salary Amount direct-charged to the project | D20: =D17*$C$10 -> 0 | E20: =E17*$C$10 -> 0 | F20: =F17*$C$10 -> 0 | G20: =G17*$C$10 -> 0 | H20: =H17*$C$10 -> 0
A22: Auto-calculation: | B22: Cost Share: Salary Amount Cost-shared to the project | D22: =D18*$C$10 -> 0 | E22: =E18*$C$10 -> 0 | F22: =F18*$C$10 -> 0 | G22: =G18*$C$10 -> 0 | H22: =H18*$C$10 -> 0
A24: Please reference this link for additional guidance: | C24: https://research.uoregon.edu/apply/apply-external-funding/prepare/nih-salary-cap
A26: Updated January 29, 2024 in compliance with NOT-OD-24-057.html | C26: NIH notice NOT-OD-24-057

Sheet F&A History
E1: Research: on campus | F1: Research: off campus | G1: Instruction: on campus | H1: Instruction: off campus | I1: Other Sponsored Activity: on campus | J1: Other Sponsored Activity: off campus | K1: Training Grant 8%
A2: Awarded
A3: 41664 | B3: 0 | C3: 30498 | D3: 30863 | E3: 45 | F3: 31.4 | G3: 55 | I3: 32
B4: 0 | C4: 30864 | D4: 31228 | E4: 41 | F4: 25.7 | G4: 55 | I4: 32
B5: 0 | C5: 31229 | D5: 31593 | E5: 41 | F5: 25 | G5: 55 | I5: 32
B6: 0 | C6: 31594 | D6: 31958 | E6: 41 | F6: 25 | G6: 55 | I6: 32
B7: 0 | C7: 31959 | D7: 32324 | E7: 42 | F7: 26 | G7: 55 | I7: 32.3
B8: 0 | C8: 32325 | D8: 32689 | E8: 42 | F8: 26 | G8: 55 | I8: 32.3
B9: 0 | C9: 32690 | D9: 33054 | E9: 42.3 | F9: 26 | G9: 55 | I9: 32.5
B10: 0 | C10: 33055 | D10: 33419 | E10: 42.5 | F10: 26 | G10: 55 | I10: 32.5
B11: 0 | C11: 33420 | D11: 33785 | E11: 48 | F11: 26 | G11: 55 | I11: 32.5
B12: 0 | C12: 33786 | D12: 34880 | E12: 50 | F12: 26 | G12: 55 | I12: 33
B13: 0 | C13: 34881 | D13: 37072 | E13: 50 | F13: 26 | G13: 55 | I13: 33
B14: 0 | C14: 37073 | D14: 37437 | E14: 49 | F14: 26 | G14: 54 | I14: 32
B15: 0 | C15: 37438 | D15: 38168 | E15: 49 | F15: 26 | G15: 54 | I15: 32
B16: 0 | C16: 38169 | D16: 38533 | E16: 49 | F16: 26
B17: 0 | C17: 38534 | D17: 38898 | E17: 48.5 | F17: 26 | G17: 54 | I17: 32
B18: 0 | C18: 38899 | D18: 39263 | E18: 48 | F18: 26 | G18: 54 | I18: 32
B19: 0 | C19: 39264 | D19: 39629 | E19: 48 | F19: 26 | G19: 54 | H19: 23.8 | I19: 32 | J19: 25.6
B20: 0 | C20: 39630 | D20: 40724 | E20: 42 | F20: 26 | G20: 53 | H20: 26 | I20: 29 | J20: 23.8
B21: 0 | C21: 40725 | D21: 41090 | E21: 42 | F21: 26 | G21: 53 | H21: 26 | I21: 29 | J21: 23.8
B22: 0 | C22: 41091 | D22: 41820 | E22: 45 | F22: 26 | G22: 59.4 | H22: 26 | I22: 30.7 | J22: 24.3
B23: 0 | C23: 41821 | D23: 42185 | E23: 45 | F23: 26 | G23: 59.4 | H23: 26 | I23: 30.7 | J23: 24.3
B24: 0 | C24: 42186 | D24: 42551 | E24: 45 | F24: 26 | G24: 59.4 | H24: 26 | I24: 30.7 | J24: 24.3
B25: 0 | C25: 43282 | D25: 43646 | E25: 47.5 | F25: 26 | G25: 46 | H25: 26 | I25: 30.7 | J25: 26 | K25: 8
B26: 0 | C26: 43647 | D26: 44377 | E26: 47.5 | F26: 26 | G26: 46 | H26: 26 | I26: 30.7 | J26: 26 | K26: 8
B27: 0 | C27: 44378 | D27: 45107 | E27: 47.5 | F27: 26 | G27: 46 | H27: 26 | I27: 30.7 | J27: 26 | K27: 8
B28: 0 | C28: 45108 | D28: 46568 | E28: 49 | F28: 26 | G28: 48 | H28: 26 | I28: 33 | J28: 26 | K28: 8

Sheet Eclass OPE Rates
A1: Fringe Benefits ("Other Payroll Expenses" (OPE) | B1: UO Office of Budget and Resources Planning - Blended OPE
B2: Estimated Future Rates by Budget and Resource Planning
A3: ='R&R Generic Detailed Budget'!R5 -> 46279 | B3: Blended OPE Link | D3: Estimated Future Rates | G3: SPS estimate
A4: Employee class | B4: 2026 | C4: 2027 | D4: 2028 | E4: 2029 | F4: 2030 | G4: 2031 | H4: 2032 | I4: Description
B5: Rates | C5: Rates | D5: Rates | E5: Rates | F5: Rates | G5: Rates | H5: Rates
A6: Faculty/Staff A | B6: 0.765 | C6: 0.774 | D6: 0.784 | E6: 0.773 | F6: 0.778 | G6: =AVERAGE(B6:F6) -> 0.7748 | H6: =AVERAGE(C6:G6) -> 0.77676 | I6: The Faculty/Staff A Employee Class consists of all salaried staff employees, and faculty members that are on a twelve month schedule. Most of these employees are all eligible for sick leave and vacation leave.
A7: Faculty/Staff B | B7: 0.529 | C7: 0.511 | D7: 0.504 | E7: 0.501 | F7: 0.502 | G7: =AVERAGE(B7:F7) -> 0.5094 | H7: =AVERAGE(C7:G7) -> 0.50548 | I7: The Faculty/Staff B Employee Class consists of faculty members that are on a nine month schedule that are sick leave eligible but not eligible for vacation leave, all Post Docs, and employees coded as Executives.
A8: Faculty/Staff C | B8: 0.342 | C8: 0.34 | D8: 0.317 | E8: 0.329 | F8: 0.329 | G8: =AVERAGE(B8:F8) -> 0.3314 | H8: =AVERAGE(C8:G8) -> 0.32928 | I8: The Faculty/Staff C Employee Class consists of all employees on summer term employment excluding students; and also includes faculty and staff on less than .5 FTE.
A9: Classified Service | B9: 1.049 | C9: 1.074 | D9: 1.094 | E9: 1.049 | F9: 1.064 | G9: =AVERAGE(B9:F9) -> 1.066 | H9: =AVERAGE(C9:G9) -> 1.0694 | I9: The Classified Service Employee Class consists of hourly employees that are coded as service/maintenance such as groundskeepers, custodians, laborers, and food service workers.
A10: Classified Skilled/Clerical | B10: 0.823 | C10: 0.91 | D10: 0.901 | E10: 0.891 | F10: 0.898 | G10: =AVERAGE(B10:F10) -> 0.8846 | H10: =AVERAGE(C10:G10) -> 0.89692 | I10: The Classified Skilled/Clerical Employee Class consists of hourly employees that are coded as skilled and clerical.
A11: Classified Technical | B11: 0.796 | C11: 0.802 | D11: 0.814 | E11: 0.793 | F11: 0.798 | G11: =AVERAGE(B11:F11) -> 0.8006 | H11: =AVERAGE(C11:G11) -> 0.80152 | I11: The Classified Technical Employee Class consists of hourly employees that are coded as technical and professional.
A12: Temps | B12: 0.261 | C12: 0.323 | D12: 0.218 | E12: 0.31 | F12: 0.313 | G12: =AVERAGE(B12:F12) -> 0.285 | H12: =AVERAGE(C12:G12) -> 0.2898 | I12: The Temp Employee Class consists of University of Oregon officers/teachers/researchers, hourly faculty and hourly staff less than .5FTE, and temporary support staff employees.
A13: Students | B13: 0.038 | C13: 0.033 | D13: 0.037 | E13: 0.034 | F13: 0.034 | G13: =AVERAGE(B13:F13) -> 0.0352 | H13: =AVERAGE(C13:G13) -> 0.03464 | I13: The Students Employee Class consists of graduate employees, fellows, and undergraduate student employees.
A15: Employee Class | B15: Change | C15: Rates | D15: Rates | E15: Rates | F15: Rates | G15: Rates | H15: Rates | I15: Average Change in OPE Rates
A16: Faculty/Staff A | C16: =+C6/B6-1 -> 0.011764706 | D16: =+D6/C6-1 -> 0.012919897 | E16: =+E6/D6-1 -> -0.014030612 | F16: =+F6/E6-1 -> 0.0064683053 | G16: =+G6/F6-1 -> -0.0041131105 | H16: =+H6/G6-1 -> 0.0025296851 | I16: =AVERAGE(C16:H16) -> 0.0025898117
A17: Faculty/Staff B | C17: =+C7/B7-1 -> -0.034026465 | D17: =+D7/C7-1 -> -0.01369863 | E17: =+E7/D7-1 -> -0.005952381 | F17: =+F7/E7-1 -> 0.001996008 | G17: =+G7/F7-1 -> 0.014741036 | H17: =+H7/G7-1 -> -0.0076953278 | I17: =AVERAGE(C17:H17) -> -0.0074392934
A18: Faculty/Staff C | C18: =+C8/B8-1 -> -0.0058479532 | D18: =+D8/C8-1 -> -0.067647059 | E18: =+E8/D8-1 -> 0.03785489 | F18: =+F8/E8-1 -> 0 | G18: =+G8/F8-1 -> 0.0072948328 | H18: =+H8/G8-1 -> -0.0063971032 | I18: =AVERAGE(C18:H18) -> -0.0057903988
A19: Classified Service | C19: =+C9/B9-1 -> 0.023832221 | D19: =+D9/C9-1 -> 0.018621974 | E19: =+E9/D9-1 -> -0.041133455 | F19: =+F9/E9-1 -> 0.014299333 | G19: =+G9/F9-1 -> 0.0018796992 | H19: =+H9/G9-1 -> 0.0031894934 | I19: =AVERAGE(C19:H19) -> 0.0034482109
A20: Classified Skilled/Clerical | C20: =+C10/B10-1 -> 0.10571081 | D20: =+D10/C10-1 -> -0.0098901099 | E20: =+E10/D10-1 -> -0.011098779 | F20: =+F10/E10-1 -> 0.0078563412 | G20: =+G10/F10-1 -> -0.014922049 | H20: =+H10/G10-1 -> 0.013927199 | I20: =AVERAGE(C20:H20) -> 0.015263903
A21: Classified Technical | C21: =+C11/B11-1 -> 0.0075376884 | D21: =+D11/C11-1 -> 0.014962594 | E21: =+E11/D11-1 -> -0.025798526 | F21: =+F11/E11-1 -> 0.0063051702 | G21: =+G11/F11-1 -> 0.0032581454 | H21: =+H11/G11-1 -> 0.0011491381 | I21: =AVERAGE(C21:H21) -> 0.0012357017
A22: Temps | C22: =+C12/B12-1 -> 0.23754789 | D22: =+D12/C12-1 -> -0.3250774 | E22: =+E12/D12-1 -> 0.42201835 | F22: =+F12/E12-1 -> 0.0096774194 | G22: =+G12/F12-1 -> -0.089456869 | H22: =+H12/G12-1 -> 0.016842105 | I22: =AVERAGE(C22:H22) -> 0.045258583
A23: Students | C23: =+C13/B13-1 -> -0.13157895 | D23: =+D13/C13-1 -> 0.12121212 | E23: =+E13/D13-1 -> -0.081081081 | F23: =+F13/E13-1 -> 0 | G23: =+G13/F13-1 -> 0.035294118 | H23: =+H13/G13-1 -> -0.015909091 | I23: =AVERAGE(C23:H23) -> -0.01201048
A24: Budget Year | B24: =YEAR('R&R Generic Detailed Budget'!L7) -> 2027 | C24: =YEAR('R&R Generic Detailed Budget'!M7) -> 2028 | D24: =YEAR('R&R Generic Detailed Budget'!N7) -> 2029 | E24: =YEAR('R&R Generic Detailed Budget'!O7) -> 2030 | F24: =YEAR('R&R Generic Detailed Budget'!P7) -> 2031
A25: Offset from Base Year | B25: =MAX(0,MIN(12,B24-$B$4)) -> 1 | C25: =MAX(0,MIN(12,C24-$B$4)) -> 2 | D25: =MAX(0,MIN(12,D24-$B$4)) -> 3 | E25: =MAX(0,MIN(12,E24-$B$4)) -> 4 | F25: =MAX(0,MIN(12,F24-$B$4)) -> 5
A26: Faculty/Staff A | B26: =IF($C$24<=$H$4,(+VLOOKUP($A26,$A$6:$H$13,B$25+2,FALSE)*(VLOOKUP($A26,$A$16:$I$23,9,FALSE)^(MAX(0,$C$24-$H$4)))),H6) -> 0.774 | C26: =IF('R&R Generic Detailed Budget'!$S$9="N",B26,IF($D$24<=$H$4,(+VLOOKUP($A26,$A$6:$H$13,C$25+2,FALSE)*(VLOOKUP($A26,$A$16:$I$23,9,FALSE)^(MAX(0,$D$24-$H$4)))),H6)) -> 0.784 | D26: =IF('R&R Generic Detailed Budget'!$S$9="N",B26,IF($E$24<=$H$4,(+VLOOKUP($A26,$A$6:$H$13,D$25+2,FALSE)*(VLOOKUP($A26,$A$16:$I$23,9,FALSE)^(MAX(0,$E$24-$H$4)))),H6)) -> 0.773 | E26: =IF('R&R Generic Detailed Budget'!$S$9="N",C26,IF($E$24<=$H$4,(+VLOOKUP($A26,$A$6:$H$13,E$25+2,FALSE)*(VLOOKUP($A26,$A$16:$I$23,9,FALSE)^(MAX(0,$E$24-$H$4)))),H6)) -> 0.778 | F26: =IF('R&R Generic Detailed Budget'!$S$9="N",D26,IF($E$24<=$H$4,(+VLOOKUP($A26,$A$6:$H$13,F$25+2,FALSE)*(VLOOKUP($A26,$A$16:$I$23,9,FALSE)^(MAX(0,$E$24-$H$4)))),H6)) -> 0.7748
A27: Faculty/Staff B | B27: =IF($C$24<=$H$4,(+VLOOKUP($A27,$A$6:$H$13,B$25+2,FALSE)*(VLOOKUP($A27,$A$16:$I$23,9,FALSE)^(MAX(0,$C$24-$H$4)))),H7) -> 0.511 | C27: =IF('R&R Generic Detailed Budget'!$S$9="N",B27,IF($D$24<=$H$4,(+VLOOKUP($A27,$A$6:$H$13,C$25+2,FALSE)*(VLOOKUP($A27,$A$16:$I$23,9,FALSE)^(MAX(0,$D$24-$H$4)))),H7)) -> 0.504 | D27: =IF('R&R Generic Detailed Budget'!$S$9="N",B27,IF($E$24<=$H$4,(+VLOOKUP($A27,$A$6:$H$13,D$25+2,FALSE)*(VLOOKUP($A27,$A$16:$I$23,9,FALSE)^(MAX(0,$E$24-$H$4)))),H7)) -> 0.501 | E27: =IF('R&R Generic Detailed Budget'!$S$9="N",C27,IF($E$24<=$H$4,(+VLOOKUP($A27,$A$6:$H$13,E$25+2,FALSE)*(VLOOKUP($A27,$A$16:$I$23,9,FALSE)^(MAX(0,$E$24-$H$4)))),H7)) -> 0.502 | F27: =IF('R&R Generic Detailed Budget'!$S$9="N",D27,IF($E$24<=$H$4,(+VLOOKUP($A27,$A$6:$H$13,F$25+2,FALSE)*(VLOOKUP($A27,$A$16:$I$23,9,FALSE)^(MAX(0,$E$24-$H$4)))),H7)) -> 0.5094
A28: Faculty/Staff C | B28: =IF($C$24<=$H$4,(+VLOOKUP($A28,$A$6:$H$13,B$25+2,FALSE)*(VLOOKUP($A28,$A$16:$I$23,9,FALSE)^(MAX(0,$C$24-$H$4)))),H8) -> 0.34 | C28: =IF('R&R Generic Detailed Budget'!$S$9="N",B28,IF($D$24<=$H$4,(+VLOOKUP($A28,$A$6:$H$13,C$25+2,FALSE)*(VLOOKUP($A28,$A$16:$I$23,9,FALSE)^(MAX(0,$D$24-$H$4)))),H8)) -> 0.317 | D28: =IF('R&R Generic Detailed Budget'!$S$9="N",B28,IF($E$24<=$H$4,(+VLOOKUP($A28,$A$6:$H$13,D$25+2,FALSE)*(VLOOKUP($A28,$A$16:$I$23,9,FALSE)^(MAX(0,$E$24-$H$4)))),H8)) -> 0.329 | E28: =IF('R&R Generic Detailed Budget'!$S$9="N",C28,IF($E$24<=$H$4,(+VLOOKUP($A28,$A$6:$H$13,E$25+2,FALSE)*(VLOOKUP($A28,$A$16:$I$23,9,FALSE)^(MAX(0,$E$24-$H$4)))),H8)) -> 0.329 | F28: =IF('R&R Generic Detailed Budget'!$S$9="N",D28,IF($E$24<=$H$4,(+VLOOKUP($A28,$A$6:$H$13,F$25+2,FALSE)*(VLOOKUP($A28,$A$16:$I$23,9,FALSE)^(MAX(0,$E$24-$H$4)))),H8)) -> 0.3314
A29: Classified Service | B29: =IF($C$24<=$H$4,(+VLOOKUP($A29,$A$6:$H$13,B$25+2,FALSE)*(VLOOKUP($A29,$A$16:$I$23,9,FALSE)^(MAX(0,$C$24-$H$4)))),H9) -> 1.074 | C29: =IF('R&R Generic Detailed Budget'!$S$9="N",B29,IF($D$24<=$H$4,(+VLOOKUP($A29,$A$6:$H$13,C$25+2,FALSE)*(VLOOKUP($A29,$A$16:$I$23,9,FALSE)^(MAX(0,$D$24-$H$4)))),H9)) -> 1.094 | D29: =IF('R&R Generic Detailed Budget'!$S$9="N",B29,IF($E$24<=$H$4,(+VLOOKUP($A29,$A$6:$H$13,D$25+2,FALSE)*(VLOOKUP($A29,$A$16:$I$23,9,FALSE)^(MAX(0,$E$24-$H$4)))),H9)) -> 1.049 | E29: =IF('R&R Generic Detailed Budget'!$S$9="N",C29,IF($E$24<=$H$4,(+VLOOKUP($A29,$A$6:$H$13,E$25+2,FALSE)*(VLOOKUP($A29,$A$16:$I$23,9,FALSE)^(MAX(0,$E$24-$H$4)))),H9)) -> 1.064 | F29: =IF('R&R Generic Detailed Budget'!$S$9="N",D29,IF($E$24<=$H$4,(+VLOOKUP($A29,$A$6:$H$13,F$25+2,FALSE)*(VLOOKUP($A29,$A$16:$I$23,9,FALSE)^(MAX(0,$E$24-$H$4)))),H9)) -> 1.066
A30: Classified Skilled/Clerical | B30: =IF($C$24<=$H$4,(+VLOOKUP($A30,$A$6:$H$13,B$25+2,FALSE)*(VLOOKUP($A30,$A$16:$I$23,9,FALSE)^(MAX(0,$C$24-$H$4)))),H10) -> 0.91 | C30: =IF('R&R Generic Detailed Budget'!$S$9="N",B30,IF($D$24<=$H$4,(+VLOOKUP($A30,$A$6:$H$13,C$25+2,FALSE)*(VLOOKUP($A30,$A$16:$I$23,9,FALSE)^(MAX(0,$D$24-$H$4)))),H10)) -> 0.901 | D30: =IF('R&R Generic Detailed Budget'!$S$9="N",B30,IF($E$24<=$H$4,(+VLOOKUP($A30,$A$6:$H$13,D$25+2,FALSE)*(VLOOKUP($A30,$A$16:$I$23,9,FALSE)^(MAX(0,$E$24-$H$4)))),H10)) -> 0.891 | E30: =IF('R&R Generic Detailed Budget'!$S$9="N",C30,IF($E$24<=$H$4,(+VLOOKUP($A30,$A$6:$H$13,E$25+2,FALSE)*(VLOOKUP($A30,$A$16:$I$23,9,FALSE)^(MAX(0,$E$24-$H$4)))),H10)) -> 0.898 | F30: =IF('R&R Generic Detailed Budget'!$S$9="N",D30,IF($E$24<=$H$4,(+VLOOKUP($A30,$A$6:$H$13,F$25+2,FALSE)*(VLOOKUP($A30,$A$16:$I$23,9,FALSE)^(MAX(0,$E$24-$H$4)))),H10)) -> 0.8846
A31: Classified Technical | B31: =IF($C$24<=$H$4,(+VLOOKUP($A31,$A$6:$H$13,B$25+2,FALSE)*(VLOOKUP($A31,$A$16:$I$23,9,FALSE)^(MAX(0,$C$24-$H$4)))),H11) -> 0.802 | C31: =IF('R&R Generic Detailed Budget'!$S$9="N",B31,IF($D$24<=$H$4,(+VLOOKUP($A31,$A$6:$H$13,C$25+2,FALSE)*(VLOOKUP($A31,$A$16:$I$23,9,FALSE)^(MAX(0,$D$24-$H$4)))),H11)) -> 0.814 | D31: =IF('R&R Generic Detailed Budget'!$S$9="N",B31,IF($E$24<=$H$4,(+VLOOKUP($A31,$A$6:$H$13,D$25+2,FALSE)*(VLOOKUP($A31,$A$16:$I$23,9,FALSE)^(MAX(0,$E$24-$H$4)))),H11)) -> 0.793 | E31: =IF('R&R Generic Detailed Budget'!$S$9="N",C31,IF($E$24<=$H$4,(+VLOOKUP($A31,$A$6:$H$13,E$25+2,FALSE)*(VLOOKUP($A31,$A$16:$I$23,9,FALSE)^(MAX(0,$E$24-$H$4)))),H11)) -> 0.798 | F31: =IF('R&R Generic Detailed Budget'!$S$9="N",D31,IF($E$24<=$H$4,(+VLOOKUP($A31,$A$6:$H$13,F$25+2,FALSE)*(VLOOKUP($A31,$A$16:$I$23,9,FALSE)^(MAX(0,$E$24-$H$4)))),H11)) -> 0.8006
A32: Temps | B32: =IF($C$24<=$H$4,(+VLOOKUP($A32,$A$6:$H$13,B$25+2,FALSE)*(VLOOKUP($A32,$A$16:$I$23,9,FALSE)^(MAX(0,$C$24-$H$4)))),H12) -> 0.323 | C32: =IF('R&R Generic Detailed Budget'!$S$9="N",B32,IF($D$24<=$H$4,(+VLOOKUP($A32,$A$6:$H$13,C$25+2,FALSE)*(VLOOKUP($A32,$A$16:$I$23,9,FALSE)^(MAX(0,$D$24-$H$4)))),H12)) -> 0.218 | D32: =IF('R&R Generic Detailed Budget'!$S$9="N",B32,IF($E$24<=$H$4,(+VLOOKUP($A32,$A$6:$H$13,D$25+2,FALSE)*(VLOOKUP($A32,$A$16:$I$23,9,FALSE)^(MAX(0,$E$24-$H$4)))),H12)) -> 0.31 | E32: =IF('R&R Generic Detailed Budget'!$S$9="N",C32,IF($E$24<=$H$4,(+VLOOKUP($A32,$A$6:$H$13,E$25+2,FALSE)*(VLOOKUP($A32,$A$16:$I$23,9,FALSE)^(MAX(0,$E$24-$H$4)))),H12)) -> 0.313 | F32: =IF('R&R Generic Detailed Budget'!$S$9="N",D32,IF($E$24<=$H$4,(+VLOOKUP($A32,$A$6:$H$13,F$25+2,FALSE)*(VLOOKUP($A32,$A$16:$I$23,9,FALSE)^(MAX(0,$E$24-$H$4)))),H12)) -> 0.285
A33: Students | B33: =IF($C$24<=$H$4,(+VLOOKUP($A33,$A$6:$H$13,B$25+2,FALSE)*(VLOOKUP($A33,$A$16:$I$23,9,FALSE)^(MAX(0,$C$24-$H$4)))),H13) -> 0.033 | C33: =IF('R&R Generic Detailed Budget'!$S$9="N",B33,IF($D$24<=$H$4,(+VLOOKUP($A33,$A$6:$H$13,C$25+2,FALSE)*(VLOOKUP($A33,$A$16:$I$23,9,FALSE)^(MAX(0,$D$24-$H$4)))),H13)) -> 0.037 | D33: =IF('R&R Generic Detailed Budget'!$S$9="N",B33,IF($E$24<=$H$4,(+VLOOKUP($A33,$A$6:$H$13,D$25+2,FALSE)*(VLOOKUP($A33,$A$16:$I$23,9,FALSE)^(MAX(0,$E$24-$H$4)))),H13)) -> 0.034 | E33: =IF('R&R Generic Detailed Budget'!$S$9="N",C33,IF($E$24<=$H$4,(+VLOOKUP($A33,$A$6:$H$13,E$25+2,FALSE)*(VLOOKUP($A33,$A$16:$I$23,9,FALSE)^(MAX(0,$E$24-$H$4)))),H13)) -> 0.034 | F33: =IF('R&R Generic Detailed Budget'!$S$9="N",D33,IF($E$24<=$H$4,(+VLOOKUP($A33,$A$6:$H$13,F$25+2,FALSE)*(VLOOKUP($A33,$A$16:$I$23,9,FALSE)^(MAX(0,$E$24-$H$4)))),H13)) -> 0.0352
A35: 1-1-25 Notes for SPS calculated OPE
A36: For SPS calculated OPE I used the average of the previous 5 years for columns G & H. I hopt that the 5-year average is a good solution.
A37: Before 1-1-25, the budget template used a two formulas which sometimes resulted in an error when the OPE rate decreased.
A39: I could not determine the purpose of the table A15-H23. Since the formulas for B26-F33 do not work without the table, I will keep it as part of the spreadsheet.
A41: Logic for formula calculation in Row 30, 25 columns B through F.
A42: The formula is updated in December of 2020 to included the number "12" in the "Offset from Base Year" formula, "MAX(0,MIN(12,F29-$B$4))" to account for the
A43: additional years added to the spreadsheet.
A45: The below two paragraphs are out of date but you may find useful for figuring out the formulas.
A46: Logic for formula calculation in Rows 31 through 38, columns B through F: | E46: I think it should be rows 26-33.
A47: Regardless of whether "Y" or "N" is selected on the 'R&R Generic Detailed Budget'! Tab in Cell R8, there is no Personnel COLA applied by the formula in Year 1.
A48: In years 2 through 5, if "N" is selected on the 'R&R Generic Detailed Budget'! Tab in Cell R8, there is no Personnel COLA applied by the formula in for the Project Year.
A49: In years 2 through 5, if "Y" is selected on the 'R&R Generic Detailed Budget'! Tab in Cell R8, the Personnel COLA applied by the formula in for the Project Year, except on the
A50: current spreadsheet, if the project year is beyond 2026, the 2026 fringe benefit rate will be applied. See continued explanation below.
A52: In December of 2020, the "IF" statement compares the 1st year of the project to year 2026. If less than 2026, the logic pulls the fringe benefit rate from the table for the appropriate
A53: first year, 2021 through 2026. If more than 2026, the logic pulls the fringe benefit rate from the table for year 2026, and no increase in fringe benefit rates is included.
A54: This logic is based on (1) The budgeting spreadsheet is updated at least once per year. There will likely be no proposals which utilize this logic extending the project period
A55: into year 2027 for at least twelve months from December, 2020. For example, for a five-year project period beginning January 1, 2022, the fringe benefit rates applied will be
A56: the currently estimated fringe benefit rates from year 2026, which are estimated based on the average percent increase in rates for the three previous years. Proposal budgets
A57: with beginning project periods of July 1, 2022 will predominantly not occur until November through December of 2021, to January, 2022. Budget and Resource Planning (BRP)
A58: will again update the posted fringe benefit rates at least once again in the next twelve months, since BRP submits fringe benefit rate proposals to DHHS annually around December
A59: of each year. Therefore, the aforementioned logic in this spreadsheet should be updated at least by December 31, 2021 which will update the spreadsheet to include the new
... A68: BRP website, the rates must then be updated on this spreadsheet.
